Workbook

Sheet WINTER_SPRING
A1: STATUS | B1: FY22 | C1: FY23 | D1: FY24 | E1: CLOSED$ | F1: Summer | G1: Camp Code | H1: SITE | I1: Facility Name | J1: Site address | K1: Site city | L1: State | M1: Zip | N1: Email | O1: First Name | P1: Last name | Q1: Director address | R1: Director city | S1: State | T1: Zip | U1: Home # | V1: Cell # | W1: Work # | Y1: CONT | Z1: START | AA1: END | AB1: CORESPONDING DATES | AC1: CORRES. TIMES | AD1: AD | AE1: PLACED | AF1: WINTER/SPRING DATES | AG1: CONF. TIMES | AI1: 6w | AJ1: Ind/Out | AK1: Ind B/U | AL1: Rules | AM1: ER$ | AN1: PI$ | AO1: USBA Landing Page | AP1: FD Info | AQ1: CT | AR1: CS | AS1: CR | AT1: FM | AU1: FS | AW1: SITE NAME FOR SOCIAL ADS | AX1: RG | AZ1: 12.3 | PAID | BB1: 12.10 | PAID | BD1: 12.17 | PAID | BG1: 12.25 | PAID | BI1: 12.31 | PAID | BK1: 1.7 | PAID | BM1: 1.14 | PAID | BO1: 1.21 | PAID | BQ1: 1.28 | PAID
A2: B-RET | B2: 86 | C2: 150 | F2: YES | G2: USBDROS | H2: 2SP Sports Performance | J2: 29235 Stephenson Hwy | K2: Madison Heights | L2: MI | M2: 48071 | N2: metrodetroitbaseball@gmail.com | O2: Tim | P2: McEvoy | Q2: 203 Dewey St. | R2: Royal Oak | S2: MI | T2: 48067 | V2: 313-378-8457 | Z2: 407 | AA2: 428 | AD2: X | AF2: Sundays: Apr. 7, 14, 21, 28 | AG2: 9:30am-2pm | AJ2: INDOOR | AM2: 139 | AN2: 149 | AO2: https://usbaseballacademy.com/detroit-royal-oak-baseball-camp/ | AQ2: 2 | AR2: 45264 | AT2: X | AU2: X | AV2: | | AW2: 2SP Sports Performance | AX2: 5 | AY2: | | BA2: | | BB2: 56 | BC2: | | BD2: 60 | BE2: | | BF2: =BD2-BB2 -> 4 | BG2: 67 | BH2: | | BI2: 73 | BJ2: | | BK2: 101 | BL2: | | BM2: 105 | BN2: | | BP2: |
A3: B-RET | B3: 96 | C3: 115 | E3: X | F3: NO | G3: USBDAC | H3: Adrian College | J3: 110 South Madison St | K3: Adrian | L3: MI | M3: 49221 | N3: crainey@adrian.edu | O3: Craig | P3: Rainey | Q3: 770 Lakeshire Trail 201W | R3: Adrian | S3: MI | T3: 49221 | V3: 517-902-1986 | W3: 517-264-3977 | Z3: 114 | AA3: 204 | AD3: X | AF3: Sundays: Jan. 14, 21, 28; Feb. 4 | AG3: 10am-2:30pm | AJ3: INDOOR | AM3: 139 | AN3: 149 | AO3: https://usbaseballacademy.com/adrian-baseball-camp/ | AP3: Camp will be held in the Merillat Sport and Fitness Center on campus. | AQ3: 2 | AR3: 45261 | AS3: X | AT3: X | AU3: X | AV3: | | AW3: Adrian College | AX3: 5 | AY3: | | BA3: | | BB3: 103 | BC3: | | BD3: 114 | BE3: | | BF3: =BD3-BB3 -> 11 | BG3: 133 | BH3: | | BI3: 138 | BJ3: | | BK3: 157 | BL3: | | BM3: 169 | BN3: | | BP3: |
A4: B-RET | C4: 115 | E4: X | F4: NO | G4: USBDAT | H4: Alexandria Technical CC | I4: NorthStar Sports Complex | J4: 3888 Pioneer Road SE | K4: Alexandria | L4: MN | M4: 56308 | N4: jason.fischer@alextech.edu | O4: Jason | P4: Fischer | Q4: 1417 Lavender Ave S | R4: Sartell | S4: MN | T4: 56377 | V4: 320-282-8683 | Z4: 120 | AA4: 210 | AD4: X | AF4: Saturdays: Jan. 20, 27; Feb. 3, 10 | AG4: Noon-4:30pm | AJ4: INDOOR | AM4: 139 | AN4: 149 | AO4: https://usbaseballacademy.com/alexandria-baseball-camp/ | AQ4: 4 | AS4: X | AT4: X | AU4: X | AV4: | | AX4: 7 | AY4: | | BA4: | | BB4: 82 | BC4: | | BD4: 92 | BE4: | | BF4: =BD4-BB4 -> 10 | BG4: 97 | BH4: | | BI4: 95 | BJ4: | | BK4: 109 | BL4: | | BM4: 124 | BN4: | | BP4: |
A5: B-RET | B5: 48 | C5: 93 | E5: X | F5: NO | G5: USBDALL | H5: Alliance HS | J5: 400 Glamorgan St. | K5: Alliance | L5: OH | M5: 44601 | N5: grafficeje@alliancecityschools.org | O5: Jeff | P5: Graffice | Q5: 1540 Northwood Ave | R5: Alliance | S5: OH | T5: 44601 | V5: 330-581-3361 | Z5: 204 | AA5: 225 | AD5: X | AF5: Sundays: Feb. 4, 11, 18, 25 | AG5: Noon-4:30pm | AJ5: INDOOR | AM5: 139 | AN5: 149 | AO5: https://usbaseballacademy.com/alliance-baseball-camp/ | AP5: Camp will be held in the school gym. | AQ5: 2 | AR5: 45261 | AS5: X | AT5: X | AU5: X | AV5: | | AW5: Alliance HS | AX5: 4 | AY5: | | BA5: | | BB5: 21 | BC5: | | BD5: 27 | BE5: | | BF5: =BD5-BB5 -> 6 | BG5: 27 | BH5: | | BI5: 28 | BJ5: | | BK5: 43 | BL5: | | BM5: 52 | BN5: | | BP5: |
A6: A-NEW | D6: 72 | E6: X | F6: YES | G6: USBDAND | H6: Anderson County HS | J6: 1 Bearcat Dr | K6: Lawrenceburg | L6: KY | M6: 40342 | N6: l.barnes@anderson.kyschools.us | O6: LW | P6: Barnes | Q6: 1508 Ruddy Rd | R6: Lawrenceburg | S6: KY | T6: 40342 | V6: 502-664-7540 | Z6: 107 | AA6: 128 | AD6: X | AF6: Sundays: Jan. 7, 14, 21, 28 | AG6: 2pm-6:30pm | AJ6: INDOOR | AM6: 139 | AN6: 149 | AO6: https://usbaseballacademy.com/lawrenceburg-baseball-camp/ | AQ6: 2 | AR6: 45215 | AS6: X | AT6: X | AU6: X | AV6: | | AW6: Anderson County HS | AX6: 7 | AY6: | | BA6: | | BB6: 62 | BC6: | | BD6: 67 | BE6: | | BF6: =BD6-BB6 -> 5 | BG6: 70 | BH6: | | BI6: 75 | BJ6: | | BK6: 74 | BL6: | | BM6: 72 | BN6: | | BP6: |
A7: B-RET | B7: 110 | C7: 207 | E7: X | F7: YES | G7: USBDAR | H7: Anoka-Ramsey | J7: 11200 Mississippi Blvd NW | K7: Coon Rapids | L7: MN | M7: 55433 | N7: jason.saulsbury@anokaramsey.edu | O7: Jason | P7: Saulsbury | Q7: 13373 Lily St NW | R7: Andover | S7: MN | T7: 55304 | V7: 612-868-9101 | Z7: 203 | AA7: 224 | AF7: Sat./Sun: Feb. 3, 11, 18, 24 | AG7: 9:30am-2:00pm | AJ7: INDOOR | AM7: 139 | AN7: 149 | AO7: https://usbaseballacademy.com/coon-rapids-baseball-camp/ | AP7: Camp entry will be held at Door # 3, which is on the north side of campus. When entering, we will have a check-in desk in front of first field house. From there, we will direct participants where to go. | AV7: | | AX7: 7 | AY7: | | BA7: | | BB7: 129 | BC7: | | BD7: 145 | BE7: | | BF7: =BD7-BB7 -> 16 | BG7: 163 | BH7: | | BI7: 166 | BJ7: | | BK7: 177 | BL7: | | BM7: 180 | BN7: | | BP7: |
A8: B-RET | B8: 57 | C8: 53 | E8: X | F8: YES | G8: USBDAV | H8: Apple Valley HS | J8: 11837 Navajo Rd | K8: Apple Valley | L8: CA | M8: 92308 | N8: h2o5150@aol.com | O8: Jeff | P8: Bougher | Q8: 15310 Tuscola Rd | R8: Apple Valley | S8: CA | T8: 92307 | V8: 760-617-5993 | Z8: 106 | AA8: 127 | AD8: X | AF8: Saturdays: Jan. 6, 13, 20, 27 | AG8: 10am-2:30pm | AJ8: OUTDOOR | AM8: 159 | AN8: 179 | AO8: https://usbaseballacademy.com/apple-valley-baseball-camp/ | AP8: Entrance to the baseball field is pretty easy. It will be the only gate open. Just passed the football stadium on Navajo. They will turn left into the gate and then go straight back through the parking lot and they will see the baseball field ahead. | AQ8: 1 | AR8: 45261 | AS8: X | AT8: X | AU8: X | AV8: | | AW8: Apple Valley HS | AX8: 1 | AY8: | | BA8: | | BB8: 80 | BC8: | | BD8: 88 | BE8: | | BF8: =BD8-BB8 -> 8 | BG8: 100 | BH8: | | BI8: 103 | BJ8: | | BK8: 106 | BL8: | | BM8: 109 | BN8: | | BP8: |
A9: B-RET | C9: 72 | D9: 51 | E9: X | F9: NO | G9: USBDARC | H9: Arcadia HS | J9: 756 Raider Dr. | K9: Arcadia | L9: WI | M9: 54612 | N9: pronschinsken@arcadia.k12.wi.us | O9: Nate | P9: Pronschinske | Q9: 35433 Wayne St | R9: Independence | S9: WI | T9: 54747 | V9: 715-533-8319 | Z9: 210 | AA9: 309 | AD9: X | AF9: Saturdays: Feb. 10, 17, 24; Mar. 9 | AG9: 9am-1:30pm | AJ9: INDOOR | AL9: NO CATCHER | AM9: 139 | AN9: 149 | AO9: https://usbaseballacademy.com/arcadia-baseball-camp/ | AP9: Campers should enter from Reit Lane, and park in our main parking lot next to the Wanek Center. You should enter through the high school entrance and then go left down our hallway to the Auxiliary Gym. | AQ9: 4 | AS9: X | AT9: X | AU9: X | AV9: | | AW9: Arcadia HS | AX9: 5 | AY9: | | BA9: | | BB9: 24 | BC9: | | BD9: 27 | BE9: | | BF9: =BD9-BB9 -> 3 | BG9: 31 | BH9: | | BI9: 37 | BJ9: | | BK9: 40 | BL9: | | BM9: 47 | BN9: | | BP9: |
A10: B-RET | C10: 89 | E10: X | F10: YES | G10: USBDARH | H10: Arcata HS | J10: 1720 M St | K10: Arcata | L10: CA | M10: 95521 | N10: tghisetti@nohum.k12.ca.us | O10: Troy | P10: Ghisetti | Q10: 1251 Lonestar Dr | R10: McKinleyville | S10: CA | T10: 95519 | U10: 707-839-1299 | V10: 707-845-4846 | W10: 707-825-2400 | Z10: 218 | AA10: 310 | AD10: X | AF10: Sundays: Feb. 18, 25; Mar. 3, 10 | AG10: Noon-4:30pm | AJ10: OUTDOOR | AM10: 159 | AN10: 179 | AO10: https://usbaseballacademy.com/arcata-baseball-camp/ | AQ10: 1 | AR10: 45261 | AS10: X | AT10: X | AU10: X | AV10: | | AX10: 1 | AY10: | | BA10: | | BB10: 20 | BC10: | | BD10: 27 | BE10: | | BF10: =BD10-BB10 -> 7 | BG10: 32 | BH10: | | BI10: 41 | BJ10: | | BK10: 49 | BL10: | | BM10: 55 | BN10: | | BP10: |
A11: A-NEW | E11: X | F11: NO | G11: USBDATH | H11: Athens HS | J11: 1 High School Rd | K11: The Plains | L11: OH | M11: 45780 | N11: tnuzum@yahoo.com | O11: Todd | P11: Nuzum | V11: 740-591-6312 | Z11: 107 | AA11: 218 | AF11: Sundays: Jan. 7, 13 (PPD), 28 (M/U); Feb. 4, 18 | AG11: Noon-4:30pm (9am-1:30pm on Sat) | AJ11: INDOOR | AM11: 139 | AN11: 149 | AO11: https://usbaseballacademy.com/the-plains-baseball-camp/ | AQ11: 2 | AR11: 45252 | AT11: X | AU11: X | BB11: 30 | BD11: 41 | BF11: =BD11-BB11 -> 11 | BG11: 42 | BI11: 45 | BK11: 45 | BM11: 45
A12: B-RET | B12: X | C12: 131 | E12: X | F12: NO | G12: USBDACC | H12: Aurora Central Catholic HS | J12: 1255 Edgelawn Dr | K12: Aurora | L12: IL | M12: 60506 | N12: rswann12@att.net | O12: Rich | P12: Swann | Q12: 39W856 Midfield Dr | R12: Aurora | S12: IL | T12: 60506 | V12: 630-945-0110 | Z12: 218 | AA12: 310 | AD12: X | AF12: Sundays: Feb. 18, 25; Mar. 3, 10 | AG12: 1pm-5:30pm | AJ12: INDOOR | AM12: 139 | AN12: 149 | AO12: https://usbaseballacademy.com/aurora-baseball-camp/ | AP12: Check in will take place in the east entrance of the school. There will be a main parking lot out there as well. | AQ12: 4 | AS12: X | AT12: X | AU12: X | AV12: | | AW12: Aurora Central Catholic HS | AX12: 3 | AY12: | | BA12: | | BB12: 87 | BC12: | | BD12: 97 | BE12: | | BF12: =BD12-BB12 -> 10 | BG12: 101 | BH12: | | BI12: 104 | BJ12: | | BK12: 109 | BL12: | | BM12: 129 | BN12: | | BP12: |
A13: A-NEW | E13: X | F13: YES | G13: USBDAU | H13: Avila University | J13: 11901 Wornall Rd | K13: Kansas City | L13: MO | M13: 64145 | N13: erick.mojica@avila.edu | O13: Erick | P13: Mojica | V13: 909-238-7520 | Z13: 107 | AA13: 204 | AD13: X | AF13: Sundays: Jan. 7, 14, 21; Feb. 4 | AG13: 9am-1:30pm | AJ13: INDOOR | AM13: 139 | AN13: 149 | AO13: https://usbaseballacademy.com/kansas-city-baseball-camp/ | AQ13: 2 | AR13: 45231 | AS13: X | AT13: X | AU13: X | AX13: 2 | BB13: 22 | BD13: 28 | BF13: =BD13-BB13 -> 6 | BG13: 34 | BI13: 44 | BK13: 44 | BM13: 44
A14: A-NEW | E14: X | F14: YES | G14: USBDBBA | H14: Ballistic Baseball Academy | J14: 200 McClurg Rd | K14: Boardman | L14: OH | M14: 44512 | N14: chris.cosentino5@gmail.com | O14: Chris | P14: Cosentino | V14: 330-502-3367 | Z14: 106 | AA14: 127 | AF14: Saturdays: Jan. 6, 13, 20, 27 | AG14: Noon-4:30pm | AJ14: INDOOR | AM14: 139 | AN14: 149 | AO14: https://usbaseballacademy.com/youngstown-baseball-camp/ | AQ14: 2 | AR14: 45275 | BB14: 48 | BD14: 49 | BF14: =BD14-BB14 -> 1 | BG14: 49 | BI14: 54 | BK14: 53 | BM14: 53
A15: A-NEW | E15: X | F15: YES | G15: USBDBP | H15: Baseball Plus | J15: 400 Duffy Ave | K15: Hicksville | L15: NY | M15: 11801 | N15: thebaseballwhisperer@gmail.com | O15: Roger | P15: Mischel | V15: 347-992-1736 | Z15: 119 | AA15: 209 | AF15: Fridays: Jan. 19, 26; Feb. 2, 9 | AG15: 6pm-9pm | AJ15: INDOOR | AM15: 149 | AN15: 159 | AO15: https://usbaseballacademy.com/hicksville-baseball-camp/ | AQ15: 2 | AT15: X | BB15: 12 | BD15: 16 | BF15: =BD15-BB15 -> 4 | BG15: 20 | BI15: 26 | BK15: 38 | BM15: 56
A16: B-RET | B16: 80 | C16: 96 | E16: X | F16: NO | G16: USBDBELL | H16: Bellbrook HS | J16: 3737 Upper Bellbrook Rd | K16: Bellbrook | L16: OH | M16: 45305 | N16: jonathan.venters@gmail.com | O16: Jon | P16: Venters | Q16: 153 George Wythe Way | R16: Beavercreek | S16: OH | T16: 45434 | U16: 937-372-8427 | V16: 937-768-0219 | Z16: 114 | AA16: 204 | AD16: X | AF16: Sundays: Jan. 14, 21, 28; Feb. 4 | AG16: Noon-4:30pm | AJ16: INDOOR | AM16: 139 | AN16: 149 | AO16: https://usbaseballacademy.com/bellbrook-baseball-camp/ | AP16: Campers should enter the north doors of the school (water tower side). | AQ16: 2 | AR16: 45261 | AT16: X | AU16: X | AV16: | | AW16: Bellbrook HS | AX16: 4 | AY16: | | BA16: | | BB16: 64 | BC16: | | BD16: 67 | BE16: | | BF16: =BD16-BB16 -> 3 | BG16: 70 | BH16: | | BI16: 76 | BJ16: | | BK16: 84 | BL16: | | BM16: 102 | BN16: | | BP16: |
A17: B-RET | C17: 65 | E17: X | F17: NO | G17: USBDBC | H17: Benedict College | J17: 1703 Pinehurst Rd. | K17: Columbia | L17: SC | M17: 29204 | N17: selwyn.young@benedict.edu | O17: Selwyn | P17: Young | V17: 213-804-2456 | Z17: 121 | AA17: 211 | AD17: X | AF17: Sundays: Jan. 21, 28; Feb. 4, 11 | AG17: 1pm-5:30pm | AJ17: OUTDOOR | AM17: 139 | AN17: 149 | AO17: https://usbaseballacademy.com/columbia-sc-baseball-camp/ | AP17: From the Site Director: We will meet at the baseball field. Come to the home dugout on the first base side. My cell number is 213-804-2456 if anyone has problems. You can pull up to the baseball field and park . The cross street is Read Street, we are next to the Charlie Johnson Football Stadium on Twonotch Rd and Read St. | AQ17: 2 | AR17: 45261 | AS17: X | AT17: X | AU17: X | AV17: | | AX17: 7 | AY17: | | BA17: | | BB17: 61 | BC17: | | BD17: 71 | BE17: | | BF17: =BD17-BB17 -> 10 | BG17: 74 | BH17: | | BI17: 76 | BJ17: | | BK17: 88 | BL17: | | BM17: 102 | BN17: | | BP17: |
A18: B-RET | B18: 45 | C18: 141 | E18: X | F18: YES | G18: USBDBR | H18: Birch Run HS no facility | J18: 12450 Church St | K18: Birch Run | L18: MI | M18: 48415 | N18: mcornman75@gmail.com | O18: Mike | P18: Cornman | Q18: 12970 N. Budd Rd. | R18: Burt | S18: MI | T18: 48417 | U18: 989-928-7131 | V18: 989-213-2420 | Z18: 204 | AA18: 225 | AD18: X | AF18: Sundays: Feb. 4, 11, 18, 25 | AG18: Noon-4:30pm | AJ18: INDOOR | AM18: 139 | AN18: 149 | AO18: https://usbaseballacademy.com/birch-run-baseball-camp/ | AP18: Camp will take place is in the main gym. Check in will be just inside those doors. Once in there the main gym is there on the right hand side of the hall. Inside there I will have a short introduction to the coaches and then we will begin. | AQ18: 2 | AR18: 45261 | AT18: X | AU18: X | AV18: | | AW18: Birch Run HS | AX18: 5 | AY18: | | BA18: | | BB18: 37 | BC18: | | BD18: 37 | BE18: | | BF18: =BD18-BB18 -> 0 | BG18: 43 | BH18: | | BI18: 43 | BJ18: | | BK18: 51 | BL18: | | BM18: 57 | BN18: | | BP18: |
A19: A-NEW | E19: X | F19: NO | G19: USBDBW | H19: Booker T. Washington HS | J19: 45 Whitehouse Dr SW | K19: Atlanta | L19: GA | M19: 30314 | N19: cheron.thompson@atlanta.k12.ga.us | O19: Cheron | P19: Thompson | V19: 678-223-8207 | Z19: 114 | AA19: 204 | AD19: X | AF19: Sundays: Jan. 14, 21, 28; Feb. 4 | AG19: 11am-3:30pm | AJ19: OUTDOOR | AM19: 139 | AN19: 149 | AO19: https://usbaseballacademy.com/atlanta-baseball-camp/ | AQ19: 2 | AR19: 45243 | AT19: X | AU19: X | AX19: 6 | BB19: 24 | BD19: 11 | BF19: =BD19-BB19 -> -13 | BG19: 15 | BI19: 18 | BK19: 18 | BM19: 25
A20: A-NEW | E20: X | F20: NO | G20: USBDBUH | H20: Buckeye Union out for 2025 | J20: 901 E Eason Ave | K20: Buckeye | L20: AZ | M20: 85326 | N20: kevin.battaglia@buhsd.org | O20: Kevin | P20: Battaglia | V20: 623-269-2173 | Z20: 120 | AA20: 210 | AD20: X | AF20: Saturdays: Jan. 20, 27; Feb. 3, 10 | AG20: 9am-1:30pm | AJ20: OUTDOOR | AM20: 149 | AN20: 159 | AO20: https://usbaseballacademy.com/buckeye-baseball-camp/ | AQ20: 2 | AR20: 45231 | AT20: X | AU20: X | AV20: | | AX20: 2 | AY20: | | BA20: | | BB20: 15 | BC20: | | BD20: 16 | BE20: | | BF20: =BD20-BB20 -> 1 | BG20: 16 | BH20: | | BI20: 16 | BJ20: | | BK20: 21 | BL20: | | BM20: 21 | BN20: | | BP20: |
A21: A-NEW | E21: X | F21: NO | G21: USBDCAH | H21: Cahokia HS | J21: 800 Range Ln | K21: Cahokia | L21: IL | M21: 62206 | N21: jacksonl@cusd187.org | O21: Lamar | P21: Jackson | V21: 618-514-7369 | Z21: 224 | AA21: 316 | AD21: X | AF21: Saturdays: Feb. 24; Mar. 2, 9, 16 | AG21: 9am-1:30pm | AJ21: INDOOR | AM21: 139 | AN21: 149 | AO21: https://usbaseballacademy.com/cahokia-baseball-camp/ | AQ21: 2 | AR21: 45231 | AS21: X | AT21: X | AU21: X | AX21: 3 | BB21: 6 | BD21: 7 | BF21: =BD21-BB21 -> 1 | BG21: 7 | BI21: 7 | BK21: 6 | BM21: 12
A22: A-NEW | E22: X | F22: NO | G22: USBDCAN | H22: Cannon School | J22: 5801 Poplar Tent Rd. | K22: Concord | L22: NC | M22: 28027 | N22: mattkelly@cannonschool.org | O22: Matt | P22: Kelly | V22: 651-434-0986 | Z22: 127 | AA22: 217 | AD22: X | AF22: Saturdays: Jan. 27; Feb. 3, 10, 17 | AG22: 9am-1:30pm | AJ22: INDOOR | AM22: 139 | AN22: 149 | AO22: https://usbaseballacademy.com/concord-nc-baseball-camp/ | AQ22: 2 | AR22: 45226 | AS22: X | AT22: X | AU22: X | AV22: | | AX22: 6 | AY22: | | BA22: | | BB22: 49 | BC22: | | BD22: 49 | BE22: | | BF22: =BD22-BB22 -> 0 | BG22: 51 | BH22: | | BI22: 59 | BJ22: | | BK22: 70 | BL22: | | BM22: 99 | BN22: | | BP22: |
A23: B-RET | C23: 77 | E23: X | F23: NO | G23: USBDCSH | H23: Cantwell Sacred Heart of Mary | J23: 329 N Garfield Ave | K23: Montebello | L23: CA | M23: 90640 | N23: dsifuentes@cshm.org | O23: David | P23: Sifuentes | Q23: 2524 Hitchcock Dr | R23: Alhambra | S23: CA | T23: 91803 | V23: 626-297-3323 | Z23: 27 | AA23: 104 | AD23: X | AF23: Wed./Thur.: Dec. 27, 28; Jan. 3, 4 | AG23: 10am-2:30pm | AJ23: OUTDOOR | AM23: 159 | AN23: 179 | AO23: https://usbaseballacademy.com/los-angeles-montebello-baseball-camp/ | AP23: Parking at Cantwell will be off of Garfield next to our gym, Just enter the parking lot off of Garfield . You can park and walk over to the baseball field. My high school team will be playing a game at 10:00 am and should end around 12:30. Please meet in the bleachers by 12:45 so I can go over particulars. | AQ23: 4 | AS23: X | AT23: X | AU23: X | AV23: | | AX23: 1 | AY23: | | BA23: | | BB23: 50 | BC23: | | BD23: 57 | BE23: | | BF23: =BD23-BB23 -> 7 | BG23: 62 | BH23: | | BI23: 60 | BJ23: | | BK23: 60 | BL23: | | BM23: 60 | BN23: | | BP23: |
A24: A-NEW | E24: X | G24: USBDCS | H24: Canyon Springs HS | J24: 350 E Alexander Rd | K24: North Las Vegas | L24: NV | M24: 89032 | N24: allista@nv.ccsd.net | O24: Tremayne | P24: Allison | V24: 702-608-5231 | Z24: 121 | AA24: 218 | AD24: X | AF24: Sundays: Jan. 21, 28; Feb. 4, 18 | AG24: Noon-4:30pm | AJ24: INDOOR | AM24: 149 | AN24: 159 | AO24: https://usbaseballacademy.com/north-las-vegas-baseball-camp/ | AQ24: 2 | AR24: 45247 | AT24: X | AU24: X | BB24: 62 | BD24: 66 | BF24: =BD24-BB24 -> 4 | BG24: 70 | BI24: 73 | BK24: 84 | BM24: 103
A25: B-RET | C25: 59 | E25: X | F25: YES | G25: USBDCAP | H25: Capital HS | J25: 4851 Paseo Del Sol | K25: Santa Fe | L25: NM | M25: 87507 | N25: nisalazar@sfps.k12.nm.us | O25: Nicholas | P25: Salazar | Q25: 58 Calle Agua Clara | R25: Santa Fe | S25: NM | T25: 87508 | V25: 505-688-8651 | Z25: 113 | AA25: 203 | AD25: X | AF25: Saturdays: Jan. 13, 20, 27; Feb. 3 | AG25: Noon-4:30pm | AJ25: OUTDOOR | AM25: 139 | AN25: 149 | AO25: https://usbaseballacademy.com/santa-fe-baseball-camp/ | AP25: Parents will be able to park in the main parking lot in front of the Gym. Check in will be in Portable 4 and players will receive a name tag. The Baseball Field is behind the portables next to the Tennis Courts. | AQ25: 4 | AS25: X | AT25: X | AV25: | | AW25: Capital HS | AX25: 2 | AY25: | | BA25: | | BB25: 34 | BC25: | | BD25: 48 | BE25: | | BF25: =BD25-BB25 -> 14 | BG25: 49 | BH25: | | BI25: 61 | BJ25: | | BK25: 62 | BL25: | | BM25: 64 | BN25: | | BP25: |
A26: B-RET | B26: 115 | C26: 73 | E26: X | F26: YES | G26: USBDCR | H26: Cardinal Ritter HS | J26: 3360 W 30th St | K26: Indianapolis | L26: IN | M26: 46222 | N26: dscott@cardinalritter.org | O26: Dave | P26: Scott | Q26: 4994 Olympia Dr. | R26: Indianapolis | S26: IN | T26: 46228 | V26: 317-440-8071 | Z26: 210 | AA26: 302 | AD26: X | AF26: Saturdays: Feb. 10, 17, 24; Mar. 2 | AG26: 9am-1:30pm | AJ26: INDOOR | AM26: 139 | AN26: 149 | AO26: https://usbaseballacademy.com/cardinal-ritter-hs-indianapolis-baseball-camp/ | AP26: 1. 3360 W. 30th St. Indianapolis, IN 46222 2. The camp will be held in the gym. 3. Parents can park right outside the facility and enter through door 4. I have attached a map of the campus to help direct them.4. Parents should enter door 4 and we will have a table set up right there.6. Parents can watch instruction from the stage in the main gym.7. Parents can all meet on the court in the south east corner (Near entrance) During the opening talk, I will address if acamp has been moved to the auxiliary gym to help with traffic. | AQ26: 2 | AR26: 45261 | AS26: X | AT26: X | AU26: X | AV26: | | AW26: Cardinal Ritter HS | AX26: 3 | AY26: | | BA26: | | BB26: 36 | BC26: | | BD26: 48 | BE26: | | BF26: =BD26-BB26 -> 12 | BG26: 48 | BH26: | | BI26: 51 | BJ26: | | BK26: 64 | BL26: | | BM26: 77 | BN26: | | BP26: |
A27: A-NEW | E27: X | F27: YES | G27: USBDCAB | H27: CenCal Athletics Baseball Academy | J27: 1005 E. Pescadero Ave | K27: Tracy | L27: CA | M27: 95304 | N27: pryschuk.n@monet.k12.ca.us | O27: Nick | P27: Pryschuk | V27: 209-534-5354 | Z27: 203 | AA27: 224 | AF27: Saturdays: Feb. 3, 10, 17, 24 | AG27: 9am-1:30pm | AJ27: INDOOR | AM27: 159 | AN27: 169 | AO27: https://usbaseballacademy.com/tracy-baseball-camp/ | AQ27: 4 | AT27: X | AU27: X | BB27: 0 | BD27: 0 | BF27: =BD27-BB27 -> 0 | BG27: 2 | BI27: 2 | BK27: 6 | BM27: 10
A28: B-RET | B28: 81 | C28: 91 | E28: X | F28: NO | G28: USBDCEN | H28: Center HS | J28: 3111 Center Court Lane | K28: Antelope | L28: CA | M28: 95843 | N28: jaw@centerusd.org | O28: Jeff | P28: Wise | Q28: 1953 Ambridge Dr. | R28: Roseville | S28: CA | T28: 95747 | V28: 916-547-7733 | Z28: 107 | AA28: 128 | AD28: X | AF28: Sundays: Jan. 7, 14, 21, 28 | AG28: 10am-2:30pm | AJ28: INDOOR | AM28: 159 | AN28: 179 | AO28: https://usbaseballacademy.com/sacramento-roseville-baseball-camp/ | AQ28: 1 | AR28: 45261 | AS28: X | AT28: X | AU28: X | AV28: | | AW28: Center HS | AX28: 1 | AY28: | | BA28: | | BB28: 79 | BC28: | | BD28: 82 | BE28: | | BF28: =BD28-BB28 -> 3 | BG28: 91 | BH28: | | BI28: 96 | BJ28: | | BK28: 112 | BL28: | | BM28: 109 | BN28: | | BP28: |
A29: A-NEW | E29: X | F29: YES | G29: USBDCG | H29: Central Gwinnett HS | J29: 564 W. Crogan St. | K29: Lawrenceville | L29: GA | M29: 30046 | N29: karl.craig@gcpsk12.org | O29: Karl | P29: Craig | Q29: 3657 Talon View Ct. | R29: Auburn | S29: GA | T29: 30011 | V29: 678-349-1321 | Z29: 107 | AA29: 128 | AD29: X | AF29: Sundays: Jan. 7, 14, 21, 28 | AG29: Noon-4:30pm | AJ29: OUTDOOR | AM29: 139 | AN29: 149 | AO29: https://usbaseballacademy.com/lawrenceville-baseball-camp/ | AQ29: 2 | AR29: 45209 | AS29: X | AT29: X | AU29: X | AV29: | | AW29: Central Gwinnett HS | AX29: 6 | AY29: | | BA29: | | BB29: 76 | BC29: | | BD29: 89 | BE29: | | BF29: =BD29-BB29 -> 13 | BG29: 92 | BH29: | | BI29: 97 | BJ29: | | BK29: 112 | BL29: | | BM29: 109 | BN29: | | BP29: |
A30: A-NEW | D30: 67 | E30: X | F30: YES | G30: USBDCSC | H30: Central HS | J30: 200 Zion Church Rd | K30: Pageland | L30: SC | M30: 29728 | N30: strickland495@yahoo.com | O30: Trent | P30: Strickland | Q30: 6401 Landsford Rd | R30: Marshville | S30: NC | T30: 28103 | V30: 843-517-3243 | Z30: 121 | AA30: 211 | AD30: X | AF30: Sundays: Jan. 21, 28; Feb. 4, 11 | AG30: Noon-4:30pm | AJ30: INDOOR | AM30: 139 | AN30: 149 | AO30: https://usbaseballacademy.com/pageland-baseball-camp/ | AQ30: 2 | AR30: 45215 | AS30: X | AT30: X | AU30: X | AV30: | | AW30: Central HS | AX30: 7 | AY30: | | BA30: | | BB30: 40 | BC30: | | BD30: 43 | BE30: | | BF30: =BD30-BB30 -> 3 | BG30: 46 | BH30: | | BI30: 53 | BJ30: | | BK30: 57 | BL30: | | BM30: 65 | BN30: | | BP30: |
A31: B-RET | C31: 215 | E31: X | F31: YES | G31: USBDCC | H31: Chemeketa CC | J31: 4000 Lancaster Dr. NE | K31: Salem | L31: OR | M31: 97305 | N31: gmoser1@chemeketa.edu | O31: Gerhett | P31: Moser | Q31: 4 Bolivar St | R31: Lake Oswego | S31: OR | T31: 97035 | V31: 503-803-5656 | Z31: 114 | AA31: 204 | AD31: X | AF31: Sundays: Jan. 14, 20 (Sat.); Feb. 11, 18 | AG31: Noon-4:30pm | AJ31: INDOOR | AM31: 139 | AN31: 149 | AO31: https://usbaseballacademy.com/salem-oregon-baseball-camp/ | AQ31: 4 | AS31: X | AT31: X | AU31: X | AV31: | | AW31: Chemeketa CC | AX31: 2 | AY31: | | BA31: | | BB31: 133 | BC31: | | BD31: 137 | BE31: | | BF31: =BD31-BB31 -> 4 | BG31: 148 | BH31: | | BI31: 164 | BJ31: | | BK31: 190 | BL31: | | BM31: 192 | BN31: | | BP31: |
A32: B-RET | C32: 134 | E32: X | F32: NO | G32: USBDCHC | H32: Chillicothe HS | I32: Cavalier Athletic Center | J32: 1245 Western Ave | K32: Chillicothe | L32: OH | M32: 45601 | N32: thomasjbarr@gmail.com | O32: Tom | P32: Barr | Q32: 13299 Marietta Rd | R32: Kingston | S32: OH | T32: 45644 | V32: 740-703-1184 | Z32: 107 | AA32: 128 | AD32: X | AF32: Sundays: Jan. 7, 14, 21, 28 | AG32: 9am-1:30pm | AJ32: INDOOR | AM32: 139 | AN32: 149 | AO32: https://usbaseballacademy.com/chillicothe-baseball-camp/ | AQ32: 4 | AS32: X | AT32: X | AU32: X | AV32: | | AW32: Chillicothe HS | AX32: 4 | AY32: | | BA32: | | BB32: 101 | BC32: | | BD32: 99 | BE32: | | BF32: =BD32-BB32 -> -2 | BG32: 104 | BH32: | | BI32: 111 | BJ32: | | BK32: 123 | BL32: | | BM32: 126 | BN32: | | BP32: |
A33: A-NEW | B33: 72 | C33: 92 | E33: X | F33: NO | G33: USBDCHU | H33: Chugiak HS | J33: 16525 S. Birchwood Loop Rd. | K33: Chugiak | L33: AK | M33: 99567 | N33: joe.fitka@yahoo.com | O33: Joe | P33: Fitka | Q33: 6339 Air Guard Rd | R33: Anchorage | S33: AK | T33: 99502 | V33: 907-306-8570 | Z33: 107 | AA33: 128 | AD33: X | AF33: Sundays: Jan. 7, 14, 21, 28 | AG33: 9am-1:30pm | AJ33: INDOOR | AM33: 139 | AN33: 149 | AO33: https://usbaseballacademy.com/anchorage-baseball-camp/ | AQ33: 2 | AR33: 45275 | AT33: X | AU33: X | AV33: | | AW33: Chugiak HS | AX33: 2 | AY33: | | BA33: | | BB33: 125 | BC33: | | BD33: 127 | BE33: | | BF33: =BD33-BB33 -> 2 | BG33: 124 | BH33: | | BI33: 142 | BJ33: | | BK33: 144 | BL33: | | BM33: 148 | BN33: | | BP33: |
A34: B-RET | C34: 215 | E34: X | F34: YES | G34: USBDCL | H34: Claremont HS | J34: 1601 N Indian Hill Blvd | K34: Claremont | L34: CA | M34: 91711 | N34: andrew.smith@chaffey.edu | O34: Andy | P34: Smith | Q34: 2771 N Garey Ave Unit 181 | R34: Pomano | S34: CA | T34: 91767 | V34: 702-523-1578 | Z34: 121 | AA34: 211 | AD34: X | AF34: Sundays: Jan. 21, 28; Feb. 4, 11 | AG34: 9am-1:30pm | AJ34: OUTDOOR | AM34: 159 | AN34: 179 | AO34: https://usbaseballacademy.com/claremont-baseball-camp/ | AQ34: 1 | AR34: 45261 | AS34: X | AT34: X | AU34: X | AV34: | | AX34: 1 | AY34: | | BA34: | | BB34: 113 | BC34: | | BD34: 133 | BE34: | | BF34: =BD34-BB34 -> 20 | BG34: 141 | BH34: | | BI34: 162 | BJ34: | | BK34: 171 | BL34: | | BM34: 199 | BN34: | | BP34: |
A35: A-NEW | E35: X | F35: YES | G35: USBDCA | H35: Coastal Alabama CC South | J35: 1900 US Hwy 31 | K35: Bay Minette | L35: AL | M35: 36507 | N35: jd.pruitt@coastalalabama.edu | O35: JD | P35: Pruitt | Q35: 10526 Brodick Loop | R35: Spanish Fort | S35: AL | T35: 36527 | V35: 334-714-7994 | Z35: 113 | AA35: 121 | AD35: X | AF35: Sat./Sun.: Jan. 13, 14, 20, 21 | AG35: 9am-1:30pm | AJ35: OUTDOOR | AM35: 139 | AN35: 149 | AO35: https://usbaseballacademy.com/bay-minette-baseball-camp/ | AQ35: 2 | AR35: 45223 | AS35: X | AT35: X | AU35: X | AV35: | | AW35: Coastal Alabama CC South | AX35: 2 | AY35: | | BA35: | | BB35: 30 | BC35: | | BD35: 32 | BE35: | | BF35: =BD35-BB35 -> 2 | BG35: 35 | BH35: | | BI35: 40 | BJ35: | | BK35: 44 | BL35: | | BM35: 49 | BN35: | | BP35: |
A36: A-NEW | E36: X | F36: YES | G36: USBDCSS | H36: College of Saint Scholastica | J36: 1200 Kenwood Ave | K36: Duluth | L36: MN | M36: 55811 | N36: brepking@css.edu | O36: Brooks | P36: Repking | Q36: 4891 Tamarack Ln., Unit E | R36: Hermantown | S36: MN | T36: 55811 | V36: 715-470-0416 | Z36: 31 | AA36: 121 | AD36: X | AF36: Sundays: Dec. 31; Jan. 7, 14, 21 | AG36: 8:30am-1pm | AJ36: INDOOR | AM36: 139 | AN36: 149 | AO36: https://usbaseballacademy.com/duluth-baseball-camp/ | AQ36: 2 | AR36: 45231 | AS36: X | AT36: X | AU36: X | AV36: | | AX36: 7 | AY36: | | BA36: | | BB36: 44 | BC36: | | BD36: 52 | BE36: | | BF36: =BD36-BB36 -> 8 | BG36: 58 | BH36: | | BI36: 62 | BJ36: | | BK36: 60 | BL36: | | BM36: 60 | BN36: | | BP36: |
A37: A-NEW | E37: X | F37: YES | G37: USBDCD | H37: College of the Desert | J37: 43-500 Monterey Ave | K37: Palm Desert | L37: CA | M37: 92260 | N37: sdimatteo@collegeofthedesert.edu | O37: Sam | P37: Dimatteo | V37: 724-622-7682 | Z37: 303 | AA37: 324 | AD37: X | AF37: Sundays: Mar. 3, 10, 17, 24 | AG37: Noon-4:30pm | AJ37: OUTDOOR | AM37: 159 | AN37: 159 | AO37: https://usbaseballacademy.com/palm-desert-baseball-camp/ | AQ37: 1 | AR37: 45231 | AS37: X | AT37: X | AU37: X | AX37: 1 | BB37: 34 | BD37: 44 | BF37: =BD37-BB37 -> 10 | BG37: 54 | BI37: 56 | BK37: 60 | BM37: 70
A38: B-RET | B38: 92 | C38: 134 | E38: X | F38: NO | G38: USBDCU | H38: Concordia University | I38: Greenhills School | J38: 850 Greenhills Dr | K38: Ann Arbor | L38: MI | M38: 48105 | N38: zachary.johnston@cuaa.edu | O38: Zach | P38: Johnston | Q38: 4090 Geddes Rd. | R38: Ann Arbor | S38: MI | T38: 48105 | V38: 616-902-3563 | Z38: 106 | AA38: 114 | AD38: X | AF38: Sat./Sun.: Jan. 6, 7, 13, 14 | AG38: 3pm-7:30pm | AJ38: INDOOR | AM38: 139 | AN38: 149 | AO38: https://usbaseballacademy.com/ann-arbor-baseball-camp/ | AQ38: 2 | AR38: 45261 | AT38: X | AU38: X | AV38: | | AW38: Concordia University | AX38: 5 | AY38: | | BA38: | | BB38: 104 | BC38: | | BD38: 111 | BE38: | | BF38: =BD38-BB38 -> 7 | BG38: 121 | BH38: | | BI38: 124 | BJ38: | | BK38: 133 | BL38: | | BM38: 136 | BN38: | | BP38: |
A39: A-NEW | E39: X | F39: NO | G39: USBDCRO | H39: Crookston HS | J39: 402 W Fisher Ave | K39: Crookston | L39: MN | M39: 56716 | N39: benparkin@isd593.org | O39: Ben | P39: Parkin | V39: 307-203-6442 | Z39: 211 | AA39: 303 | AD39: X | AF39: Sundays: Feb. 11, 18, 25; Mar. 3 | AG39: Noon-4:30pm | AJ39: INDOOR | AM39: 139 | AN39: 149 | AO39: https://usbaseballacademy.com/crookston-baseball-camp/ | AQ39: 2 | AR39: 45243 | AS39: X | AT39: X | AU39: X | AX39: 7 | BB39: 17 | BD39: 23 | BF39: =BD39-BB39 -> 6 | BG39: 25 | BI39: 27 | BK39: 32 | BM39: 34
A40: B-RET | C40: 121 | E40: X | F40: NO | G40: USBDCRC | H40: Crown College | J40: 8700 College View Dr | K40: St. Bonifacius | L40: MN | M40: 55375 | N40: sedbrookc@crown.edu | O40: Colt | P40: Sedbrook | Q40: 17034 Rogers Rd | R40: Eden Prairie | S40: MN | T40: 55437 | V40: 952-446-4567 | Z40: 121 | AA40: 211 | AD40: X | AF40: Sundays: Jan. 21, 28; Feb. 4, 11 | AG40: 1pm-5:30pm | AJ40: INDOOR | AM40: 149 | AN40: 159 | AO40: https://usbaseballacademy.com/st-bonifacius-baseball-camp/ | AQ40: 4 | AS40: X | AT40: X | AU40: X | AV40: | | AX40: 7 | AY40: | | BA40: | | BB40: 51 | BC40: | | BD40: 51 | BE40: | | BF40: =BD40-BB40 -> 0 | BG40: 57 | BH40: | | BI40: 61 | BJ40: | | BK40: 93 | BL40: | | BM40: 118 | BN40: | | BP40: |
A41: B-RET | B41: 56 | C41: 83 | E41: X | F41: YES | G41: USBDDM | H41: Dallas Molina HS | J41: 2355 Duncanville Rd | K41: Dallas | L41: TX | M41: 75211 | N41: hensmith@dallasisd.org | O41: Henry | P41: Smith | Q41: 1002 Wabash Trail | R41: Mansfield | S41: TX | T41: 76063 | V41: 817-937-6549 | Z41: 107 | AA41: 128 | AD41: X | AF41: Sundays: Jan. 7, 14, 21, 28 | AG41: 1pm-5:30pm | AJ41: BOTH | AM41: 139 | AN41: 149 | AO41: https://usbaseballacademy.com/dallas-baseball-camp/ | AQ41: 2 | AR41: 45261 | AS41: X | AT41: X | AU41: X | AV41: | | AW41: Dallas Molina HS | AX41: 6 | AY41: | | BA41: | | BB41: 87 | BC41: | | BD41: 95 | BE41: | | BF41: =BD41-BB41 -> 8 | BG41: 102 | BH41: | | BI41: 110 | BJ41: | | BK41: 123 | BL41: | | BM41: 115 | BN41: | | BP41: |
A42: A-NEW | B42: 116 | C42: 152 | E42: X | F42: YES | G42: USBDDG | H42: Dave Griffin's Sports Complex | J42: 1200 W Main St | K42: Griffith | L42: IN | M42: 46319 | N42: david.griffin@pnw.edu | O42: Dave | P42: Griffin | Q42: 8332 Wyman Dr | R42: St. John | S42: IN | T42: 46373 | V42: 219-765-6242 | W42: 219-989-8018 | Z42: 113 | AA42: 203 | AD42: X | AF42: Saturdays: Jan. 13, 20, 27; Feb. 3 | AG42: Noon-4:30pm | AJ42: INDOOR | AM42: 149 | AN42: 159 | AO42: https://usbaseballacademy.com/hammond-baseball-camp/ | AT42: X | AU42: X | AV42: | | AW42: Hosted at Dave Griffin's Sports Complex | AX42: 3 | AY42: | | BA42: | | BB42: 65 | BC42: | | BD42: 71 | BE42: | | BF42: =BD42-BB42 -> 6 | BG42: 74 | BH42: | | BI42: 80 | BJ42: | | BK42: 88 | BL42: | | BM42: 88 | BN42: | | BP42: |
A43: B-RET | B43: 123 | C43: 157 | E43: X | F43: YES | G43: USBDDCC | H43: Delaware County Christian | J43: 462 Malin Rd | K43: Newtown Square | L43: PA | M43: 19073 | N43: jwisnewski@dccs.org | O43: Jeff | P43: Wisnewski | Q43: 545 W. Boot Rd. | R43: West Chester | S43: PA | T43: 19380 | V43: 610-357-5881 | Z43: 217 | AA43: 316 | AD43: X | AF43: Saturdays: Feb. 17, 24; Mar. 9, 16 | AG43: 11am-3:30pm | AJ43: INDOOR | AL43: no catching | AM43: 149 | AN43: 159 | AO43: https://usbaseballacademy.com/philadelphia-newtown-square-baseball-camp/ | AQ43: 2 | AR43: 45261 | AS43: X | AT43: X | AU43: X | AV43: | | AW43: Delaware County Christian School | AX43: 5 | AY43: | | BA43: | | BB43: 133 | BC43: | | BD43: 140 | BE43: | | BF43: =BD43-BB43 -> 7 | BG43: 150 | BH43: | | BI43: 159 | BJ43: | | BK43: 161 | BL43: | | BM43: 167 | BN43: | | BP43: |
A44: B-RET | C44: 97 | E44: X | F44: YES | G44: USBDDEL | H44: Delta College | J44: 1961 Delta Rd | K44: University Center | L44: MI | M44: 48710 | N44: billycork05@gmail.com | O44: Billy | P44: Cork | Q44: 1901 Bro Mor | R44: Saginaw | S44: MI | T44: 48602 | V44: 989-928-7131 | Z44: 204 | AA44: 225 | AD44: X | AF44: Sundays: Feb. 4, 11, 18, 25 | AG44: 12:30pm-5pm | AJ44: INDOOR | AM44: 139 | AN44: 149 | AO44: https://usbaseballacademy.com/university-center-baseball-camp/ | AQ44: 4 | AS44: X | AT44: X | AU44: X | AV44: | | AW44: Delta College | AX44: 5 | AY44: | | BA44: | | BB44: 33 | BC44: | | BD44: 33 | BE44: | | BF44: =BD44-BB44 -> 0 | BG44: 37 | BH44: | | BI44: 38 | BJ44: | | BK44: 48 | BL44: | | BM44: 54 | BN44: | | BP44: |
A45: A-NEW | E45: X | F45: NO | G45: USBDDH | H45: Drew HS | I45: Morton Field at the Presidio | J45: 780 Sanches St. | K45: San Francisco | L45: CA | M45: 94129 | N45: caleanderson@drewschool.org | O45: Cale | P45: Anderson | V45: 415-531-2038 | Z45: 121 | AA45: 225 | AD45: X | AF45: Sundays: Jan. 21, 28; Feb. 18, 25 | AG45: Noon-4:30pm | AJ45: OUTDOOR | AM45: 159 | AN45: 159 | AO45: https://usbaseballacademy.com/san-francisco-baseball-camp/ | AQ45: 1 | AR45: 45209 | AS45: X | AT45: X | AU45: X | AV45: | | AW45: Drew HS | AX45: 1 | AY45: | | BA45: | | BB45: 23 | BC45: | | BD45: 22 | BE45: | | BF45: =BD45-BB45 -> -1 | BG45: 22 | BH45: | | BI45: 22 | BJ45: | | BK45: 23 | BL45: | | BM45: 23 | BN45: | | BP45: |
A46: A-NEW | F46: YES | G46: USBDDUG | H46: Dugout Baseball | J46: 400 E. Wilson Bridge Rd | K46: Columbus | L46: OH | M46: 43085 | N46: brian.j.mohr13@gmail.com | O46: Brian | P46: Mohr | V46: 614-432-2423 | Z46: 407 | AA46: 428 | AD46: X | AF46: Sundays: Apr. 7, 14, 21, 28 | AG46: Noon-4:30pm | AJ46: INDOOR | AM46: 139 | AN46: 149 | AO46: https://usbaseballacademy.com/columbus-oh-baseball-camp/ | AQ46: 2 | AR46: 45243 | AT46: X | AU46: X | AX46: 4 | BB46: 5 | BD46: 10 | BF46: =BD46-BB46 -> 5 | BG46: 10 | BI46: 10 | BK46: 17 | BM46: 27
A47: B-RET | B47: 46 | C47: 118 | E47: X | F47: NO | G47: USBDEC | H47: East Central HS NLC | J47: 1 Trojan Place | K47: Saint Leon | L47: IN | M47: 47012 | N47: rreynolds@sunmandearborn.k12.in.us | O47: Bob | P47: Reynolds | Q47: 845 Gray Wolfe Lane | R47: West Harrison | S47: IN | T47: 47060 | V47: 812-498-3542 | W47: 812-576-4811 | Z47: 211 | AA47: 303 | AD47: X | AF47: Sundays: Feb. 11, 18, 25; Mar. 3 | AG47: Noon-4:30pm | AJ47: INDOOR | AM47: 139 | AN47: 149 | AO47: https://usbaseballacademy.com/saint-leon-baseball-camp/ | AQ47: 2 | AR47: 45261 | AS47: X | AT47: X | AU47: X | AV47: | | AW47: East Central HS | AX47: 3 | AY47: | | BA47: | | BB47: 56 | BC47: | | BD47: 63 | BE47: | | BF47: =BD47-BB47 -> 7 | BG47: 77 | BH47: | | BI47: 90 | BJ47: | | BK47: 102 | BL47: | | BM47: 114 | BN47: | | BP47: |
A48: A-NEW | E48: X | F48: YES | G48: USBDED | H48: Edison HS | J48: 540 E California Ave | K48: Fresno | L48: CA | M48: 93706 | N48: pryschuk.n@monet.k12.ca.us | O48: Nick | P48: Pryschuk | V48: 209-534-5354 | Z48: 120 | AA48: 128 | AF48: Sat./Sun.: Jan. 20, 21, 27, 28 | AG48: 10am-2:30pm | AJ48: OUTDOOR | AM48: 159 | AN48: 159 | AO48: https://usbaseballacademy.com/fresno-baseball-camp/ | AQ48: 4 | AT48: X | AU48: X | BB48: 9 | BD48: 16 | BF48: =BD48-BB48 -> 7 | BG48: 16 | BI48: 23 | BK48: 30 | BM48: 39
A49: B-RET | E49: X | F49: YES | G49: USBDJOH | H49: Enochs HS | J49: 3201 Sylvan Ave | K49: Modesto | L49: CA | M49: 95355 | N49: pryschuk.n@monet.k12.ca.us | O49: Nick | P49: Pryschuk | Q49: 329 Leffler Place | R49: Turlock | S49: CA | T49: 95382 | V49: 209-534-5354 | Z49: 102 | AA49: 105 | AD49: X | AE49: X | AF49: Tues.-Fri.: Jan. 2, 3, 4, 5 | AG49: 10am-2:30pm | AJ49: OUTDOOR | AM49: 159 | AN49: 179 | AO49: https://usbaseballacademy.com/modesto-baseball-camp/ | AQ49: 4 | AT49: X | AU49: X | AV49: | | AX49: 1 | AY49: | | BA49: | | BB49: 30 | BC49: | | BD49: 40 | BE49: | | BF49: =BD49-BB49 -> 10 | BG49: 47 | BH49: | | BI49: 51 | BJ49: | | BK49: 50 | BL49: | | BM49: 50 | BN49: | | BP49: |
A50: B-RET | B50: 139 | C50: 152 | E50: X | F50: YES | G50: USBDECN1 | H50: Erie CC North | I50: Bell Center | J50: 6205 Main St | K50: Buffalo | L50: NY | M50: 14221 | N50: bauth@ecc.edu | O50: Joe | P50: Bauth | Q50: 16 Windsor Ridge Drive | R50: Lancaster | S50: NY | T50: 14086 | U50: 716-685-2291 | V50: 716-982-8618 | Z50: 113 | AA50: 217 | AD50: X | AF50: Saturdays: Jan. 13, 20, 27; Feb. 3, 10, 17 | AG50: Noon-5pm | AI50: x | AJ50: INDOOR | AM50: 149 | AN50: 159 | AO50: https://usbaseballacademy.com/buffalo-baseball-camp/ | AQ50: 2 | AR50: 45261 | AS50: X | AT50: X | AU50: X | AV50: | | AW50: Erie CC North | AX50: 4 | AY50: | | BA50: | | BB50: 103 | BC50: | | BD50: 108 | BE50: | | BF50: =BD50-BB50 -> 5 | BG50: 121 | BH50: | | BI50: 129 | BJ50: | | BK50: 136 | BL50: | | BM50: 140 | BN50: | | BP50: |
A51: B-RET | B51: N/A | C51: N/A | E51: X | F51: YES | G51: USBDECN2 | H51: Erie CC North | I51: Bell Center | J51: 6205 Main St | K51: Buffalo | L51: NY | M51: 14221 | N51: bauth@ecc.edu | O51: Joe | P51: Bauth | Q51: 16 Windsor Ridge Drive | R51: Lancaster | S51: NY | T51: 14086 | U51: 716-685-2291 | V51: 716-982-8618 | Z51: 114 | AA51: 218 | AD51: X | AF51: Sundays: Jan. 14, 21, 28; Feb. 4, 11, 18 | AG51: Noon-5pm | AI51: x | AJ51: INDOOR | AM51: 149 | AN51: 159 | AO51: https://usbaseballacademy.com/buffalo-baseball-camp/ | AQ51: 2 | AR51: 45261 | AS51: X | AT51: X | AU51: X | AV51: | | AW51: Erie CC North | AX51: 4 | AY51: | | BA51: | | BB51: 47 | BC51: | | BD51: 49 | BE51: | | BF51: =BD51-BB51 -> 2 | BG51: 51 | BH51: | | BI51: 56 | BJ51: | | BK51: 64 | BL51: | | BM51: 61 | BN51: | | BP51: |
A52: B-RET | B52: 65 | C52: 152 | E52: X | F52: YES | G52: USBDET | H52: Exeter Township HS | J52: 201 E 37th St | K52: Reading | L52: PA | M52: 19606 | N52: jmfreese@exetersd.org | O52: Justin | P52: Freese | Q52: 21 Kerr Rd. | R52: Reading | S52: PA | T52: 19606 | V52: 610-858-2491 | W52: 610-779-3060 | Z52: 114 | AA52: 204 | AD52: X | AF52: Sundays: Jan. 14, 21, 28; Feb. 4 | AG52: 9am-1:30pm | AJ52: INDOOR | AM52: 139 | AN52: 149 | AO52: https://usbaseballacademy.com/reading-baseball-camp/ | AQ52: 2 | AR52: 45261 | AS52: X | AT52: X | AU52: X | AV52: | | AW52: Exeter Township HS | AX52: 5 | AY52: | | BA52: | | BB52: 126 | BC52: | | BD52: 131 | BE52: | | BF52: =BD52-BB52 -> 5 | BG52: 139 | BH52: | | BI52: 143 | BJ52: | | BK52: 155 | BL52: | | BM52: 156 | BN52: | | BP52: |
A53: B-RET | E53: X | F53: YES | G53: USBDEHC | H53: Ezell Harding Christian School | J53: 574 Bell Rd | K53: Antioch | L53: TN | M53: 37013 | N53: margiet907615@gmail.com | O53: Andre | P53: Toliver | Q53: 2725 Cato Ridge Dr. | R53: Nashville | S53: TN | T53: 37218 | V53: 907-382-9104 | Z53: 121 | AA53: 218 | AD53: X | AF53: Sundays: Jan. 21, 28; Feb. 4, 18 | AG53: 9am-1:30pm | AJ53: INDOOR | AL53: Grades 2nd-8th | AM53: 139 | AN53: 149 | AO53: https://usbaseballacademy.com/antioch-tn-baseball-camp/ | AQ53: 2 | AR53: 45261 | AS53: X | AT53: X | AU53: X | AW53: Hosted at Ezell Harding Christian School | AX53: 7 | BB53: 36 | BD53: 41 | BF53: =BD53-BB53 -> 5 | BG53: 44 | BI53: 44 | BK53: 49 | BM53: 59
A54: B-RET | B54: 44 | C54: 86 | E54: X | F54: YES | G54: USBDFNW | H54: F.A.S.T of NW Ohio | J54: 3477 S Dixie Hwy | K54: Lima | L54: OH | M54: 45805 | N54: danielgjones17@hotmail.com | O54: Danny | P54: Jones | Q54: 822 N. Jefferson Street | R54: Lima | S54: OH | T54: 45801 | V54: 419-302-5497 | Z54: 107 | AA54: 211 | AD54: X | AF54: Sundays: Jan. 7, 14, 21, 28; Feb. 4, 11 | AG54: 9am-1pm | AI54: x | AJ54: INDOOR | AM54: 139 | AN54: 149 | AO54: https://usbaseballacademy.com/lima-baseball-camp/ | AQ54: 2 | AR54: 45261 | AS54: X | AT54: X | AU54: X | AV54: | | AW54: F.A.S.T. of NW Ohio | AX54: 4 | AY54: | | BA54: | | BB54: 79 | BC54: | | BD54: 86 | BE54: | | BF54: =BD54-BB54 -> 7 | BG54: 90 | BH54: | | BI54: 94 | BJ54: | | BK54: 106 | BL54: | | BM54: 104 | BN54: | | BP54: |
A55: A-NEW | E55: X | F55: NO | G55: USBDFC | H55: Faith Christian HS | J55: W5525 WI-67 | K55: Williams Bay | L55: WI | M55: 53191 | N55: topherrabe@gmail.com | O55: Topher | P55: Rabe | V55: 262-729-7399 | Z55: 204 | AA55: 225 | AD55: X | AF55: Sundays: Feb. 4, 11, 18, 25 | AG55: Noon-4:30pm | AJ55: INDOOR | AM55: 139 | AN55: 149 | AO55: https://usbaseballacademy.com/williams-bay-baseball-camp/ | AQ55: 2 | AR55: 45243 | AS55: X | AT55: X | AU55: X | AX55: 5 | BB55: 3 | BD55: 8 | BF55: =BD55-BB55 -> 5 | BG55: 11 | BI55: 17 | BK55: 20 | BM55: 22
A56: B-RET | B56: N/A | C56: 67 | D56: 71 | E56: X | F56: NO | G56: USBDFRM | H56: Farmington HS | J56: 1 Black Knight Dr | K56: Farmington | L56: MO | M56: 63640 | N56: lwinder@farmington.k12.mo.us | O56: Logan | P56: Winder | Q56: 38 Oak Street | R56: Farmington | S56: MO | T56: 63640 | V56: 573-747-8021 | Z56: 127 | AA56: 217 | AF56: Saturdays: Jan. 27; Feb. 3, 10, 17 | AG56: 9am-1:30pm | AJ56: INDOOR | AM56: 139 | AN56: 149 | AO56: https://usbaseballacademy.com/farmington-baseball-camp/ | AQ56: 2 | AR56: 45275 | AT56: X | AU56: X | AV56: | | AY56: | | BA56: | | BB56: 0 | BC56: | | BD56: 16 | BE56: | | BF56: =BD56-BB56 -> 16 | BG56: 25 | BH56: | | BI56: 48 | BJ56: | | BK56: 54 | BL56: | | BM56: 69 | BN56: | | BP56: |
A57: B-RET | B57: 71 | C57: 108 | E57: X | F57: YES | G57: USBDFLC | H57: Finger Lakes CC | J57: 3325 Marvin Sands Dr | K57: Canandaigua | L57: NY | M57: 14424 | N57: sean.marren@flcc.edu | O57: Sean | P57: Marren | Q57: 37 Red Post Crescent | R57: Fairport | S57: NY | T57: 14450 | U57: 585-785-1729 | V57: 585-739-8701 | Z57: 107 | AA57: 211 | AD57: X | AF57: Sundays: Jan. 7, 14; Feb. 4, 11 | AG57: 9am-1:30pm | AJ57: INDOOR | AM57: 149 | AN57: 159 | AO57: https://usbaseballacademy.com/canandaigua-baseball-camp/ | AQ57: 2 | AR57: 45261 | AT57: X | AU57: X | AV57: | | AX57: 4 | AY57: | | BA57: | | BB57: 44 | BC57: | | BD57: 48 | BE57: | | BF57: =BD57-BB57 -> 4 | BG57: 50 | BH57: | | BI57: 53 | BJ57: | | BK57: 61 | BL57: | | BM57: 61 | BN57: | | BP57: |
A58: B-RET | B58: 41 | C58: 75 | E58: X | F58: YES | G58: USBDFLH | H58: Firelands HS | I58: Firelands Middle School | J58: 10643 Vermilion Rd | K58: Oberlin | L58: OH | M58: 44074 | N58: dransom0010@gmail.com | O58: Dan | P58: Ransom | Q58: 8098 Rice Rd. | R58: Amherst | S58: OH | T58: 44011 | U58: 440-965-4255 | V58: 440-724-9036 | Z58: 121 | AA58: 211 | AD58: X | AF58: Sundays: Jan. 21, 28; Feb. 4, 11 | AG58: Noon-4:30pm | AJ58: INDOOR | AM58: 139 | AN58: 149 | AO58: https://usbaseballacademy.com/cleveland-south-amherst-baseball-camp/ | AQ58: 2 | AR58: 45261 | AS58: X | AT58: X | AU58: X | AV58: | | AX58: 4 | AY58: | | BA58: | | BB58: 61 | BC58: | | BD58: 65 | BE58: | | BF58: =BD58-BB58 -> 4 | BG58: 67 | BH58: | | BI58: 89 | BJ58: | | BK58: 95 | BL58: | | BM58: 104 | BN58: | | BP58: |
A59: B-RET | B59: 46 | C59: 63 | E59: X | F59: NO | G59: USBDFSH | H59: Firestone HS | J59: 470 Castle Blvd | K59: Akron | L59: OH | M59: 44313 | N59: jeffrygsloan@gmail.com | O59: Jeff | P59: Sloan | Q59: 1867 Larchmont Rd. | R59: Akron | S59: OH | T59: 44313 | V59: 330-329-0637 | Z59: 107 | AA59: 128 | AD59: X | AF59: Sundays: Jan. 7, 14, 21, 28 | AG59: Noon-4:30pm | AJ59: INDOOR | AM59: 139 | AN59: 149 | AO59: https://usbaseballacademy.com/akron-baseball-camp/ | AQ59: 2 | AR59: 45261 | AS59: X | AT59: X | AU59: X | AV59: | | AW59: Firestone HS | AX59: 4 | AY59: | | BA59: | | BB59: 49 | BC59: | | BD59: 52 | BE59: | | BF59: =BD59-BB59 -> 3 | BG59: 56 | BH59: | | BI59: 57 | BJ59: | | BK59: 70 | BL59: | | BM59: 73 | BN59: | | BP59: |
A60: B-RET | B60: 62 | C60: 62 | D60: 127 | E60: X | F60: YES | G60: USBDFRI | H60: Fridley HS | J60: 6000 W Moore Lake Dr | K60: Fridley | L60: MN | M60: 55432 | N60: daniel.nalepka@fridley.k12.mn.us | O60: Dan | P60: Nalepka | Q60: 426 147th Lane NE | R60: Ham Lake | S60: MN | T60: 55304 | V60: 612-669-4798 | Z60: 107 | AA60: 128 | AD60: X | AF60: Sundays: Jan. 7, 14, 21, 28 | AG60: Noon-4:30pm | AJ60: INDOOR | AM60: 139 | AN60: 149 | AO60: https://usbaseballacademy.com/fridley-baseball-camp/ | AQ60: 2 | AR60: 45261 | AT60: X | AU60: X | AV60: | | AX60: 7 | AY60: | | BA60: | | BB60: 94 | BC60: | | BD60: 98 | BE60: | | BF60: =BD60-BB60 -> 4 | BG60: 96 | BH60: | | BI60: 103 | BJ60: | | BK60: 125 | BL60: | | BM60: 129 | BN60: | | BP60: |
A61: B-RET | B61: 112 | C61: 145 | E61: X | F61: NO | G61: USBDHIN | H61: Gateway HS | J61: 1300 S Sable Blvd | K61: Aurora | L61: CO | M61: 80012 | N61: teamrocksports@gmail.com | O61: Nick | P61: Dixon | Q61: 20503 East Union Circle | R61: Aurora | S61: CO | T61: 80015 | V61: 303-944-6351 | Z61: 128 | AA61: 225 | AD61: X | AF61: Sundays: Jan. 28; Feb. 4, 18, 25 | AG61: 10am-2:30pm | AJ61: INDOOR | AM61: 149 | AN61: 159 | AO61: https://usbaseballacademy.com/denver-aurora-baseball-camp/ | AQ61: 2 | AR61: 45261 | AT61: X | AU61: X | AV61: | | AW61: Gateway HS | AX61: 2 | AY61: | | BA61: | | BB61: 97 | BC61: | | BD61: 98 | BE61: | | BF61: =BD61-BB61 -> 1 | BG61: 109 | BH61: | | BI61: 113 | BJ61: | | BK61: 118 | BL61: | | BM61: 118 | BN61: | | BP61: |
A62: B-RET | B62: 36 | C62: 75 | E62: X | F62: YES | G62: USBDGCC | H62: Genesee CC | I62: Richard Call Arena | J62: 1 College Rd | K62: Batavia | L62: NY | M62: 14020 | N62: ssherman@genesee.edu | O62: Skip | P62: Sherman | Q62: 17295 Taylor Rd. | R62: Holley | S62: NY | T62: 14470 | V62: 585-350-9397 | Z62: 203 | AA62: 302 | AD62: X | AF62: Saturdays: Feb. 3, 10, 24; Mar. 2 | AG62: 1pm-5:30pm | AJ62: INDOOR | AM62: 149 | AN62: 159 | AO62: https://usbaseballacademy.com/batavia-baseball-camp/ | AQ62: 2 | AR62: 45261 | AT62: X | AU62: X | AV62: | | AX62: 4 | AY62: | | BA62: | | BB62: 49 | BC62: | | BD62: 63 | BE62: | | BF62: =BD62-BB62 -> 14 | BG62: 67 | BH62: | | BI62: 69 | BJ62: | | BK62: 78 | BL62: | | BM62: 81 | BN62: | | BP62: |
A63: B-RET | B63: 87 | C63: 102 | D63: 143 | E63: X | F63: NO | G63: USBDGC | H63: Geneva College | J63: 3200 College Ave | K63: Beaver Falls | L63: PA | M63: 15010 | N63: awsumner@geneva.edu | O63: Alan | P63: Sumner | Q63: 123 Smith Lane | R63: Beaver Falls | S63: PA | T63: 15010 | U63: 724-847-0467 | V63: 412-974-8410 | W63: 724-847-6647 | Z63: 120 | AA63: 210 | AD63: X | AF63: Saturdays: Jan. 20, 27; Feb. 3, 10 | AG63: 8am-12:30pm | AJ63: INDOOR | AM63: 139 | AN63: 149 | AO63: https://usbaseballacademy.com/beaver-falls-baseball-camp/ | AQ63: 2 | AR63: 45261 | AS63: X | AT63: X | AU63: X | AV63: | | AW63: Geneva College | AX63: 5 | AY63: | | BA63: | | BB63: 99 | BC63: | | BD63: 106 | BE63: | | BF63: =BD63-BB63 -> 7 | BG63: 112 | BH63: | | BI63: 119 | BJ63: | | BK63: 125 | BL63: | | BM63: 140 | BN63: | | BP63: |
A64: B-RET | B64: 161 | C64: 195 | E64: X | F64: YES | G64: USBDGSC | H64: Glendale Sports Complex | J64: 2200 Fern Lane | K64: Glendale | L64: CA | M64: 91208 | N64: spiropsaltis@aol.com | O64: Spiro | P64: Psaltis | Q64: 5769 Summit Crest Dr | R64: La Canada | S64: CA | T64: 91011 | V64: 818-253-6503 | Z64: 107 | AA64: 204 | AD64: X | AF64: Sundays: Jan. 7, 14, 21; Feb. 4 | AG64: Noon-4:30pm | AJ64: OUTDOOR | AM64: 159 | AN64: 179 | AO64: https://usbaseballacademy.com/los-angeles-glendale-baseball-camp/ | AQ64: 4 | AT64: X | AU64: X | AV64: | | AW64: Hosted at Glendale Sports Complex | AX64: 1 | AY64: | | BA64: | | BB64: 108 | BC64: | | BD64: 117 | BE64: | | BF64: =BD64-BB64 -> 9 | BG64: 125 | BH64: | | BI64: 137 | BJ64: | | BK64: 143 | BL64: | | BM64: 151 | BN64: | | BP64: |
A65: B-RET | B65: 27 | C65: 35 | E65: X | F65: YES | G65: USBDGSG | H65: Golden State Grind | J65: 3500 Wilbur Ave | K65: Antioch | L65: CA | M65: 94509 | N65: billduby@gmail.com | O65: Bill | P65: Duby | Q65: 242 Valley Dr. | R65: Pleasant Hill | S65: CA | T65: 94523 | V65: 925-383-1819 | W65: 925-480-7375 | Z65: 107 | AA65: 218 | AD65: X | AF65: Sundays: Jan. 7, 14, 21, 28; Feb. 4, 18 | AG65: Noon-4pm | AI65: x | AJ65: INDOOR | AM65: 159 | AN65: 179 | AO65: https://usbaseballacademy.com/antioch-baseball-camp/ | AQ65: 1 | AR65: 45261 | AS65: X | AT65: X | AU65: X | AV65: | | AW65: Golden State Grind | AX65: 1 | AY65: | | BA65: | | BB65: 53 | BC65: | | BD65: 62 | BE65: | | BF65: =BD65-BB65 -> 9 | BG65: 62 | BH65: | | BI65: 68 | BJ65: | | BK65: 68 | BL65: | | BM65: 68 | BN65: | | BP65: |
A66: C-GD | C66: 80 | E66: X | F66: NO | G66: USBDGL | H66: Grass Lake HS | J66: 11500 Warrior Trail | K66: Grass Lake | L66: MI | M66: 49240 | N66: keith.sulen@grasslakeschools.com | O66: Keith | P66: Sulen | Q66: 1392 Heatherwood Lane | R66: Ann Arbor | S66: MI | T66: 48108 | V66: 989-327-8575 | Z66: 121 | AA66: 211 | AF66: Sundays: Jan. 21, 28; Feb. 4, 11 | AG66: 12pm-4:30pm | AJ66: INDOOR | AM66: 139 | AO66: https://usbaseballacademy.com/grass-lake-baseball-camp/ | AV66: | | AY66: | | BA66: | | BB66: 44 | BC66: | | BD66: 48 | BE66: | | BF66: =BD66-BB66 -> 4 | BG66: 48 | BH66: | | BI66: 53 | BJ66: | | BK66: 61 | BL66: | | BM66: 84 | BN66: | | BP66: |
A67: B-RET | B67: 68 | C67: 113 | D67: 112 | E67: X | F67: YES | G67: USBDGLH | H67: Gull Lake HS | J67: 7753 N 34th St | K67: Richland | L67: MI | M67: 49083 | N67: rwalters@gulllakecs.org | O67: Reggie | P67: Walters | Q67: 11073 E. CD Ave. | R67: Richland | S67: MI | T67: 49083 | V67: 269-377-3025 | Z67: 114 | AA67: 211 | AD67: X | AF67: Sundays: Jan. 14, 21; Feb. 4, 11 | AG67: Noon-4:30pm | AJ67: INDOOR | AM67: 139 | AN67: 149 | AO67: https://usbaseballacademy.com/richland-baseball-camp/ | AQ67: 2 | AR67: 45264 | AT67: X | AU67: X | AV67: | | AW67: Gull Lake HS | AX67: 5 | AY67: | | BA67: | | BB67: 64 | BC67: | | BD67: 68 | BE67: | | BF67: =BD67-BB67 -> 4 | BG67: 80 | BH67: | | BI67: 80 | BJ67: | | BK67: 86 | BL67: | | BM67: 107 | BN67: | | BP67: |
A68: B-RET | B68: 205 | C68: 218 | E68: X | F68: NO | G68: USBDHU | H68: Hamline University | J68: 1536 Hewitt Ave | K68: St Paul | L68: MN | M68: 55104 | N68: jweyandt02@hamline.edu | O68: Jim | P68: Weyandt | Q68: 1901 Jewel Drive | R68: Woodbury | S68: MN | T68: 55125 | U68: 651-523-2326 | V68: 651-307-1926 | W68: 651-523-2035 | Z68: 106 | AA68: 210 | AD68: X | AF68: Saturdays: Jan. 6, 13, 20, 27; Feb. 3, 10 | AG68: 11am-4pm | AI68: x | AJ68: INDOOR | AM68: 139 | AN68: 149 | AO68: https://usbaseballacademy.com/st-paul-baseball-camp/ | AQ68: 2 | AR68: 45264 | AS68: X | AT68: X | AU68: X | AV68: | | AW68: Hamline University | AX68: 7 | AY68: | | BA68: | | BB68: 240 | BC68: | | BD68: 255 | BE68: | | BF68: =BD68-BB68 -> 15 | BG68: 255 | BH68: | | BI68: 261 | BJ68: | | BK68: 266 | BL68: | | BM68: 267 | BN68: | | BP68: |
A69: A-NEW | E69: X | F69: YES | G69: USBDHAM | H69: Hampton HS | J69: 766 First Ave | K69: Hampton | L69: TN | M69: 37658 | N69: nickperkins@carterk12.net | O69: Nick | P69: Perkins | V69: 423-291-1701 | Z69: 210 | AA69: 302 | AD69: X | AF69: Saturdays: Feb. 10, 17, 24; Mar. 2 | AG69: 9am-1:30pm | AJ69: OUTDOOR | AM69: 139 | AN69: 149 | AO69: https://usbaseballacademy.com/hampton-baseball-camp/ | AP69: Has indoor back up | AQ69: 2 | AR69: 45223 | AS69: X | AT69: X | AU69: X | AV69: | | AW69: Hampton HS | AX69: 7 | AY69: | | BA69: | | BB69: 12 | BC69: | | BD69: 13 | BE69: | | BF69: =BD69-BB69 -> 1 | BG69: 17 | BH69: | | BI69: 17 | BJ69: | | BK69: 21 | BL69: | | BM69: 27 | BN69: | | BP69: |
A70: A-NEW | D70: 156 | E70: X | F70: YES | G70: USBDHV | H70: HIDDEN VALLEY HS | J70: 5000 Titan Trail | K70: Roanoke | L70: VA | M70: 24018 | N70: slough36@gmail.com | O70: Kevin | P70: Slough | V70: 540-353-6234 | Z70: 121 | AA70: 211 | AD70: X | AF70: Sundays: Jan. 21, 28; Feb. 4, 11 | AG70: Noon-4:30pm | AJ70: INDOOR | AM70: 139 | AN70: 149 | AO70: https://usbaseballacademy.com/roanoke-baseball-camp/ | AQ70: 2 | AR70: 45247 | AT70: X | AU70: X | BB70: 107 | BD70: 114 | BF70: =BD70-BB70 -> 7 | BG70: 121 | BI70: 128 | BK70: 142 | BM70: 160
A71: A-NEW | D71: 154 | E71: X | F71: YES | G71: USBDIC | H71: Indian Creek School | I71: Athletic Bubble (on campus) | J71: 1130 Anne Chambers Way | K71: Crownsville | L71: MD | M71: 21032 | N71: mfoster@indiancreekschool.org | O71: Matt | P71: Foster | V71: 410-402-4223 | Z71: 107 | AA71: 128 | AD71: X | AF71: Sundays: Jan. 7, 14, 21, 28 | AG71: 8:30am-1pm | AJ71: INDOOR | AM71: 139 | AN71: 149 | AO71: https://usbaseballacademy.com/crownsville-baseball-camp/ | AQ71: 2 | AR71: 45215 | AS71: X | AT71: X | AU71: X | AV71: | | AW71: Indian Creek HS | AX71: 6 | AY71: | | BA71: | | BB71: 100 | BC71: | | BD71: 117 | BE71: | | BF71: =BD71-BB71 -> 17 | BG71: 129 | BH71: | | BI71: 141 | BJ71: | | BK71: 151 | BL71: | | BM71: 154 | BN71: | | BP71: |
A72: B-RET | B72: 143 | C72: 153 | E72: X | F72: YES | G72: USBDIVC | H72: Irvine Valley College | I72: Heroes Park | J72: 25420 Jeronimo Rd | K72: Lake Forest | L72: CA | M72: 92630 | N72: alexagortsas@gmail.com | O72: Alex | P72: Agortsas | Q72: 21821 Jinetes | R72: Mission Viejo | S72: CA | T72: 92691 | U72: 949-348-9284 | V72: 949-439-7391 | Z72: 107 | AA72: 128 | AF72: Sundays: Jan. 7, 14, 21, 28 | AG72: 10am-2:30pm | AI72: x | AJ72: OUTDOOR | AL72: K-8 | AM72: 159 | AN72: 179 | AO72: https://usbaseballacademy.com/orange-county-irvine-baseball-camp/ | AQ72: 1 | AV72: | | AX72: 1 | AY72: | | BA72: | | BB72: 139 | BC72: | | BD72: 139 | BE72: | | BF72: =BD72-BB72 -> 0 | BG72: 144 | BH72: | | BI72: 155 | BJ72: | | BK72: 149 | BL72: | | BM72: 155 | BN72: | | BP72: |
A73: B-RET | C73: 73 | E73: X | F73: YES | G73: USBDJM | H73: James Monroe HS | J73: 9229 Haskell Ave | K73: North Hills | L73: CA | M73: 91343 | N73: omckora1@hotmail.com | O73: Omar | P73: Carrillo | Q73: 8427 Tobias Ave Unit 41 | R73: Panorama City | S73: CA | T73: 91402 | V73: 818-642-3511 | Z73: 113 | AA73: 203 | AD73: X | AF73: Saturdays: Jan. 13, 20, 27; Feb. 3 | AG73: 9am-1:30pm | AJ73: OUTDOOR | AM73: 159 | AN73: 179 | AO73: https://usbaseballacademy.com/north-hills-baseball-camp/ | AQ73: 4 | AS73: X | AT73: X | AU73: X | AV73: | | AW73: James Monroe HS | AX73: 1 | AY73: | | BA73: | | BB73: 54 | BC73: | | BD73: 62 | BE73: | | BF73: =BD73-BB73 -> 8 | BG73: 69 | BH73: | | BI73: 72 | BJ73: | | BK73: 76 | BL73: | | BM73: 84 | BN73: | | BP73: |
A74: A-NEW | E74: X | G74: USBDKF | H74: Kettering Fairmont HS | J74: 3301 Shroyer Rd | K74: Dayton | L74: OH | M74: 45429 | N74: matt.adams@ketteringschools.org | O74: Matt | P74: Adams | V74: 937-231-2696 | Z74: 211 | AA74: 303 | AF74: Sundays: Feb. 11, 18, 25; Mar. 3 | AG74: 11am-3:30pm | AJ74: INDOOR | AM74: 139 | AN74: 149 | AO74: https://usbaseballacademy.com/dayton-baseball-camp/ | AQ74: 2 | AR74: 45275 | BB74: 0 | BD74: 4 | BF74: =BD74-BB74 -> 4 | BG74: 9 | BI74: 16 | BK74: 21 | BM74: 40
A75: A-NEW | E75: X | F75: YES | G75: USBDKH | H75: Kuna HS | J75: 637 E. Deer Flat Rd | K75: Kuna | L75: ID | M75: 83634 | N75: dgbouvier@kunaschools.org | O75: Dominic | P75: Bouvier | Q75: 1144 E. Winding Creek Dr | R75: Eagle | S75: ID | T75: 83616 | V75: 208-899-1080 | Z75: 114 | AA75: 204 | AF75: Sundays: Jan. 7 (PPD), 14, 21, 28; Feb. 4 (M/U) | AG75: 9am-1:30pm | AJ75: INDOOR | AM75: 139 | AN75: 149 | AO75: https://usbaseballacademy.com/kuna-baseball-camp/ | AQ75: 2 | AR75: 45209 | AS75: X | AT75: X | AU75: X | AV75: | | AW75: Kuna HS | AX75: 2 | AY75: | | BA75: | | BB75: 47 | BC75: | | BD75: 58 | BE75: | | BF75: =BD75-BB75 -> 11 | BG75: 76 | BH75: | | BI75: 81 | BJ75: | | BK75: 83 | BL75: | | BM75: 87 | BN75: | | BP75: |
A76: B-RET | B76: 73 | C76: 116 | E76: X | F76: NO | G76: USBDLLU | H76: Lakeland University | J76: W3718 SOUTH DR | K76: Plymouth | L76: WI | M76: 53073 | N76: postkr@lakeland.edu | O76: Kevin | P76: Post | S76: WI | V76: 563-880-2937 | Z76: 127 | AA76: 217 | AD76: X | AF76: Saturdays: Jan. 27; Feb. 3, 10, 17 | AG76: 1pm-5:30pm | AJ76: INDOOR | AM76: 139 | AN76: 149 | AO76: https://usbaseballacademy.com/plymouth-wisconsin-baseball-camp/ | AQ76: 2 | AR76: 45264 | AS76: X | AT76: X | AU76: X | AV76: | | AX76: 5 | AY76: | | BA76: | | BB76: 48 | BC76: | | BD76: 51 | BE76: | | BF76: =BD76-BB76 -> 3 | BG76: 54 | BH76: | | BI76: 64 | BJ76: | | BK76: 68 | BL76: | | BM76: 76 | BN76: | | BP76: |
A77: B-RET | C77: 63 | D77: 122 | E77: X | F77: YES | G77: USBDLS | H77: Lakeside HS | J77: 32593 Riverside Dr | K77: Lake Elsinore | L77: CA | M77: 92530 | N77: casey.flannery@leusd.k12.ca.us | O77: Casey | P77: Flannery | Q77: 27286 Lasso Way | R77: Corona | S77: CA | T77: 92883 | V77: 951-566-6240 | Z77: 107 | AA77: 204 | AD77: X | AF77: Sundays: Jan. 7, 21, 28; Feb. 4 | AG77: 10am-2:30pm | AJ77: OUTDOOR | AM77: 159 | AN77: 179 | AO77: https://usbaseballacademy.com/lake-elsinore-baseball-camp/ | AQ77: 1 | AR77: 45264 | AT77: X | AU77: X | AV77: | | AX77: 1 | AY77: | | BA77: | | BB77: 70 | BC77: | | BD77: 87 | BE77: | | BF77: =BD77-BB77 -> 17 | BG77: 90 | BH77: | | BI77: 98 | BJ77: | | BK77: 114 | BL77: | | BM77: 122 | BN77: | | BP77: |
A78: A-NEW | E78: X | F78: NO | G78: USBDLB | H78: Langan Sports | J78: 165 Amboy Rd Suite 302C | K78: Morganville | L78: NJ | M78: 7751 | N78: LanganC@felician.edu , slanganbaseball@gmail.com | O78: Chris | P78: Langan | V78: 908-461-5437 | Z78: 106 | AA78: 127 | AD78: X | AF78: Saturdays: Jan. 6, 13, 20, 27 | AG78: 3pm-7:30pm | AJ78: INDOOR | AM78: 149 | AN78: 159 | AO78: https://usbaseballacademy.com/morganville-baseball-camp/ | AQ78: 2 | AR78: 45226 | AS78: X | AT78: X | AU78: X | AV78: | | AX78: 3 | AY78: | | BA78: | | BB78: 50 | BC78: | | BD78: 49 | BE78: | | BF78: =BD78-BB78 -> -1 | BG78: 51 | BH78: | | BI78: 52 | BJ78: | | BK78: 60 | BL78: | | BM78: 60 | BN78: | | BP78: |
A79: A-NEW | E79: X | F79: NO | G79: USBDLR | H79: Liberty Ranch HS | J79: 12945 Marengo Rd | K79: Galt | L79: CA | M79: 95632 | N79: downtoearth9999@yahoo.com | O79: Jason | P79: Adversalo | V79: 916-997-1877 | Z79: 204 | AA79: 225 | AD79: X | AF79: Sundays: Feb. 4, 11, 18, 25 | AG79: Noon-4:30pm | AJ79: OUTDOOR | AM79: 159 | AN79: 159 | AO79: https://usbaseballacademy.com/galt-baseball-camp/ | AQ79: 1 | AR79: 45231 | AT79: X | AU79: X | AX79: 1 | BB79: 31 | BD79: 35 | BF79: =BD79-BB79 -> 4 | BG79: 42 | BI79: 43 | BK79: 57 | BM79: 65
A80: B-RET | C80: 150 | D80: 114 | E80: X | F80: YES | G80: USBDLB | H80: Liberty-Benton HS | J80: 9190 County Road 9 | K80: Findlay | L80: OH | M80: 45840 | N80: mrader@liberty-benton.org | O80: Matt | P80: Rader | Q80: 9056 TR 45 | R80: Findlay | S80: OH | T80: 45840 | V80: 419-306-8958 | W80: 419-424-5351 | Z80: 127 | AA80: 217 | AF80: Saturdays: Jan. 27; Feb. 3, 10, 17 | AG80: 9am-1:30pm | AJ80: INDOOR | AM80: 139 | AN80: 149 | AO80: https://usbaseballacademy.com/findlay-baseball-camp/ | AQ80: 4 | AS80: X | AT80: X | AU80: X | AV80: | | AX80: 4 | AY80: | | BA80: | | BB80: 53 | BC80: | | BD80: 61 | BE80: | | BF80: =BD80-BB80 -> 8 | BG80: 66 | BH80: | | BI80: 73 | BJ80: | | BK80: 87 | BL80: | | BM80: 100 | BN80: | | BP80: |
A81: A-NEW | E81: X | F81: YES | G81: USBDLJ | H81: Lovejoy HS | J81: 1587 McDonough Rd | K81: Hampton | L81: GA | M81: 30228 | N81: antonio.mitchell@clayton.k12.ga.us | O81: Antonio | P81: Mitchell | V81: 470-418-7663 | Z81: 121 | AA81: 211 | AD81: X | AF81: Sundays: Jan. 21, 28; Feb. 4, 11 | AG81: Noon-4:30pm | AJ81: OUTDOOR | AM81: 139 | AN81: 149 | AO81: https://usbaseballacademy.com/hampton-ga-baseball-camp/ | AQ81: 2 | AR81: 45243 | AS81: X | AT81: X | AU81: X | AX81: 6 | BB81: 34 | BD81: 39 | BF81: =BD81-BB81 -> 5 | BG81: 39 | BI81: 40 | BK81: 43 | BM81: 63
A82: B-RET | C82: 72 | E82: X | F82: YES | G82: USBDMAH | H82: Mahanoy Area HS | J82: 1 Golden Bear Dr. | K82: Mahanoy City | L82: PA | M82: 17948 | N82: kcoslett@mabears.net | O82: Kyle | P82: Coslett | Q82: 35 Trenton Ct | R82: Wilkes Barre | S82: PA | T82: 18702 | V82: 570-239-4333 | Z82: 217 | AA82: 310 | AF82: Saturdays: Feb. 17, 24; Mar. 2, 10 (Sun.) | AG82: 11am-3:30pm | AJ82: INDOOR | AM82: 139 | AN82: 149 | AO82: https://usbaseballacademy.com/mahanoy-city-baseball-camp/ | AQ82: 4 | AV82: | | AX82: 5 | AY82: | | BA82: | | BB82: 12 | BC82: | | BD82: 14 | BE82: | | BF82: =BD82-BB82 -> 2 | BG82: 17 | BH82: | | BI82: 17 | BJ82: | | BK82: 22 | BL82: | | BM82: 40 | BN82: | | BP82: |
A83: A-NEW | E83: X | F83: NO | G83: USBDMAN | H83: Manning HS | J83: 2155 Paxville Hwy | K83: Manning | L83: SC | M83: 29102 | N83: raymond.gibbs@clarendoncsd.org | O83: Ray | P83: Gibbs | Q83: 6987 Tobias Rd | R83: Manning | S83: SC | T83: 29102 | V83: 803-825-1440 | Z83: 127 | AA83: 217 | AD83: X | AF83: Saturdays: Jan. 27; Feb. 3, 10, 17 | AG83: 10am-2:30pm | AJ83: OUTDOOR | AM83: 139 | AN83: 149 | AO83: https://usbaseballacademy.com/manning-baseball-camp/ | AQ83: 2 | AR83: 45231 | AS83: X | AT83: X | AU83: X | AX83: 7 | BB83: 9 | BD83: 20 | BF83: =BD83-BB83 -> 11 | BG83: 27 | BI83: 27 | BK83: 29 | BM83: 30
A84: A-NEW | D84: 87 | E84: X | F84: YES | G84: USBDMC | H84: McCollum HS | J84: 500 W Formosa Blvd | K84: San Antonio | L84: TX | M84: 78221 | N84: ivan.mason@myhisd.net | O84: Ivan | P84: Mason | V84: 210-268-9964 | Z84: 121 | AA84: 211 | AD84: X | AF84: Sundays: Jan. 21, 28; Feb. 4, 11 | AG84: Noon-4:30pm | AJ84: OUTDOOR | AM84: 139 | AN84: 149 | AO84: https://usbaseballacademy.com/san-antonio-baseball-camp/ | AQ84: 2 | AR84: 45247 | AS84: X | AT84: X | AU84: X | BB84: 18 | BD84: 27 | BF84: =BD84-BB84 -> 9 | BG84: 29 | BI84: 38 | BK84: 41 | BM84: 63
A85: B-RET | B85: 49 | C85: 112 | E85: X | F85: YES | G85: USBDMP | H85: Mercyhurst Prep HS | J85: 538 E Grandview Blvd | K85: Erie | L85: PA | M85: 16504 | N85: durk18@velocity.net | O85: Randy | P85: Durkoske | Q85: 1026 W. 33rd St. | R85: Erie | S85: PA | T85: 16508 | U85: 814-866-6164 | V85: 814-860-4285 | Z85: 204 | AA85: 303 | AD85: X | AF85: Sundays: Feb. 4, 18, 25; Mar. 3 | AG85: Noon-4:30pm | AJ85: INDOOR | AM85: 139 | AN85: 149 | AO85: https://usbaseballacademy.com/erie-baseball-camp/ | AQ85: 2 | AR85: 45264 | AT85: X | AU85: X | AV85: | | AW85: Mercyhurst Prep HS | AX85: 5 | AY85: | | BA85: | | BB85: 28 | BC85: | | BD85: 33 | BE85: | | BF85: =BD85-BB85 -> 5 | BG85: 35 | BH85: | | BI85: 38 | BJ85: | | BK85: 41 | BL85: | | BM85: 64 | BN85: | | BP85: |
A86: B-RET | B86: 89 | C86: 158 | E86: X | F86: YES | G86: USBDMES | H86: Mesa CC | J86: 1833 W Southern | K86: Mesa | L86: AZ | M86: 85202 | N86: tcirelli@mesacc.edu | O86: Tony | P86: Cirelli | Q86: 8348 E. Columbus Ave | R86: Scottsdale | S86: AZ | T86: 85251 | V86: 480-296-8959 | W86: 480-461-7562 | Z86: 114 | AA86: 204 | AD86: X | AF86: Sundays: Jan. 14, 21, 28; Feb. 4 | AG86: 10am-2:30pm | AJ86: OUTDOOR | AM86: 149 | AN86: 159 | AO86: https://usbaseballacademy.com/mesa-baseball-camp/ | AQ86: 2 | AR86: 45264 | AT86: X | AU86: X | AV86: | | AW86: Mesa CC | AX86: 2 | AY86: | | BA86: | | BB86: 127 | BC86: | | BD86: 131 | BE86: | | BF86: =BD86-BB86 -> 4 | BG86: 137 | BH86: | | BI86: 146 | BJ86: | | BK86: 154 | BL86: | | BM86: 162 | BN86: | | BP86: |
A87: B-RET | C87: 86 | E87: X | F87: NO | G87: USBDMI | H87: Milano HS | J87: 600 N 6th St | K87: Milano | L87: TX | M87: 76556 | N87: cmarshall@milanoisd.net | O87: Connor | P87: Marshall | Q87: 3708D Forestwood Dr | R87: Bryan | S87: TX | T87: 77801 | V87: 832-266-8091 | Z87: 121 | AA87: 211 | AF87: Sundays: Jan. 21, 28; Feb. 4, 11 | AG87: Noon-4:30pm | AJ87: OUTDOOR | AL87: No MHS or MHJS players | AM87: 139 | AN87: 149 | AO87: https://usbaseballacademy.com/milano-baseball-camp/ | AQ87: 4 | AS87: X | AT87: X | AU87: X | AV87: | | AW87: Milano HS | AX87: 6 | AY87: | | BA87: | | BB87: 20 | BC87: | | BD87: 20 | BE87: | | BF87: =BD87-BB87 -> 0 | BG87: 20 | BH87: | | BI87: 20 | BJ87: | | BK87: 24 | BL87: | | BM87: 24 | BN87: | | BP87: |
A88: B-RET | C88: 127 | E88: X | F88: X | G88: USBDMSU | H88: Minot State University | J88: 500 University Ave W | K88: Minot | L88: ND | M88: 58707 | N88: daniel.duarte@minotstateu.edu | O88: Daniel | P88: Duarte | V88: 530-605-8220 | Z88: 114 | AA88: 204 | AD88: X | AF88: Sundays: Jan. 14, 21, 28; Feb. 4 | AG88: 2:30pm-7pm | AJ88: INDOOR | AM88: 139 | AN88: 149 | AO88: https://usbaseballacademy.com/minot-baseball-camp/ | AQ88: 2 | AR88: 45264 | AS88: X | AT88: X | AU88: X | AV88: | | AW88: Minot State University | AX88: 2 | AY88: | | BA88: | | BB88: 88 | BC88: | | BD88: 105 | BE88: | | BF88: =BD88-BB88 -> 17 | BG88: 114 | BH88: | | BI88: 124 | BJ88: | | BK88: 127 | BL88: | | BM88: 134 | BN88: | | BP88: |
A89: B-RET | B89: 15 | C89: 31 | E89: X | F89: NO | G89: USBDMBA | H89: Morse Baseball Academy | J89: 474 Stanford Ave | K89: Danville | L89: KY | M89: 40422 | N89: tpbmorse@yahoo.com | O89: Paul | P89: Morse | Q89: 133 Creekside Dr. | R89: Danville | S89: KY | T89: 40422 | V89: 859-326-1131 | W89: 859-236-6009 | Z89: 114 | AA89: 204 | AD89: X | AF89: Sundays: Jan. 14, 21, 28; Feb. 4 | AG89: 1pm-5:30pm | AJ89: INDOOR | AM89: 139 | AN89: 149 | AO89: https://usbaseballacademy.com/danville-baseball-camp/ | AQ89: 2 | AR89: 45264 | AS89: X | AT89: X | AU89: X | AV89: | | AW89: Hosted at Morse Baseball Academy | AX89: 7 | AY89: | | BA89: | | BB89: 18 | BC89: | | BD89: 18 | BE89: | | BF89: =BD89-BB89 -> 0 | BG89: 18 | BH89: | | BI89: 18 | BJ89: | | BK89: 24 | BL89: | | BM89: 26 | BN89: | | BP89: |
A90: B-RET | C90: 147 | E90: X | F90: YES | G90: USBDMBC | H90: Mt. Bethel Christian Academy Upper School | J90: 2509 Post Oak Tritt Rd | K90: Marietta | L90: GA | M90: 30062 | N90: eric.mcafee@mtbethelchristian.org | O90: Eric | P90: McAfee | Q90: 310 Knotts Circle | R90: Woodstock | S90: GA | T90: 30188 | V90: 770-905-7772 | Z90: 121 | AA90: 218 | AD90: X | AF90: Sundays: Jan. 21, 28; Feb. 4, 18 | AG90: 1pm-5:30pm | AJ90: OUTDOOR | AM90: 139 | AN90: 149 | AO90: https://usbaseballacademy.com/marietta-baseball-camp/ | AQ90: 4 | AS90: X | AT90: X | AU90: X | AV90: | | AX90: 6 | AY90: | | BA90: | | BB90: 89 | BC90: | | BD90: 91 | BE90: | | BF90: =BD90-BB90 -> 2 | BG90: 94 | BH90: | | BI90: 117 | BJ90: | | BK90: 127 | BL90: | | BM90: 147 | BN90: | | BP90: |
A91: B-RET | C91: 112 | D91: 64 | E91: X | F91: NO | G91: USBDMUS | H91: Muskegon CC | J91: 221 S Quarterline Rd | K91: Muskegon | L91: MI | M91: 49442 | N91: brian.houts@muskegoncc.edu | O91: Brian | P91: Houts | Q91: 15779 River Run Dr | R91: Spring Lake | S91: MI | T91: 49456 | V91: 616-808-8045 | Z91: 114 | AA91: 204 | AD91: X | AF91: Sundays: Jan. 14, 21, 28; Feb. 4 | AG91: 11am-3:30pm | AJ91: INDOOR | AM91: 139 | AN91: 149 | AO91: https://usbaseballacademy.com/muskegon-baseball-camp/ | AQ91: 4 | AS91: X | AT91: X | AU91: X | AV91: | | AW91: Muskegon CC | AX91: 5 | AY91: | | BA91: | | BB91: 28 | BC91: | | BD91: 39 | BE91: | | BF91: =BD91-BB91 -> 11 | BG91: 40 | BH91: | | BI91: 49 | BJ91: | | BK91: 56 | BL91: | | BM91: 59 | BN91: | | BP91: |
A92: A-NEW | B92: 30 | C92: 136 | E92: X | F92: NO | G92: USBDNRB | H92: Nate Roe Baseball Academy | J92: 1001 Lincoln Blvd Suite C | K92: Middlesex | L92: NJ | M92: 08846 | N92: info@nateroebaseball.com | O92: Nate | P92: Roe | V92: 908-591-7286 | W92: 908-795-2393 | Z92: 113 | AA92: 203 | AD92: X | AF92: Saturdays: Jan. 6 (PPD), 13, 20, 27; Feb. 3 (M/U) | AG92: Noon-4:30pm | AJ92: INDOOR | AM92: 139 | AN92: 149 | AO92: https://usbaseballacademy.com/middlesex-baseball-camp/ | AQ92: 2 | AR92: 45209 | AS92: X | AT92: X | AU92: X | AV92: | | AW92: Hosted at Nate Roe Baseball Academy | AX92: 3 | AY92: | | BA92: | | BB92: 52 | BC92: | | BD92: 51 | BE92: | | BF92: =BD92-BB92 -> -1 | BG92: 59 | BH92: | | BI92: 60 | BJ92: | | BK92: 62 | BL92: | | BM92: 62 | BN92: | | BP92: |
A93: B-RET | B93: 306 | C93: 314 | E93: X | F93: NO | G93: USBDNPU | H93: North Park University | J93: 3205 W Carmen Ave | K93: Chicago | L93: IL | M93: 60625 | N93: ljohnson6@northpark.edu | O93: Luke | P93: Johnson | Q93: 830 N Washington | R93: Wheaton | S93: IL | T93: 60187 | U93: 630-728-2879 | V93: 630-728-2849 | W93: 773-244-5675 | Z93: 121 | AA93: 211 | AD93: X | AF93: Sundays: Jan. 21, 28; Feb. 4, 11 | AG93: 9am-3pm | AJ93: INDOOR | AM93: 149 | AN93: 159 | AO93: https://usbaseballacademy.com/chicago-baseball-camp/ | AQ93: 2 | AR93: 45264 | AS93: X | AT93: X | AU93: X | AV93: | | AW93: North Park University | AX93: 3 | AY93: | | BA93: | | BB93: 224 | BC93: | | BD93: 237 | BE93: | | BF93: =BD93-BB93 -> 13 | BG93: 240 | BH93: | | BI93: 244 | BJ93: | | BK93: 247 | BL93: | | BM93: 255 | BN93: | | BP93: |
A94: B-RET | B94: 79 | C94: 44 | D94: 71 | E94: X | F94: YES | G94: USBDNU | H94: Norwich University | I94: Shapiro Field House | J94: 158 Harmon Dr | K94: Northfield | L94: VT | M94: 5663 | N94: wwhaley@norwich.edu | O94: Billy | P94: Whaley | Q94: 264 Quarry Hill Rd Apt. 304 | R94: South Burlington | S94: VT | T94: 5403 | V94: 802-279-4633 | W94: 802-485-2238 | Z94: 114 | AA94: 204 | AD94: X | AF94: Sundays: Jan. 14, 21, 28; Feb. 4 | AG94: Noon-4:30pm | AJ94: INDOOR | AL94: Grades 2 up | AM94: 139 | AN94: 149 | AO94: https://usbaseballacademy.com/montpelier-northfield-baseball-camp/ | AQ94: 2 | AR94: 45264 | AS94: X | AT94: X | AU94: X | AV94: | | AW94: Norwich University | AX94: 5 | AY94: | | BA94: | | BB94: 46 | BC94: | | BD94: 48 | BE94: | | BF94: =BD94-BB94 -> 2 | BG94: 48 | BH94: | | BI94: 51 | BJ94: | | BK94: 56 | BL94: | | BM94: 68 | BN94: | | BP94: |
A95: B-RET | B95: 118 | C95: 141 | E95: X | F95: YES | G95: USBDND | H95: Notre Dame HS | J95: 3417 Church Rd | K95: Easton | L95: PA | M95: 18045 | N95: mbedics@ndcrusaders.org | O95: Mike | P95: Bedics | Q95: 1030 Oldstone Rd. | R95: Allentown | S95: PA | T95: 18103 | U95: 610-965-7908 | V95: 610-217-1065 | Z95: 107 | AA95: 128 | AD95: X | AF95: Sundays: Jan. 7, 14, 21, 28 | AG95: Noon-4:30pm | AI95: x | AJ95: INDOOR | AM95: 139 | AN95: 149 | AO95: https://usbaseballacademy.com/easton-baseball-camp/ | AQ95: 2 | AR95: 45264 | AS95: X | AT95: X | AU95: X | AV95: | | AX95: 5 | AY95: | | BA95: | | BB95: 99 | BC95: | | BD95: 107 | BE95: | | BF95: =BD95-BB95 -> 8 | BG95: 110 | BH95: | | BI95: 116 | BJ95: | | BK95: 118 | BL95: | | BM95: 121 | BN95: | | BP95: |
A96: B-RET | B96: 113 | C96: 156 | E96: X | F96: YES | G96: USBDOL | H96: Oak Lawn HS | J96: 9400 Southwest Hwy | K96: Oak Lawn | L96: IL | M96: 60453 | N96: williamgerny@gmail.com | O96: Bill | P96: Gerny | Q96: 3538 Grand Blvd | R96: Brookfield | S96: IL | T96: 60513 | V96: 708-218-5588 | W96: 708-424-5278 | Z96: 303 | AA96: 324 | AD96: X | AF96: Sundays: Mar. 3, 10, 17, 24 | AG96: 9am-1:30pm | AJ96: INDOOR | AM96: 149 | AN96: 159 | AO96: https://usbaseballacademy.com/oak-lawn-baseball-camp/ | AQ96: 2 | AR96: 45264 | AS96: X | AT96: X | AU96: X | AV96: | | AW96: Oak Lawn HS | AX96: 3 | AY96: | | BA96: | | BB96: 66 | BC96: | | BD96: 69 | BE96: | | BF96: =BD96-BB96 -> 3 | BG96: 81 | BH96: | | BI96: 86 | BJ96: | | BK96: 106 | BL96: | | BM96: 121 | BN96: | | BP96: |
A97: B-RET | B97: 89 | C97: 69 | E97: X | F97: YES | G97: USBDOH | H97: Ottawa Hills HS | J97: 2532 Evergreen Rd | K97: Toledo | L97: OH | M97: 43606 | N97: chardman@ohschools.org | O97: Chris | P97: Hardman | Q97: 2333 Manchester Rd. | R97: Toledo | S97: OH | T97: 43606 | U97: 419-885-2108 | V97: 419-410-8096 | Z97: 114 | AA97: 204 | AD97: X | AF97: Sundays: Jan. 14, 21, 28; Feb. 4 | AG97: 1pm-5:30pm | AJ97: INDOOR | AM97: 139 | AN97: 149 | AO97: https://usbaseballacademy.com/toledo-baseball-camp/ | AQ97: 2 | AR97: 45264 | AS97: X | AT97: X | AU97: X | AV97: | | AW97: Ottawa Hills HS | AX97: 4 | AY97: | | BA97: | | BB97: 57 | BC97: | | BD97: 66 | BE97: | | BF97: =BD97-BB97 -> 9 | BG97: 75 | BH97: | | BI97: 78 | BJ97: | | BK97: 90 | BL97: | | BM97: 113 | BN97: | | BP97: |
A98: B-RET | C98: 103 | E98: X | F98: NO | G98: USBDOU | H98: Otterbein University | J98: 1 S Grove St | K98: Westerville | L98: OH | M98: 43081 | N98: gpowell@otterbein.edu | O98: George | P98: Powell | Q98: 1299 Goldsmith Dr | R98: Westerville | S98: OH | T98: 43081 | V98: 614-893-3536 | Z98: 2 | AA98: 23 | AD98: X | AE98: X | AF98: Saturdays: Dec. 2, 9, 16, 23 | AG98: 9am-1:30pm | AJ98: INDOOR | AM98: 139 | AN98: 149 | AO98: https://usbaseballacademy.com/westerville-baseball-camp/ | AQ98: 2 | AR98: 45252 | AV98: | | AW98: Otterbein University | AX98: 4 | AY98: | | BA98: | | BB98: 104 | BC98: | | BD98: 101 | BE98: | | BF98: =BD98-BB98 -> -3 | BG98: 101 | BH98: | | BI98: 101 | BJ98: | | BK98: 101 | BL98: | | BM98: 101 | BN98: | | BP98: |
A99: A-NEW | E99: X | F99: NO | G99: USBDPH | H99: Paradise Honors HS | J99: 12775 N. 175th Ave | K99: Surprise | L99: AZ | M99: 85388 | N99: phhsbaseball@paradiseschools.org | O99: James | P99: Lofton | Q99: 5859 N. 187th Lane | R99: Litchfield Park | S99: AZ | T99: 85340 | V99: 623-499-1623 | Z99: 121 | AA99: 211 | AD99: X | AF99: Sundays: Jan. 21, 28; Feb. 4, 11 | AG99: Noon-4:30pm | AJ99: OUTDOOR | AM99: 149 | AN99: 159 | AO99: https://usbaseballacademy.com/surprise-baseball-camp/ | AQ99: 2 | AR99: 45209 | AS99: X | AT99: X | AU99: X | AV99: | | AW99: Paradise Honors HS | AX99: 2 | AY99: | | BA99: | | BB99: 26 | BC99: | | BD99: 29 | BE99: | | BF99: =BD99-BB99 -> 3 | BG99: 27 | BH99: | | BI99: 32 | BJ99: | | BK99: 33 | BL99: | | BM99: 41 | BN99: | | BP99: |
A100: B-RET | C100: 67 | E100: X | F100: YES | G100: USBDPKS | H100: Perkiomen School | J100: 200 Seminary St | K100: Pennsburg | L100: PA | M100: 18073 | N100: kbaker@perkiomen.org | O100: Ken | P100: Baker | Q100: 196 State St | R100: East Greenville | S100: PA | T100: 19041 | V100: 267-909-0361 | Z100: 114 | AA100: 211 | AD100: X | AF100: Sundays: Jan. 14, 21; Feb. 4, 11 | AG100: 8:30AM-1PM | AJ100: INDOOR | AM100: 139 | AN100: 149 | AO100: https://usbaseballacademy.com/pennsburg-baseball-camp/ | AQ100: 4 | AS100: X | AT100: X | AU100: X | AV100: | | AX100: 5 | AY100: | | BA100: | | BB100: 126 | BC100: | | BD100: 130 | BE100: | | BF100: =BD100-BB100 -> 4 | BG100: 136 | BH100: | | BI100: 141 | BJ100: | | BK100: 150 | BL100: | | BM100: 176 | BN100: | | BP100: |
...

Sheet SOFTBALL
A1: STATUS | B1: FY22 | C1: FY23 | D1: Camp Code | E1: SITE | F1: HELD @ | G1: Site address | H1: Site city | I1: State | J1: Zip | K1: Email | L1: First Name | M1: Last name | N1: Director address | O1: Director city | P1: State | Q1: Zip | R1: Home # | S1: Cell # | T1: Work # | U1: CLOSED$ | V1: CONT | W1: START | X1: END | Y1: CORESPONDING DATES | Z1: CORRES. TIMES | AA1: WINTER/SPRING DATES | AB1: CONF. TIMES | AD1: 6w | AE1: Ind/Out | AF1: Ind B/U | AG1: Rules | AH1: ER$ | AI1: USSA Landing Page | AJ1: USBA Landing Page | AK1: CT | AL1: CS | AM1: CR | AN1: FM | AO1: FS | AQ1: 12.3 | PAID | AS1: 12.10 | PAID | AU1: 12.17 | PAID | AX1: 12.25 | PAID | AZ1: 12.31 | PAID | BB1: 1.7 | PAID | BD1: 1.14 | PAID | BF1: 1.21 | PAID | BH1: 1.28 | PAID
A2: A-NEW | D2: USBDCAPS | E2: Capital HS | G2: 4851 Paseo Del Sol | H2: Santa Fe | I2: NM | J2: 87597 | K2: dennis76h@yahoo.com | L2: Dennis | M2: Hernandez | N2: 2256 Manuelito, Lane | O2: Sante Fe | P2: NM | Q2: 87507 | S2: 505-469-4010 | U2: X | W2: 113 | X2: 203 | Z2: x | AA2: Saturdays: Jan. 13, 20, 27 Feb. 3 | AB2: 9am-1:30pm | AE2: OUTDOOR | AF2: Yes | AH2: 139 | AI2: https://ussoftballacademy.net/santa-fe-softball-camp/ | AJ2: https://usbaseballacademy.com/santa-fe-softball-camp/ | AK2: 2 | AL2: 45226 | AM2: X | AN2: X | AO2: X | AP2: | | AR2: | | AS2: 13 | AT2: | | AU2: 14 | AV2: | | AW2: =AU2-AS2 -> 1 | AX2: 15 | AY2: | | AZ2: 15 | BA2: | | BB2: 25 | BC2: | | BD2: 31 | BE2: | | BG2: | | BI2: |
A3: A-NEW | D3: USBDCHS | E3: Cheltenham HS | G3: 500 Rices Mill Rd | H3: Wyncote | I3: PA | J3: 19095 | K3: belldestiny27@gmail.com | L3: Alicia | M3: Heinemann | N3: 435 4th Ave | O3: Lindenwold | P3: NJ | Q3: O8021 | S3: 267-962-4297 | U3: X | W3: 128 | X3: 225 | Z3: x | AA3: Sundays: Jan. 28; Feb. 4, 11, 25 | AB3: Noon-4:30pm | AE3: INDOOR | AH3: 139 | AI3: https://ussoftballacademy.net/wyncote-softball-camp/ | AJ3: https://usbaseballacademy.com/wyncote-softball-camp/ | AK3: 2 | AL3: 45226 | AM3: X | AN3: X | AO3: X | AP3: | | AR3: | | AS3: 50 | AT3: | | AU3: 51 | AV3: | | AW3: =AU3-AS3 -> 1 | AX3: 55 | AY3: | | AZ3: 60 | BA3: | | BB3: 74 | BC3: | | BD3: 87 | BE3: | | BG3: | | BI3: |
A4: A-NEW | D4: USBDCHAS | E4: Club House Athletics | G4: 301 Pleasant St | H4: Abbottstown | I4: PA | J4: 17301 | K4: lindseybaylor@comcast.net | L4: Lindsey | M4: Baylor | N4: 77 James Ave | O4: Littlestown | P4: PA | Q4: 17340 | S4: 410-608-3245 | U4: X | W4: 114 | X4: 204 | Z4: x | AA4: Sundays: Jan. 14, 21, 28; Feb. 4 | AB4: 8am-12:30pm | AE4: INDOOR | AH4: 139 | AI4: https://ussoftballacademy.net/abbottstown-softball-camp/ | AJ4: https://usbaseballacademy.com/abbottstown-softball-camp/ | AK4: 2 | AL4: 45226 | AM4: X | AN4: X | AO4: X | AP4: | | AR4: | | AS4: 29 | AT4: | | AU4: 28 | AV4: | | AW4: =AU4-AS4 -> -1 | AX4: 30 | AY4: | | AZ4: 29 | BA4: | | BB4: 29 | BC4: | | BD4: 30 | BE4: | | BG4: | | BI4: |
A5: A-NEW | D5: USBDCVS | E5: Crestview HS | F5: Crestview Middle School | G5: 1575 State Route 96 | H5: Ashland | I5: OH | J5: 44805 | K5: smsdurbin19@gmail.com | L5: Scott | M5: Durbin | N5: 3063 Conrad Rd | O5: Mansfield | P5: OH | Q5: 44903 | S5: 419-545-5870 | U5: X | W5: 121 | X5: 211 | Z5: x | AA5: Sundays: Jan. 21, 28; Feb. 4, 11 | AB5: 2pm-6:30pm | AE5: INDOOR | AH5: 139 | AI5: https://ussoftballacademy.net/ashland-softball-camp/ | AJ5: https://usbaseballacademy.com/ashland-softball-camp/ | AK5: 2 | AL5: 45226 | AM5: X | AN5: X | AO5: X | AP5: | | AR5: | | AS5: 15 | AT5: | | AU5: 17 | AV5: | | AW5: =AU5-AS5 -> 2 | AX5: 21 | AY5: | | AZ5: 29 | BA5: | | BB5: 44 | BC5: | | BD5: 51 | BE5: | | BG5: | | BI5: |
A6: B-RET | C6: 45 | D6: USBDDLS | E6: DeLaSalle HS | G6: One DeLaSalle Drive | H6: Minneapolis | I6: MN | J6: 55401 | K6: tom.heinecke@delasalle.com | L6: Tom | M6: Heinecke | N6: 708 5th St NE | O6: Minneapolis | P6: MN | Q6: 55413 | S6: 612-616-7673 | U6: X | W6: 114 | X6: 204 | AA6: Sundays: Jan. 14, 21, 28; Feb. 4 | AB6: 10am-2:30pm | AE6: INDOOR | AH6: 159 | AI6: https://ussoftballacademy.net/minneapolis-softball-camp/ | AJ6: https://usbaseballacademy.com/minneapolis-softball-camp/ | AK6: 2 | AN6: X | AO6: X | AP6: | | AR6: | | AS6: 34 | AT6: | | AU6: 35 | AV6: | | AW6: =AU6-AS6 -> 1 | AX6: 37 | AY6: | | AZ6: 37 | BA6: | | BB6: 41 | BC6: | | BD6: 46 | BE6: | | BG6: | | BI6: |
A7: A-NEW | D7: USBDDYS | E7: Dysart HS | G7: 11425 N Dysart Rd | H7: El Mirage | I7: AZ | J7: 85335 | K7: demian.welker@dysart.org | L7: Demian | M7: Welker | N7: 12434 N 111th Dr | O7: Youngtown | P7: AZ | Q7: 85383 | S7: 505-918-5111 | U7: X | W7: 114 | X7: 204 | Z7: x | AA7: Sundays: Jan. 7 (PPD), 14, 21, 28; Feb. 4 (M/U) | AB7: 12:30pm-5pm | AE7: OUTDOOR | AH7: 139 | AI7: https://ussoftballacademy.net/el-mirage-softball-camp/ | AJ7: https://usbaseballacademy.com/el-mirage-softball-camp/ | AK7: 2 | AL7: 45226 | AM7: X | AN7: X | AO7: X | AP7: | | AR7: | | AS7: 21 | AT7: | | AU7: 23 | AV7: | | AW7: =AU7-AS7 -> 2 | AX7: 32 | AY7: | | AZ7: 35 | BA7: | | BB7: 40 | BC7: | | BD7: 40 | BE7: | | BG7: | | BI7: |
A8: A-NEW | D8: USBDJCS | E8: Johnson Creek HS | G8: 455 Atzalan St. | H8: Johnson Creek | I8: WI | J8: 53038 | K8: loganpeot@johnsoncreekschools.org | L8: Logan | M8: Peot | N8: 215 Air Park Dr Apt 7 | O8: Watertown | P8: WI | Q8: 53094 | S8: 920-660-1761 | U8: X | W8: 107 | X8: 128 | Z8: x | AA8: Sundays: Jan. 7, 14, 21, 28 | AB8: Noon-4:30pm | AE8: INDOOR | AH8: 139 | AI8: https://ussoftballacademy.net/johnson-creek-softball-camp/ | AJ8: https://usbaseballacademy.com/johnson-creek-softball-camp/ | AK8: 2 | AL8: 45226 | AM8: X | AN8: X | AO8: X | AP8: | | AR8: | | AS8: 45 | AT8: | | AU8: 47 | AV8: | | AW8: =AU8-AS8 -> 2 | AX8: 51 | AY8: | | AZ8: 53 | BA8: | | BB8: 60 | BC8: | | BD8: 60 | BE8: | | BG8: | | BI8: |
A9: A-NEW | D9: USBDLPS | E9: Lone Peak HS | G9: 10189 N 4800 W | H9: Highland | I9: UT | J9: 84003 | K9: deemuse13@gmail.com | L9: Dee | M9: Muse | N9: 1247 N 150 W | O9: American Fork | P9: UT | Q9: 84003 | S9: 801-228-8803 | U9: X | W9: 203 | X9: 224 | Z9: x | AA9: Saturdays: Feb. 3, 10, 17, 24 | AB9: 12:30pm-5pm | AE9: INDOOR | AH9: 139 | AI9: https://ussoftballacademy.net/highland-softball-camp/ | AJ9: https://usbaseballacademy.com/highland-softball-camp/ | AK9: 2 | AL9: 45226 | AM9: X | AN9: X | AO9: X | AP9: | | AR9: | | AS9: 30 | AT9: | | AU9: 30 | AV9: | | AW9: =AU9-AS9 -> 0 | AX9: 30 | AY9: | | AZ9: 30 | BA9: | | BB9: 35 | BC9: | | BD9: 40 | BE9: | | BG9: | | BI9: |
A10: A-NEW | D10: USBDMSS | E10: Monsignor Scanlan HS | G10: 915 Hutchinson River Pkwy | H10: Bronx | I10: NY | J10: 10465 | K10: izzojr812@yahoo.com | L10: Israel | M10: Ortiz | N10: 1430 Parkchester Rd., Apt 10G | O10: Bronx | P10: NY | Q10: 10462 | S10: 347-858-8662 | U10: X | W10: 204 | X10: 225 | Z10: x | AA10: Sundays: Feb. 4, 11, 18, 25 | AB10: 3pm-7:30pm | AE10: INDOOR | AH10: 139 | AI10: https://ussoftballacademy.net/bronx-softball-camp/ | AJ10: https://usbaseballacademy.com/bronx-softball-camp/ | AK10: 2 | AL10: 45247 | AN10: X | AO10: X | AP10: | | AR10: | | AS10: 12 | AT10: | | AU10: 12 | AV10: | | AW10: =AU10-AS10 -> 0 | AX10: 12 | AY10: | | AZ10: 16 | BA10: | | BB10: 23 | BC10: | | BD10: 28 | BE10: | | BG10: | | BI10: |
A11: A-NEW | D11: USBDMUSS | E11: Muskegon CC | G11: 221 S Quarterline Rd | H11: Muskegon | I11: MI | J11: 49442 | K11: david.veihl2@muskegoncc.edu | L11: Dave | M11: Veihl | N11: 3176 Outback Dr | O11: Muskegon | P11: MI | Q11: 49444 | S11: 231-557-3111 | U11: X | W11: 127 | X11: 217 | AA11: Saturdays: Jan. 27, Feb. 3, 10, 17 | AB11: 9am-1:30pm | AE11: INDOOR | AH11: 139 | AI11: https://ussoftballacademy.net/muskegon-softball-camp/ | AJ11: https://usbaseballacademy.com/muskegon-softball-camp/ | AK11: 2 | AL11: 45261 | AN11: X | AO11: X | AS11: 2 | AU11: 2 | AW11: =AU11-AS11 -> 0 | AX11: 2 | AZ11: 2 | BB11: 11 | BD11: 13
A12: A-NEW | D12: USBDNHS | E12: North HS | G12: 34050 Glen Dr | H12: Eastlake | I12: OH | J12: 44095 | K12: peek13@sbcglobal.net | L12: Matt | M12: McPeek | N12: 38568 Fairway Glenn Blvd | O12: Willoughby | P12: OH | Q12: 44094 | S12: 440-463-2467 | U12: X | W12: 204 | X12: 225 | Z12: x | AA12: Sundays: Feb. 4, 11, 18, 25 | AB12: 9am-1:30pm | AE12: INDOOR | AH12: 139 | AI12: https://ussoftballacademy.net/eastlake-softball-camp/ | AJ12: https://usbaseballacademy.com/eastlake-softball-camp/ | AK12: 2 | AL12: 45247 | AN12: X | AO12: X | AP12: | | AR12: | | AS12: 3 | AT12: | | AU12: 11 | AV12: | | AW12: =AU12-AS12 -> 8 | AX12: 11 | AY12: | | AZ12: 13 | BA12: | | BB12: 25 | BC12: | | BD12: 36 | BE12: | | BG12: | | BI12: |
A13: B-RET | B13: 117 | C13: 148 | D13: USBDNPUS | E13: North Park University | G13: 3205 W Carmen Ave | H13: Chicago | I13: IL | J13: 60625 | K13: kanderson5@northpark.edu | L13: Katie | M13: Anderson | N13: 6875 N Northwest HWY 2 C | O13: Chicago | P13: IL | Q13: 60631 | S13: 847-840-7765 | U13: X | W13: 218 | X13: 317 | AA13: Sundays: Feb. 18, 25; Mar. 3, 17 | AB13: 9am-1:30pm | AE13: INDOOR | AI13: https://ussoftballacademy.net/chicago-softball-camp/ | AJ13: https://usbaseballacademy.com/chicago-softball-camp/ | AK13: 2 | AN13: X | AO13: X | AS13: 125 | AU13: 134 | AW13: =AU13-AS13 -> 9 | AX13: 137 | AZ13: 153 | BB13: 165 | BD13: 182
A14: A-NEW | D14: USBDROYS | E14: Royal HS | G14: 34499 Royal Rd. | H14: Brookshire | I14: TX | J14: 77423 | K14: arusso@royal-isd.net | L14: Alicia | M14: Russo-Murrell | N14: 18002 Oakmoss Hill Ct. | O14: Richmond | P14: TX | Q14: 77407 | S14: 832-567-3789 | U14: X | W14: 106 | X14: 127 | Z14: x | AA14: Saturdays: Jan. 6, 13, 20, 27 | AB14: 9am-1:30pm | AE14: OUTDOOR | AH14: 139 | AI14: https://ussoftballacademy.net/brookshire-softball-camp/ | AJ14: https://usbaseballacademy.com/brookshire-softball-camp/ | AK14: 2 | AL14: 45247 | AM14: X | AN14: X | AO14: X | AS14: 7 | AU14: 9 | AW14: =AU14-AS14 -> 2 | AX14: 13 | AZ14: 19 | BB14: 32 | BD14: 38
A15: A-NEW | D15: USBDSOS | E15: Sluggers of Ohio Inc. | G15: 9862 South Ave | H15: Poland | I15: OH | J15: 44514 | K15: bill.amero@gmail.com | L15: Bill | M15: Amero | N15: 9862 South Ave | O15: Poland | P15: OH | Q15: 44514 | S15: 330-501-7506 | W15: 407 | X15: 428 | Z15: x | AA15: Sundays: April 7, 14, 21, 28 | AB15: Noon-4:30pm | AE15: INDOOR | AH15: 139 | AI15: https://ussoftballacademy.net/poland-softball-camp/ | AJ15: https://usbaseballacademy.com/poland-softball-camp/ | AK15: 2 | AL15: 45226 | AN15: X | AO15: X | AP15: | | AR15: | | AS15: 22 | AT15: | | AU15: 24 | AV15: | | AW15: =AU15-AS15 -> 2 | AX15: 24 | AY15: | | AZ15: 27 | BA15: | | BB15: 37 | BC15: | | BD15: 37 | BE15: | | BG15: | | BI15: |
A16: A-NEW | D16: USBDSGTS | E16: St. Georges Tech HS | G16: 555 Hyetts Corner Rd | H16: Middletown | I16: DE | J16: 19709 | K16: allaboutsoftball7@gmail.com | L16: Tim | M16: Wampler | N16: 555 Hyetts Corner Rd | O16: Middletown | P16: DE | Q16: 19709 | S16: 302-218-3336 | U16: X | W16: 225 | X16: 317 | Z16: x | AA16: Sundays: Feb. 25, March 3, 10, 17 | AB16: Noon-4:30pm | AE16: INDOOR | AH16: 139 | AI16: https://ussoftballacademy.net/middletown-softball-camp/ | AJ16: https://usbaseballacademy.com/middletown-softball-camp/ | AK16: 2 | AL16: 45247 | AN16: X | AO16: X | AP16: | | AR16: | | AS16: 13 | AT16: | | AU16: 13 | AV16: | | AW16: =AU16-AS16 -> 0 | AX16: 16 | AY16: | | AZ16: 21 | BA16: | | BB16: 27 | BC16: | | BD16: 45 | BE16: | | BG16: | | BI16: |
A17: A-NEW | D17: USBDTCS | E17: Tates Creek HS | G17: 1111 Centre Pkwy | H17: Lexington | I17: KY | J17: 40517 | K17: michael.thomas@fayette.kyschools.us | L17: Mike | M17: Thomas | N17: 1809 Stockton Way | O17: Lexington | P17: KY | Q17: 40511 | S17: 859-533-8244 | U17: X | W17: 106 | X17: 127 | Z17: x | AA17: Saturdays: Jan. 6, 13, 20, 27 | AB17: 8am-12:30pm | AE17: INDOOR | AH17: 139 | AI17: https://ussoftballacademy.net/lexington-softball-camp/ | AJ17: https://usbaseballacademy.com/lexington-softball-camp/ | AK17: 2 | AL17: 45226 | AM17: X | AN17: X | AO17: X | AP17: | | AR17: | | AS17: 20 | AT17: | | AU17: 21 | AV17: | | AW17: =AU17-AS17 -> 1 | AX17: 21 | AY17: | | AZ17: 25 | BA17: | | BB17: 27 | BC17: | | BD17: 28 | BE17: | | BG17: | | BI17: |
E18: University of Pitt-Greensburg
A19: A-NEW | D19: USBDUSAS | E19: USSA Alabaster | F19: Thompson Middle School | G19: 100 Warrior Dr | H19: Alabaster | I19: AL | J19: 35007 | K19: anthonyburden111@yahoo.com | L19: Tony | M19: Burden | N19: 505 Rosebury Rd | O19: Helena | P19: AL | Q19: 35080 | S19: 205-331-6901 | T19: X | W19: 211 | X19: 303 | Z19: x | AA19: Sundays: Feb. 11, 18, 25, March 3 | AB19: Noon-4:30pm | AE19: INDOOR | AH19: 139 | AI19: https://ussoftballacademy.net/alabaster-softball-camp/ | AJ19: https://usbaseballacademy.com/alabaster-softball-camp/ | AK19: 2 | AL19: 45247 | AN19: X | AO19: X | AS19: 24 | AU19: 29 | AW19: =AU19-AS19 -> 5 | AX19: 31 | AZ19: 37 | BB19: 57 | BD19: 66
A20: A-NEW | D20: USBDUSJV | E20: USSA Jacksonville | F20: Bartram Trail HS | G20: 7399 Longleaf Pine Pkwy | H20: St. Johns | I20: FL | J20: 32259 | K20: bernardo.otero@stjohns.k12.fl.us | L20: Bernardo | M20: Otero | N20: 14951 Walden Springs Way Apt 823 | O20: Jacksonville | P20: FL | Q20: 32258 | S20: 904-525-9083 | T20: X | W20: 311 | X20: 314 | AA20: Mon.-Thur.: Mar. 11, 12, 13, 14 | AB20: 2pm-6:30pm | AE20: OUTDOOR | AH20: 139 | AI20: https://ussoftballacademy.net/jacksonville-st-johns-softball-camp/ | AJ20: https://usbaseballacademy.com/jacksonville-st-johns-softball-camp/ | AK20: 2 | AL20: 45261 | AN20: X | AO20: X | AP20: | | AR20: | | AS20: 0 | AT20: | | AU20: 0 | AV20: | | AW20: =AU20-AS20 -> 0 | AX20: 6 | AY20: | | AZ20: 6 | BA20: | | BB20: 6 | BC20: | | BD20: 8 | BE20: | | BG20: | | BI20: |
A21: A-NEW | D21: USBDUSSS | E21: USSA Sylvania | F21: Screven County Recreation Department | G21: 1605 Millen Hwy | H21: Sylvania | I21: GA | J21: 30467 | K21: natalie25p@gmail.com | L21: Natalie | M21: Mills | N21: 343 Martin Luther King Jr Ave | O21: Millen | P21: GA | Q21: 30442 | S21: 435-210-8713 | T21: X | W21: 203 | X21: 224 | Z21: x | AA21: Saturdays: Feb. 3, 10, 17, 24 | AB21: 9am-1:30pm | AE21: OUTDOOR | AH21: 139 | AI21: https://ussoftballacademy.net/sylvania-softball-camp/ | AJ21: https://usbaseballacademy.com/sylvania-softball-camp/ | AK21: 2 | AL21: 45226 | AM21: X | AN21: X | AO21: X | AS21: 6 | AU21: 6 | AW21: =AU21-AS21 -> 0 | AX21: 6 | AZ21: 11 | BB21: 21 | BD21: 23
A22: A-NEW | D22: USBDLLS | E22: USSA Tampa | F22: Land O'Lakes HS | G22: 20325 Gator Lane | H22: Land O'Lakes | I22: FL | J22: 34638 | K22: mwilkins@pasco.k12.fl.us | L22: Mitch | M22: Wilkins | N22: 4550 Bay Blvd #1246 | O22: Port Richey | P22: FL | Q22: 34668 | S22: 813-431-8261 | T22: X | W22: 30 | X22: 127 | Z22: x | AA22: Saturdays: Dec. 30; Jan. 6 (PPD), 13, 20, 27 (M/U) | AB22: Noon-4:30pm | AE22: OUTDOOR | AH22: 139 | AI22: https://ussoftballacademy.net/tampa-land-olakes-softball-camp/ | AJ22: https://usbaseballacademy.com/tampa-land-olakes-softball-camp/ | AK22: 2 | AL22: 45226 | AM22: X | AN22: X | AO22: X | AP22: | | AR22: | | AS22: 56 | AT22: | | AU22: 60 | AV22: | | AW22: =AU22-AS22 -> 4 | AX22: 61 | AY22: | | AZ22: 61 | BA22: | | BB22: 60 | BC22: | | BD22: 60 | BE22: | | BG22: | | BI22: |
A23: A-NEW | D23: USBDWSS | E23: Wamego Sports Academy | G23: 315 Lincoln Ave | H23: Wamego | I23: KS | J23: 66547 | K23: raidersoftballcoach@gmail.com | L23: Luke | M23: Meyer | N23: 12880 Hillside Dr. | O23: St. George | P23: KS | Q23: 66535 | S23: 785-250-1019 | T23: X | W23: 121 | X23: 211 | Z23: x | AA23: Sundays: Jan. 21, 28; Feb. 4, 11 | AB23: Noon-4:30pm | AE23: INDOOR | AH23: 139 | AI23: https://ussoftballacademy.net/wamego-softball-camp/ | AJ23: https://usbaseballacademy.com/wamego-softball-camp/ | AK23: 2 | AL23: 45226 | AM23: X | AN23: X | AO23: X | AP23: | | AR23: | | AS23: 20 | AT23: | | AU23: 23 | AV23: | | AW23: =AU23-AS23 -> 3 | AX23: 25 | AY23: | | AZ23: 31 | BA23: | | BB23: 36 | BC23: | | BD23: 40 | BE23: | | BG23: | | BI23: |
A24: A-NEW | D24: USBDWBS | E24: West Brunswick HS | G24: 550 Whiteville Rd NW | H24: Shallotte | I24: NC | J24: 28470 | K24: oscott@bcswan.net | L24: Olivia | M24: Scott | N24: 1783 Scrubjay CT SE | O24: Bolivia | P24: NC | Q24: 28422 | S24: 910-840-5121 | T24: X | W24: 309 | X24: 330 | Z24: x | AA24: Saturdays: March 9, 16, 23, 30 | AB24: 10am-2:30pm | AE24: OUTDOOR | AH24: 139 | AI24: https://ussoftballacademy.net/shallotte-softball-camp/ | AJ24: https://usbaseballacademy.com/shallotte-softball-camp/ | AK24: 2 | AL24: 45226 | AM24: X | AN24: X | AO24: X | AS24: 14 | AU24: 14 | AW24: =AU24-AS24 -> 0 | AX24: 16 | AZ24: 17 | BB24: 34 | BD24: 40
A25: A-NEW | D25: USBDYCS | E25: Yuma Catholic HS | G25: 2100 W 28th St | H25: Yuma | I25: AZ | J25: 85364 | K25: jlackey@yumacatholic.org | L25: Jarred | M25: Lackey | N25: 4579 W 27th Lane | O25: Yuma | P25: AZ | Q25: 85364 | S25: 928-210-7051 | T25: X | W25: 128 | X25: 218 | Z25: x | AA25: Sundays: Jan. 28, Feb. 4, 11, 18 | AB25: Noon-4:30pm | AE25: OUTDOOR | AH25: 139 | AI25: https://ussoftballacademy.net/yuma-softball-camp/ | AJ25: https://usbaseballacademy.com/yuma-softball-camp/ | AK25: 2 | AL25: 45247 | AM25: X | AN25: X | AO25: X | AP25: | | AR25: | | AS25: 64 | AT25: | | AU25: 73 | AV25: | | AW25: =AU25-AS25 -> 9 | AX25: 81 | AY25: | | AZ25: 91 | BA25: | | BB25: 93 | BC25: | | BD25: 100 | BE25: | | BG25: | | BI25: |
AS26: =SUM(AS2:AS25) -> 625 | AU26: =SUM(AU2:AU25) -> 676 | AW26: =SUM(AW2:AW25) -> 51 | AX26: =SUM(AX2:AX25) -> 733 | AZ26: =SUM(AZ2:AZ25) -> 818 | BB26: =SUM(BB2:BB25) -> 1002 | BD26: =SUM(BD2:BD25) -> 1129
A27: Z-OUT-INACTIVE | C27: 72 | D27: USBDFWCS | E27: Fort Worth Christian NLC | G27: 6200 Holiday Lane | H27: North Richland Hills | I27: TX | J27: 76180 | K27: cmassey@fwc.org | L27: Clint | M27: Massey | N27: 3229 Oakdale Dr | O27: Hurst | P27: TX | Q27: 76054 | S27: 479-685-4618 | Y27: Saturdays: Jan. 27; Feb. 3, 10, 17 | Z27: 11am-3:30pm | AI27: https://ussoftballacademy.net/fort-worth-softball-camp/ | AJ27: https://usbaseballacademy.com/fort-worth-softball-camp
A28: A-NEW | D28: USBDRECS | E28: Riviera-Kaufer Early College HS | G28: 203 Seahawk Dr | H28: Riviera | I28: TX | J28: 78379 | K28: dtorres@rivieraisd.us | L28: Devon | M28: Torres | N28: 724 Santa Clara Dr | O28: Kingsville | P28: TX | Q28: 78363 | S28: 830-352-1839 | W28: 114 | X28: 204 | Z28: x | AA28: Sundays: Jan. 14, 21, 28; Feb. 4 | AB28: Noon-4:30pm | AE28: OUTDOOR | AH28: 139 | AI28: https://ussoftballacademy.net/riviera-softball-camp/ | AJ28: https://usbaseballacademy.com/riviera-softball-camp/ | AK28: 2 | AL28: 45226 | AN28: X | AO28: X
A29: A-NEW | D29: USBDTPPS | E29: Triple Play P3rformance | G29: 5223 Raeford Rd | H29: Fayetteville | I29: NC | J29: 28304 | K29: tripleplayp3rformance@gmail.com | L29: Henry | M29: Brower | S29: 910-723-5477 | U29: X | W29: 309 | X29: 330 | AA29: Saturdays: March 9, 16, 23, 30 | AB29: 9am-1:30pm | AE29: INDOOR | AH29: 139 | AI29: https://ussoftballacademy.net/fayetteville-softball-camp/ | AN29: X | AO29: X

Sheet SUMMER-Softball Potentials
A1: School Name | B1: Site Address | C1: Site City | D1: State | E1: Zip | F1: E-mail Address | G1: First Name | H1: Last Name | I1: Director Address | J1: Director City | K1: State | L1: Zip | M1: School Number | N1: Ext | O1: Cell Number | P1: Rec | Q1: TC | R1: NO | S1: IN | T1: GD | U1: CF | V1: NR | W1: W | X1: S
A2: Bartram Trail HS/USSA Jacksonville | B2: 7399 Longleaf Pine Pkwy | C2: Saint Johns | D2: FL | E2: 32259 | F2: bernardo.otero@stjohns.k12.fl.us | G2: Bernardo | H2: Otero | O2: 904-525-9083 | P2: 45217 | W2: X | Y2: 2/1 TT GD, Wants to run BB and SB, 2/5 TT 2 BB and 2 SB, GD, 2/20 TT, 3/5 TT 2 camps June 10-13, July 8-11 | Z2: 10/23 SE WWD, 10/26 TMS, 11/1 INT, January 13, and one in March? 11/10 TMS, 11/16 LM, 11/27 TT,11/28 CF March 11-14
A3: Bartram Trail HS/USSA Jacksonville | B3: 7399 Longleaf Pine Pkwy | C3: Saint Johns | D3: FL | E3: 32259 | F3: bernardo.otero@stjohns.k12.fl.us | G3: Bernardo | H3: Otero | O3: 904-525-9083 | P3: 45217 | W3: X | Y3: 2/1 TT GD, Wants to run BB and SB, 2/5 TT 2 BB and 2 SB, GD, 2/20 TT, 3/5 TT 2 camps June 10-13, July 8-11 | Z3: 10/23 SE WWD, 10/26 TMS, 11/1 INT, January 13, and one in March? 11/10 TMS, 11/16 LM, 11/27 TT,11/28 CF March 11-14
A4: Bonners Ferry HS | B4: 6485 Tamarack Ln | C4: Bonners Ferry | D4: ID | E4: 83805 | F4: cynthia.sumpter@mail.bcsd101.com | G4: Cynthia | H4: Sumpter | I4: 188 Old Highway Two Loop | J4: Moyie Springs | K4: ID | L4: 83845 | M4: 208-267-3146 ext 8 | O4: 208-304-7274 | P4: 45208 | X4: X | Y4: 2/7 SE, 2/13 EMR, 2/13 TT INT looking at dates June 24-27 | Z4: 10/9 SE Cell #, 10/13 EMR, CB @1pm, 10/17 LM, 10/23 SE WWD, 10/31 SD, 10/31 INT, 11/7 SE, 11/8 TT GD, 11/14 TT no facility times.. Summer
A5: Centinnial HS | B5: 5050 Mallory Lane | C5: Franklin | D5: TN | E5: 37067 | F5: margiet907615@gmail.com | G5: Andre | H5: Toliver | I5: 2725 Cato Ridge Dr. | J5: Nashville | K5: TN | L5: 37218 | O5: 907-382-9104 | U5: X | Y5: 1/4 CF June 3-6
A6: Chesapeake City Little League | B6: 41 Luff Lane | C6: Chesapeake City | D6: MD | E6: 21915 | F6: allaboutsoftball7@gmail.com | G6: Tim | H6: Wampler
A7: Dallas Christian HS | B7: 1515 Republic Pkwy. | C7: Mesquite | D7: TX | E7: 75150 | F7: tburgess@dallaschristian.com | G7: Taneshia | H7: Burgess | O7: 2145331386 | P7: 45156 | R7: X | Y7: 2/7 SE, 2/20 LM, 2/21 TT meeting with AD, CF GD, 3/5 LM, 3/25 TMS, | Z7: 9/5 SE, EMR, 9/6 TT briefly, 9/28 TT briefly, 9/29 LM, 10/3 SE WWD, 10/4 TT meeting with coaches next week 10/10 TT Dates set side.. just waiting final confirmation from admin. 10/11 EMR,EMS w AD, 11/2 SE, 11/3 LM, 11/7 TT GD for February, 11/15 LM, SE, TT no facility times, INT SUMMER
A8: Dysart HS | B8: 11425 N Dysart Rd | C8: El Mirage | D8: AZ | E8: 85335 | F8: demian.welker@dysart.org | G8: Demian | H8: Welker | O8: 505-918-5111 | P8: 45183 | W8: X | Y8: 2/9 TT INT, 2/14 TT First week of June, 3/4 TT CF June 3-6 | Z8: 9/18 LM, 9/20 TT INT, 9/26 GD, 9/27 CF, 10/2 SE,
A9: Fontainebleau HS | B9: 100 Bulldog Dr | C9: Mandeville | D9: LA | E9: 70474 | F9: brian.morrow@stpsb.org | G9: Brian | H9: Morrow | I9: 70271 B St | J9: Covington | K9: LA | L9: 70433 | O9: 318-816-3769 | P9: 45314 | U9: X | Y9: 1/23 TT getting with staff/admin, 1/29 CF May 28-31
A10: Hampton University | C10: Seaford | D10: DE | G10: Andre | H10: Toliver | Z10: 10/11 LM, 10/19 LM, 10/23 SE WWD, 10/26 TMS, 10/31 SD,
A11: Jenkins County Rec Department | B11: 442 Recreation Dr | C11: Millen | D11: GA | E11: 30442 | F11: natalie25p@gmail.com | G11: Natalie | H11: Mills | O11: 435-210-8713 | W11: X | Y11: 2/28 TT CF June 3,4 & 10,11 (seeing if she can go M-TH) | Z11: 8/17 LM, T-8/21 INT, 8/29 GD, CF, 8/30 SE
A12: Johnson Creek HS | B12: 455 Aztalan St. | C12: Johnson Creek | D12: WI | E12: 53038 | F12: loganpeot@johnsoncreekschools.org | G12: Logan | H12: Peot | O12: 920-660-1761 | P12: 45154 | W12: X | Y12: 2/6 TT GD, 2/20 TT, 3/5 LM, | AA12: Sundays: Feb. 18, 25; Mar. 3, 17 | AB12: 9am-1:30pm | AE12: INDOOR | AI12: https://ussoftballacademy.net/chicago-softball-camp/ | AJ12: https://usbaseballacademy.com/chicago-softball-camp/ | AK12: 2 | AN12: X | AO12: X | AS12: 125 | AU12: 134 | AW12: =AU12-AS12 -> 9 | AX12: 137 | AZ12: 153 | BB12: 165 | BD12: 182
A13: North Park University | B13: 3205 W Carmen Ave | C13: Chicago | D13: IL | E13: 60625 | F13: kanderson5@northpark.edu | G13: Katie | H13: Anderson | I13: 6875 N Northwest HWY 2 C | J13: Chicago | K13: IL | L13: 60631 | N13: 847-840-7765 | R13: 218 | S13: 317 | Y13: 3/1 TT GD mid June, 3/25 TMS, June 17-20
A14: Riviera-Kaufer Early College HS | B14: 203 Seahawk Dr | C14: Riviera | D14: TX | E14: 78379 | F14: dtorres@rivieraisd.us | G14: Devon | H14: Torres | I14: 724 Santa Clara Dr | J14: Kingsville | K14: TX | L14: 78363 | M14: 361-296-3101 ext 4 | O14: 830-352-1839 | P14: 45166 | U14: X | Y14: 12/6 CF July 22-25
A15: Roseville Jr Sports Complex | B15: 29700 Pinehurst St | C15: Roseville | D15: MI | E15: 48066 | G15: Cliff | H15: Howe | Y15: July 8-11
A16: Roseville Jr Sports Complex | B16: 29700 Pinehurst St | C16: Roseville | D16: MI | E16: 48066 | G16: Cliff | H16: Howe | Y16: July 22-25
A17: Royal HS | B17: 34499 Royal Rd | C17: Pattison | D17: TX | E17: 77423 | F17: arusso@royal-isd.net | G17: Alicia | H17: Russo | O17: 832-567-3789 | P17: 45154 | W17: X | Y17: 2/5 TT GD, 2/20 TT, 3/11 TMS, June 24-28 | Z17: 10/6 INT, 10/19 TT, 11/1 TT, 11/14 LM, 11/27 LM, 12/4 INT Summer
A18: Rubidoux HS | B18: 4250 Opal St | C18: Riverside | D18: CA | E18: 92509 | F18: alicia_jones@jusd.k12.ca.us | G18: Alicia | H18: Jones | M18: 951-222-7745 | P18: 45169 | V18: X | Y18: 2/7 SE OV, 2/20 EMR, SE OV, 2/26 EMS, 3/1 TT GD, 3/25 EMS, | Z18: CF 10/25, February Saturdays 9-1:30, $10 an hour.. $160 field rental
A19: San Diego City College | G19: Chris | H19: Brown | Y19: July 15-18 | Z19: 10/23 SE WWD, 10/26 TMS, 11/7 SE, SDL
A20: Silver Lake Elementary | B20: 200 East Cochran St | C20: Middletown | D20: DE | E20: 19709 | F20: allaboutsoftball7@gmail.com | G20: Tim | H20: Wampler
A21: T.R Miller High School | B21: 1835 Douglas Ave | C21: Brewton | D21: AL | E21: 36426 | F21: damon@dcbsports.com | G21: Damon | H21: Haecker | M21: 334-272-8210 | O21: 407-844-8085 | P21: 45204 | X21: X | Y21: 2/7 SE, 2/21 LM, 2/23 TT 2 camps, 3/11 TMS, 3/25 TMS, June 10-13, July 8-11 | Z21: 8/29 TT Briefly, 9/11 TMS, TMR, 9/29 INT GOOD, 10/16 LM, 10/17 TT CF, 12/6 CF July 22-25
A22: T.R Miller High School | B22: 1835 Douglas Ave | C22: Brewton | D22: AL | E22: 36426 | F22: damon@dcbsports.com | G22: Damon | H22: Haecker | M22: 334-272-8210 | O22: 407-844-8085 | P22: 45204 | X22: X | Y22: 2/7 SE, 2/21 LM, 2/23 TT 2 camps | Z22: 11/14 LM, SE WWD, 11/21 SE OV, 11/28 SE, 12/4 SDL
A23: Wheaton High School | B23: 12401 Dalewood Dr | C23: Silver Spring | D23: MD | E23: 20906 | F23: lisa_c_lafond@mcpsmd.org | G23: Lisa | H23: LaFond | O23: 301-252-0283 | P23: 45218 | V23: X | Y23: 2/7 SE OV, 2/9 EMR, 2/13 LM, 2/26 LM, 3/5 LM, 3/11 LM, 3/26 TT June 24-26 @ Wheaton HS, waiting on home address
A24: Clark HS | B24: 5150 De Zavala Rd | C24: San Antonio | D24: TX | E24: 78249 | F24: rebecca.halliburton@nisd.net | G24: Rebecca | H24: Halliburton | M24: 210-397-5150 | O24: 210-289-9297 | P24: 45166 | V24: X | Y24: 2/7 SE OV, EMR, 2/13 LM, 2/26 TMS, 3/5 TMS, TT 4/9 July 15-18 | Z24: 8/30 INT, 9/11 AD meeting 9/15, 9/19 LM, 9/28 TT briefly, 10/5 new AD, summer
A25: Shorecrest Prep School | B25: 5101 1st St NE | C25: St. Petersburg | D25: FL | E25: 33703 | F25: jtallon16@icloud.com | G25: Jonathan | H25: Tallon | O25: 727-871-7084 | P25: 45154 | R25: X | Y25: 2/7 SE, EMR, Call 2/12,13, 2/13 LM, 2/26 LM, 3/5 TMS, TMR GD, 4/9 TT GD by Thursday | Z25: 8/31 SE, 9/12 SE OV, 9/28 SE Cell #, 10/4 SE WWD, 10/6 EMR, EMS, 10/17 SD,
A26: Thompson Middle School | B26: 100 Warrior Dr | C26: Alabaster | D26: AL | E26: 35007 | F26: anthonyburden111@yahoo.com | G26: Tony | H26: Burden | O26: 205-331-6901 | W26: X | Y26: INT, 2/27 TT checking field availability today, 3/11 TT, 4/9 waiting for school to confirm summer school dates | Z26: 8/29 SE, 8/31 INT, 9/12 LM, 9/20 LM, 9/27 had to fire 2 coaches.. not enough to staff camp.
F27: allaboutsoftball7@gmail.com | G27: Tim | H27: Wampler | Y27: 4/10 planning 3/4 more camps in July/August
F28: natalie25p@gmail.com | G28: Natalie | H28: Mills | O28: 435-210-8713 | W28: X | Y28: Winter SD, new job, 2 fields 2/5 TT GD for GA, CA, 3/25 GD, 4/10 TT looking at sites in CA for July | Z28: 10/10 INT, GOOD, 10/20 TT, 10/23 GD, 11/7 TT waiting on admin, 11/8 TT, 11/13 TT CF
A29: Absegami HS | B29: 201 S Wrangleboro Rd | C29: Galloway | D29: NJ | E29: O8205 | F29: bdell'aringa@gehrhsd.net | G29: Barbara | H29: Dell'Aringa | O29: 609-501-1860 | P29: 45206 | V29: X | Y29: 2/7 SE OV, EMR, 2/13 LM, 2/20 LM, 2/26 TMS, TT assistant coach Christina, league discounts, 3/20 LM, | Z29: 8/21 INT, 8/31 LM, 9/5 TMR, 9/5 facilities issue, 9/27 LM, 10/6 TT facility. Summer
A30: Benbrook HS | B30: 201 Overcrest Dr | C30: Benbrook | D30: TX | E30: 76126 | F30: emilie.blair@fwisd.org | G30: Emilie | H30: Blair | M30: 817-815-7100 | O30: 817-586-8091 | P30: 45168 | V30: X | Y30: 2/7 SE OV, 2/26 TT INT, 3/5 LM, | Z30: 8/17 LM, T 8/22 INT, 9/5 LM, TMR, 9/19LM, 9/27 LM, 10/3 TMS, TMR, waiting on admin, 10/17 TMS, 11/1 TMS, 11/3 LM, 11/7 SD, NR
A31: Capital HS | B31: 4851 Paseo Del Sol | C31: Sante Fe | D31: NM | E31: 87507 | F31: dennis76h@yahoo.com | G31: Dennis | H31: Hernandez | O31: 505-469-4010 | W31: X | Y31: 2/7 TT INT, not paid yet. June 3-6.. Still waiting admin approval 3/11 TMS, 3/25 LM, | Z31: 9/5 LM, 9/11 LM, T 9/27 INT, 10/13 tt briefly in the hospital, 10/28 TMS, 11/7 SD, 11/7 TT just had surgery.. INT SUMMER
A32: Cheltenham HS | B32: 500 Rices Mill Rd | C32: Wyncote | D32: PA | E32: 19095 | F32: amaiorano@cheltenham.org | G32: Alicia | H32: Heinemann | O32: 267-962-4297 | P32: 45204 | W32: X | Y32: 3/20 TT Summer School, checking dates, 4/9 said she still doesn’t know summer school schedule | Z32: 8/22 LM, 9/5 TMR, 9/12 TMS, TMR, T 9/12 INT, 9/28 TT GD with other coaches, 10/17 TMS, 11/2 SE, 11/8 SD, NR
A33: Clarkstown HS South | B33: 31 Demarest Mill Rd | C33: West Nyack | D33: NY | E33: 10994 | F33: bpeterson@ccsd.edu | G33: Brian | H33: Peterson | M33: 845-624-3410 | O33: 845-494-8222 | P33: 45183 | X33: X | Y33: 2/7 SE, 2/20 LM, 2/27 LM, TT | Z33: 8/21 SE, 8/24 LM, 9/11 TMS, 9/27 LM, 10/2 SE OV, 10/2 TT INT, 10/17 TT GD from AD, 10/25 TMS, 11/2 SE, NO admin
A34: Concordia Lutheran HS | B34: 700 E Main St | C34: Tomball | D34: TX | E34: 77375 | F34: vandervoorta@clhs-tx.org | G34: Amanda | H34: Vandervoort | M34: 281-351-2547 | O34: 832-231-0908 | P34: 45166 | R34: X | Y34: 2/7 TT GD, 2? 2/27 TMS, 3/25 TMS, | Z34: 9/5 LM, 9/11 LM, 9/27 TT INT possible facility issue, 10/16 field construction.. Summer
A35: Crescent Valley HS | B35: 4444 NW Highlands Dr | C35: Corvallis | D35: OR | E35: 97330 | F35: kiersten.luebbert@corvallis.k12.or.us | G35: Kiersten | H35: Luebbert | M35: 541-757-5801 | O35: 541-740-8553 | P35: 45217 | R35: X | Y35: 2/7 SE, 2/20 LM, 2/21 TT checking with Admin and staff, 3/5 TMS< | Z35: 9/8 LM, 9/11 INT , 9/27 TT backburner, 10/5 TT GD, 10/17 waiting for approval, 10/31 EMR waiting for city approval. January 28 start, 11/13 CF
A36: Del Norte HS | B36: 5323 Montgomery Blvd NE | C36: Albuquerque | D36: NM | E36: 87109 | F36: johnny.rodriguez@aps.edu | G36: Johnny | H36: Rodriguez | M36: 505-883-7222 | O36: 505-382-5034 | P36: 45167 | X36: X | Y36: 2/7 INT, 2/26 TT GD, getin touch 3/18, 3/25 TMS, | Z36: Jan. 6, 13, 20, 27 9:00-1:30, 11/7 SE, 11/8 Sent Welcome EM
A37: Eastside HS | B37: 3200 E Avenue J8 | C37: Lancaster | D37: CA | E37: 93535 | F37: ddecaprio@avhsd.org | G37: Dena | H37: DeCaprio | M37: 661-946-3800 ext 1065 | O37: 661.236.8910 | P37: 45155 | R37: X | Y37: 2/7 SE, EMR, INT 2/8 CF June 24-27, 2/13 LM, 3/5 TMS, 3/25 TMS, | Z37: 10/20 SE, 10/23 SE WWD, 11/1 SE OV, 11/7 SE, 11/7 NO facility INT SUMMER
A38: Elizabethton HS | B38: 907 Jason Witten Way | C38: Elizabethton | D38: TN | E38: 37643 | F38: kenneth.hardin@ecschools.net | G38: Kenneth | H38: Hardin | M38: 423-547-8015 | O38: 423-895-0188 | P38: 45166 | X38: X | Y38: 2/7 SE, EMR, INT GD, 2/13 TT EMS, 2/26 TT GD, 3/11 TMS, | Z38: 10/5 SE Cell #, 10/10 SE OV, 10/17 SE WWD, EMR CB @ 2pm, 10/27 LM, 11/7 SE, SDL
A39: Foothill HS | B39: 800 College Dr | C39: Henderson | D39: NV | E39: 89002 | F39: hendej7@nv.ccsd.net | G39: Jonathon | H39: Henderson | V39: X | Y39: 2/7 SE OV, 2/27 EMR, EMS, 3/5 EMS, 3/11 EMS | Z39: 10/6 TT INT, 10/11 TT 2 sites.. one in Georgia/California.GD, no facility avail SUMMER
A40: Fremont HS | B40: 5421 S Warner Ave | C40: Fremont | D40: MI | E40: 49412 | F40: fremontpackersoftball@gmail.com | G40: Jeff | H40: Foster | M40: 231-924-5300 | P40: 45217 | V40: X | Y40: 2/7 SE OV, EMR, wants more info, 2/13 EMS cell #, 2/20 EMS, 3/5 EMS, 3/11 EMS, | Z40: 8/17 INT, 8/28 LM, 8/29 TMR, 9/12 LM, 9/28 LM, TMR, 10/5 LM, 10/11 SDL, 10/25 TT GD, 11/8 TMS, 11/15 CF, 11/15 SE,
A41: Good Hope HS | B41: 210 Good Hope School Rd | C41: Cullman | D41: AL | E41: 35057 | F41: pkeef@ccboe.org | G41: Phillip | H41: Keef | O41: 256-630-2738 | P41: 45204 | V41: X | Y41: 2/7 SE OV, 2/20 EMR, 2/26 LM, 3/5 LM, 3/11 TMS, | Z41: 9/8 LM, INT GOOD, 9/19 LM, 9/28 LM, TT waiting on meeting with AD, 10/17 LM, TT GD, 10/24 CF 1/21,28,2/4,11, 10/25 SE
A42: Ipswich HS | B42: 134 High St | C42: Ipswich | D42: MA | E42: O1938 | F42: kfisher@ipsk12.net | G42: Kelsey | H42: Fisher | O42: 603-866-6954 | P42: 45240 | V42: X | Y42: 2/7 SE OV, 2/26 EMR, 3/5 TMS, 3/11 LM, | Z42: 10/19 SE, 10/23 SE WWD,11/1 SE OV, 11/7 SE, SDL
A43: Kutztown Area HS | B43: 50 Trexler Ave | C43: Kutztown | D43: PA | E43: 19530 | F43: kconrad@kasd.org | G43: Kevin | H43: Conrad | M43: 610-683-7346 | P43: 45218 | X43: X | Y43: 2/7 SE, 2/21 LM, 2/22 TT, 3/5 EMS, 3/11 EMS, | Z43: Fort Worth Christian HS 25 miles/ 9/12 LM, 9/26 LM, 10/3 SE OV, 10/10 SE WWD, 10/11 TMS, 10/17 SD<
A44: Monroe Senior HS | B44: 220 Yankee Rd | C44: Monroe | D44: OH | E44: 45050 | F44: timalmtm@aol.com | G44: Tim | H44: Kellis | M44: 513-539-8471 | O44: 513-313-1293 | P44: 45167 | R44: X | Y44: 1/23 TT getting with staff/admin, 2/20 LM, 3/5 EMS, | Z44: 9/7 LM, 9/14 TMS, 9/29 TMS inbox full, 10/3 SE OV, 10/10 SE WWD, 10/11 TMS, 10/17 SD,
A45: Muskegon Community College | B45: 221 S Quarterline Rd | C45: Muskegon | D45: MI | E45: 49442 | F45: david.veihl2@muskegoncc.edu | G45: Dave | H45: Veihl | O45: 231-557-3111 | W45: X | Y45: 3/11 LM, | Z45: 10/23 SE WWD, 10/26 TMS, TT INT, 11/1 TT, Jan 27,28th, 11/13 TT, 11/15 TT, 11/20 TT no facility, Summer
A46: Portland Central Catholic HS | B46: 2401 SE Stark St. | C46: Portland | D46: OR | E46: 97214 | F46: tjpruneda@yahoo.com | G46: TJ | H46: Pruneda | O46: 503-708-0072 | P46: 45159 | X46: X | Y46: 2/7 SE, EMR, Check in 3/1, 2/28 TT GD, 3/11 TMS, NIKE Camp June 17-20 | Z46: 11/7 TT INT, 11/14 TMS, GD, 11/27 TT meeting facilities dir tom. 11/28 CF
A47: Rhea County HS | B47: 885 Eagle Ln | C47: Evensville | D47: TN | E47: 37332 | F47: mathisr@rheacounty.onmicrosoft.com | G47: Randy | H47: Mathis | M47: 423-285-6833 | O47: 423-618-3169 | P47: 45167 | V47: X | Y47: 2/7 SE OV, 2/26 TT INT, 3/5 TMS, 3/11 LM, | Z47: 10/19 SE, 10/23 SE WWD, 11/1 SE OV, EMR, INT, 11/2 TT, March Dates, 11/15 SE, TT, 11/21 TMS, Spring 2025
A48: Saint Mary Academy Bay View | B48: 3070 Pawtucket Ave | C48: Riverside | D48: RI | E48: O2915 | F48: fscorpio@bayviewacademy.org | G48: Fallon | H48: Scorpio | O48: 401-575-2685 | P48: 45219 | V48: X | Y48: 2/7 SE OV, 2/9 EMR, 2/12 LM, 2/26 LM, TT GD- July 15-18, 3/11 TMS, | Z48: 10/5 SE Cell #, 10/10 SE OV, 10/16 SE WWD, 10/25 SD,
A49: Selma HS | B49: 2180 Broad St | C49: Selma | D49: AL | E49: 36701 | F49: venecia.eaton@selmacityschools.org | G49: Venecia | H49: Eaton | M49: 334-874-1680 | O49: 205-329-6172 | P49: 45170 | V49: X | Y49: 2/7 SE OV, EMR, 2/20 TT INT GD, 3/11 TMS, | Z49: 11/14 LM, SE WWD, 11/21 SE OV, 11/28 SE, 12/4 SDL
A50: Tates Creek HS | B50: 1111 Centre Pkwy | C50: Lexington | D50: KY | E50: 40517 | F50: michael.thomas@fayette.kyschools.us | G50: Mike | H50: Thomas | M50: 859-381-3620 | O50: 859-533-8244 | P50: 45184 | W50: X | Y50: TT GD , 2/20 TT GD, 3/5 TMS, 3/25 LM, 4/9 struggling organizing help | Z50: 10/19 SE, 10/23 SE WWD, 11/1 SE OV, 11/7 SE, SDL
A51: Thornton Fractional North HS | B51: 755 Pulaski Rd | C51: Calumet City | D51: IL | E51: 60409 | F51: vbrown@tfd215.org | G51: Vince | H51: Brown | O51: 708-955-3443 | P51: 45218 | X51: X | Y51: 2/7 SE, 2/26 LM, 3/4 EMR coaches football, looking for football sched this week | Z51: 8/29 SE, 9/12 SE, 9/28 SE, 10/2 SE OV, 10/10 SE WWD, 10/17 SD
A52: Villa Rica HS | B52: 600 Rocky Branch Rd | C52: Villa Rica | D52: GA | E52: 30180 | F52: cody.skinner@carrollcountyschools.com | G52: Cody | H52: Skinner | O52: 678-997-7089 | P52: 45230 | V52: X | Y52: 2/7 SE OV, EMR, TT meeting with staff call me by 2/13, 2/20 LM, 3/5 TMS, 3/11 TMS, | Z52: 10/31 SE, 11/7 SE, 11/8 TMS, SDL
A53: West Fork HS | B53: 504 W Park St | C53: Sheffield | D53: IA | E53: 50475 | F53: sadie.winfrey@westforkschool.org | G53: Sadie | H53: Winfrey | M53: 641-892-4461 | P53: 45204 | V53: X | Y53: 2/7 SE OV, 2/26 EMR, set up call, 3/5 EMS, 3/11 EMS, | Z53: 10/11 LM, 10/13 TT INT, 10/19 CF
A55: Beaverton HS | B55: 13000 SW 2nd St | C55: Beaverton | D55: OR | E55: 97005 | F55: itsmelambert@gmail.com | G55: James | H55: Lambert | O55: 503-957-3386 | P55: 45183 | R55: X | Y55: 2/7 SE, 2/26 LM, Email Sent to all 3/4, 3/11 | Z55: 9/19 LM, TT, inner city, no facilities
A56: Big Sky HS | B56: 3100 South Ave. W | C56: Missoula | D56: MT | E56: 59804 | F56: tsubith@mcpsmt.org | G56: Trevor | H56: Subith | O56: 760-390-0154 | P56: 45159 | R56: X | Y56: 2/7 SE, 2/26 LM, | Z56: 8/23 INT, 9/5 LM, 9/12 TMS, 9/27 LM, 10/3 LM, 10/11 SD, NR
A57: Brooklyn HS | B57: 9200 Biddulph Rd | C57: Brooklyn | D57: OH | E57: 44144 | F57: syoung@bcshurricanes.org | G57: Sarah | H57: Young | M57: 216-485-8191 | O57: 216-973-6482 | P57: 45167 | X57: X | Y57: 2/7 SE, Email rejected, 2/14 LM, 2/20 LM, 2/27 LM, | Z57: 9/6 INT, 9/14 LM, 9/26 TT meeting with AD 9/27, 10/5 TT, ?, 10/17 TMS, 10/25 TT NO Winter AD, Summer
A58: Burnt Hills-Ballston Lake HS | B58: 88 Lake Hill Rd. | C58: Burnt Hills | D58: NY | E58: 12027 | F58: crana@bhbl.org | G58: Caitlyn | H58: Rana | M58: 518-399-9141 | O58: 518-281-2267 | P58: 45154 | R58: X | Y58: 2/7 SE, 2/26 LM, | Z58: 8/23 LM at school, SE, 9/12 SE, 9/27 EMR, 9/27 LM, 10/2 SE OV, 10/2 TT INT, 10/17 LM, 10/27 TMS, 11/7 SD, NR
A59: Calabasas HS | B59: 22855 Mulholland Hwy | C59: Calabasas | D59: CA | E59: 91302 | F59: MrFirecrackerSFV@gmail.com | G59: Danny | H59: Moore | O59: 310-741-1988 | P59: 45161 | R59: X | Y59: 2/7 SE, 2/26 LM, | Z59: 8/24 ??, 9/12 LM, 9/27 LM, 10/5 LM, 10/11 SD, NR
A60: Canandaigua Academy | B60: 435 EAST ST | C60: CANANDAIGUA | D60: NY | E60: 14424-1357 | F60: cookr1@canandaiguaschools.org | G60: Randy | H60: Cook | M60: 585-396-3850 | P60: VM 10/19 | R60: X | Y60: 2/7 SE, 2/27 SE, | Z60: 10/23 TT INT, 11/7 SE, 11/13 TT NO facility times
A61: Churchland HS | B61: 4301 Cedar Ln | C61: Portsmouth | D61: VA | E61: 23703 | F61: aaron.hawkins@portsk12.com | G61: Aaron | H61: Hawkins | M61: 757-686-2500 | O61: 757-907-1380 | P61: 45166 | R61: X | Y61: 2/7 SE, 2/20 LM, 2/27 LM, | Z61: 8/29 SE, 9/12 TMS, TMR, 9/12 LM, 9/14 INT not back at the school until 1st of october. 10/10 LM, 10/17 TMS TMR Not coaching anymore
A62: Clinton HS | B62: 401 Arrow Dr. | C62: Clinton | D62: MS | E62: 39056 | F62: rhurley@clintonpublicschools.com | G62: Rachel | H62: Hurley | M62: 601-924-5656 | O62: 601-813-7828 | P62: 45154 | X62: X | Y62: 2/7 LM, 2/20 LM, 2/27 LM, | Z62: 8/24 LM, 9/7 LM, TMR, 9/12 LM, 9/14 INT , 9/28 LM, 10/5 LM, 10/13 TMS, NO, TMR int summer
A63: Coal City HS | B63: 655 W Division St | C63: Coal City | D63: IL | E63: 60416 | F63: rmonbrum@coalcityschools.org | G63: Rodney | H63: Monbrum | O63: 815-342-1453 | P63: 45183 | R63: X | Y63: 2/7 SE, 2/27LM | Z63: 9/18 LM, 9/20 TT briefly, 9/28 INT GOOD, 10/13 LM, 10/17 TMS, 10/25 TMS, 10/31 TT no ADMIN turned it down.
A64: Covenant Christian Academy | B64: 144 Rue Des Affaires | C64: Houma | D64: LA | E64: 70364 | F64: cquick@girsolutions.net | G64: Chad | H64: Quick | M64: 985-851-7567 | O64: 985-360-6272 | P64: 45166 | X64: X | Y64: 2/7 LM, 2/20 LM, 2/27 LM, email rejected | Z64: 9/5 LM, TMR, 9/12 TMS, TMR, 9/12 INT, 9/28 TT briefly, 10/5 TT, 10/13 tt briefly, 10/17 TMS, 10/28 TMS, 10/31 TT NO coaches.. just statrted new business.. INT SUMMER
A65: DC Elite Softball | B65: 3675 Ely Place SE | C65: Washington | D65: DC | F65: elitenationalssoftball@gmail.com | G65: Harry | H65: Thomas | O65: 202-439-5103 | P65: 45155 | X65: X | Y65: 2/7 SE, 2/20 LM, 2/27 LM, | Z65: T 8/23 INT, 9/7 GD, 9/11 GD, 9/12 TT, 9/27 LM, 10/5 LM, TT GD, 10/16 TT, 10/25 TMS, 10/31 February 5th, 12, 19, 26, 11/8 TMS, 11/15 TT indoor facility turf issue, 11/22 LM, 12/11 SDL, 12/13 EMR, 12/17 SUMMER NO Facility
A66: Dublin Scioto HS | B66: 4000 Hard Rd | C66: Dublin | D66: OH | E66: 43016 | F66: doug_bell@hboe.org | G66: Doug | H66: Bell | M66: 614-717-2464 | O66: 614-588-4155 | P66: 45183 | X66: X | Y66: 2/7 SE, 2/27 LM, | Z66: 9/18 SE, EMR, 9/21 TT INT, may only be able to do summer, 10/10 TT Summer
A67: East Lawrence HS | B67: 55 County Rd 370 | C67: Trinity | D67: AL | E67: 35673 | F67: gwsmith287@gmail.com | G67: John | H67: Smith | M67: 256-905-2430 ext 1 | O67: 256-476-4641 | P67: 45154 | X67: X | Y67: 2/7 LM, 2/20 LM, 2/27 LM, | Z67: 8/24 LM, 9/5 LM, 9/11 TMS, 9/27 LM, 10/2 SE OV, 10/3 TT having knee replacement surgery. Summer
A68: Fruitport HS | B68: 3255 Pontaluna Rd | C68: Fruitport | D68: MI | E68: 49415 | F68: bdorman@fruitportschools.net | G68: Bob | H68: Dorman | M68: 231-865-3101 | O68: 616-212-6725 | P68: 45183 | X68: X | Y68: 2/7 SE, | Z68: 9/14 SE, EMR, 9/19 LM, 9/26 LM, T 9/27 INT facilities??, 10/16 LM, 10/23 TMS, TMR, 11/7 TT No facility.. gave me contact for Muskegon CC..
A69: Glenwood School | B69: 5801 Summerville Rd | C69: Smiths Station | D69: AL | E69: 36877 | F69: jmcconnell@glenwoodgators.com | G69: Josh | H69: McConnell | M69: 334-297-3614 | O69: 706-405-8207 | P69: 45183 | R69: X | Y69: 2/7 SE, 2/21 LM, 2/28 LM, 3/12 TT football coach. Trying to figure out schedules | Z69: 9/19 SE, 9/21 EMR, 9/21 LM, T 9/27 INT GOOD, 10/16 LM, 10/23 TMS, 11/7 SD,
A70: Grand Terrace HS | B70: 21810 Main St | C70: Grand Terrace | D70: CA | E70: 92313 | F70: robert_flores@cjusd.net | G70: Robert | H70: Flores | M70: 909-580-5006 | O70: 951-453-4575 | P70: 45166 | R70: X | Y70: 2/7 SE, 2/21 LM, 2/28 LM, | Z70: 8/29 SE, 9/12 TMS, 9/27 TT ?? big travel ball coach, 10/11 SD, NR
A71: Headland HS | B71: 8 Sporman St | C71: Headland | D71: AL | E71: 36345 | F71: ahimes@henrycountyboe.org | G71: Anna | H71: Himes | O71: 334-796-6850 | P71: 45217 | X71: X | Y71: 2/7 LM, 2/21 LM, 2/28 LM | Z71: 10/23 SE WWD, EMR, 1pm, 10/25 TT INT, 11/3 TT coaching changes.. INT SUMMER
A72: Hickory Flat Attendance Center | B72: 26 Rebel Dr | C72: Hickory Flat | D72: MS | E72: 38633 | F72: codyjoyner7@gmail.com | G72: Keith | H72: Joyner | M72: NO MAP | O72: 662-544-4238 | P72: VM 10/18 | R72: X | Y72: 2/7 SE, 2/21 LM, 2/28 LM, | Z72: 10/26 TMS, TMR, 4pm 10/26 LM, TT INT Small school only 2 coaches, 11/7 LM, 11/13 TMS, 11/15 SDL
A73: Hickory Ridge HS | B73: 7321 Raging Ridge Rd | C73: Harrisburg | D73: NC | E73: 28075 | F73: coachdavies4@gmail.com | G73: Justin | H73: Davies | M73: 704-260-6630 | O73: 704-699-0450 | P73: 45170 | R73: X | Y73: 2/7 SE, 2/21 LM, 2/28 LM, | Z73: 9/8 LM, TMR, 9/19 LM, TT ??, 9/28 LM, 10/3 SE WWD, 10/11 SD, NR
A74: Hidden Valley HS | B74: 651 Murphy Creek Rd | C74: Grants Pass | D74: OR | E74: 97527 | F74: trisha.wall@threerivers.k12.or.us | G74: Trisha | H74: Wall | M74: 541-862-2124 | O74: 541-660-5557 | P74: 45183 | X74: X | Y74: 2/7 SE, 2/21 LM, 2/28 LM, | Z74: 9/15 SE, EMR, 9/21 LM, 10/2 SE OV, 10/10 SE WWD, EMR said she is already doing winter camp. Summer
A75: Hopkins County Central HS | B75: 6625 Hopkinsville Rd | C75: Madisonville | D75: KY | E75: 42431 | F75: jack.melton3@icloud.com | G75: Jack | H75: Melton | M75: 270-825-6133 | O75: 270-977-0301 | P75: 45166 | X75: X | Y75: 2/7 SE, 2/21 LM, 2/28 LM, | Z75: 9/5 LM, 9/11 TMS, 9/28 LM, 10/3 SE OV, 10/10 SE WWD, 10/11 EMR hiring new staff and having field resurfaced.
A76: Ichabod Crane Central HS | B76: 2910 US-9 | C76: Valatie | D76: NY | E76: 12184 | F76: tnytransky@ichabodcrane.org | G76: Tracy | H76: McComb | M76: 518-758-7575 | O76: 518-210-2310 | P76: 45166 | X76: X | Y76: 2/7 SE, 2/21 LM, 2/28 LM, | Z76: 9/6 LM, 9/12 TMS, TMR, 9/28 LM, 10/3 SE OV, 10/10 SE WWD, EMR said she has been busy but will get back soon, 10/28 TMS, TMR, 11/7 SE, 11/8 EMR NO facility
A77: Immanuel HS | B77: 1128 S Reed Ave | C77: Reedley | D77: CA | E77: 93654 | F77: aburns@immanuelschools.com | G77: Ashley | H77: Burns | M77: 559-638-2529 | N77: 7130 | O77: 559-801-2493 | P77: 45196 | R77: X | Y77: 2/7 SE, 2/21 LM, 2/28 LM, | Z77: 9/29 LM, 10/6 LM,10/10 SE OV, 10/16 SE WWD, 10/16 EMR meeting on 10/17, 10/28 TMS, TMR 4:30pm 10/31 TT INT, 11/7 SE, 11/8 TT teams meeting 11/13 with head coach and youth director, 11/13 TT, 11/28 SD,
A78: La Costa Canyon HS | B78: 1 Maverick Way | C78: Carlsbad | D78: CA | E78: 92009 | F78: julie.neubauer@sduhsd.net | G78: Julie | H78: Neubauer | M78: 760-436-6136 | O78: 619-889-4068 | P78: 45166 | X78: X | Y78: 2/7 LM, 2/21 LM, 2/28 LM | Z78: 8/29 LM, 9/8 TMS, 9/19 LM, 10/2 SE OV, 10/10 SE WWD, 10/11 TMS, TMR said shes in the process of building her program/staff. interested for summer and next year.
A79: Lawrence County HS | B79: 100 Bulldog Lane | C79: Louisa | D79: KY | E79: 41230 | F79: justin.adkins@lawrence.kyschools.us | G79: Justin | H79: Adkins | M79: 740-867-5958 | O79: 304-208-2838 | P79: 45167 | R79: X | Y79: 2/7 SE, 2/21 LM, 2/28 LM, | Z79: 9/6 LM, 9/12 TMS, TMR, 9/27 TT INT GOOD, 10/13 TT briefly, 10/16 TT getting approval, 11/1 TMS, 11/15 LM, 11/21 SD
A80: Liberty HS | B80: 1054 Old Hwy 60 | C80: Mountain View | D80: MO | E80: 65548 | F80: kholter@liberty.mvbt.k12.mo.us | G80: Karen | H80: Holter | M80: 417-934-2020 | O80: 352-321-1537 | P80: 45154 | R80: X | Y80: 2/7 SE, 2/21 LM, 2/28 LM, | Z80: 8/23 LM, 9/7 LM, 9/19 LM, 9/28 TT no facilities
A81: Lighthouse Christian School | B81: 960 Eastland Dr | C81: Twin Falls | D81: ID | E81: 83301 | F81: vcrandall@lighthousecs.org | G81: Vanessa | H81: Crandall | M81: 208-737-1425 | O81: 385-479-1152 | P81: 45166 | R81: X | Y81: 2/7 SE, 2/21 LM, 2/28 LM, | Z81: 9/5 LM, 9/11 TMS, TMR, T 9/11 INT, 9/28 LM, 10/5 LM, 10/17 TMS, 10/20 SE DL, NR
A82: Mayer Lutheran HS | B82: 306 7th St NE | C82: Mayer | D82: MN | E82: 55360 | F82: matt.polding@mayerlutheran.org | G82: Matt | H82: Polding | M82: 952-657-2251 ext 1015 | O82: 952-212-4608 | P82: 45154 | R82: X | Y82: 2/7 SE, 2/21 LM, 2/28 LM, | Z82: DeLaSalle HS 37 mi/ 9/8 LM, 9/28 TT INT, 10/13 LM, 10/17 TMS, 10/25 TMS, 11/7 SD,
A83: Medina HS | B83: 1 Bobcat Ln. | C83: Medina | D83: TX | E83: 78055 | F83: christopher.pace@medinaisd.org | G83: Chris | H83: Pace | O83: 830-398-0059 | P83: 45154 | R83: X | Y83: 2/7 SE, 2/21 LM, 2/28 LM, | Z83: 8/22 TT briefly, 9/11 TMS, TMR 9/12 LM, 9/28 TT INT GOOD, 10/16 LM, 10/17 TMS, 10/25 TMS, 11/7 SD,
A84: Minico HS | B84: 292 W 100 S | C84: Rupert | D84: ID | E84: 83350 | F84: carolmcghie13@gmail.com | G84: Carol | H84: McGhie | M84: 208-436-4721 | O84: 208-431-3096 | P84: 45169 | R84: X | Y84: 2/7 SE, 2/21 LM, 2/28 LM, | Z84: 8/31 LM, TT , Not interested
A85: Montebello HS | B85: 2100 W Cleveland Ave | C85: Montebello | D85: CA | E85: 90640 | F85: armando.santoyojr@gmail.com | G85: Armando | H85: Santoyo | M85: 323-728-0121 | O85: 323-353-0139 | P85: 45166 | R85: X | Y85: 2/7 SE, 2/21 LM, 2/28 LM, | Z85: 9/5 INT, 9/14 TMS, 9/20 LM, 9/28 LM, 10/5 LM, 10/11 SD, NR
A86: Mount Vernon High School | B86: 731 PALISADES RD SW | C86: MOUNT VERNON | D86: IA | E86: 52314 | F86: rbrand@mvcsd.org | G86: Robin | H86: Brand | M86: 3198956251 | O86: 641-757-1538 | P86: 45160 | R86: X | Y86: 2/7 SE, 2/21 LM.2/29 LM, | Z86: 8/24 LM, 9/6 LM, 9/15 SE OV, 9/30 SE WWD, 10/7 LM, 10/17 SD, 10/19 EMR, 10/31TMS, 11/3 TMR TT INT, 11/7 March Dates, 11/9 TT, 11/16 TMS, 11/28 SD,
A87: Mulberry HS | B87: 1 Panther Pl | C87: Mulberry | D87: FL | E87: 33860 | F87: mvillanueva@polksheriff.org | G87: Monica | H87: Villanueva | O87: 863-698-3457 | P87: 45218 | X87: X | Y87: 2/7 TMS, inbox full | Z87: 10/23 SE WWD, 10/26 TMS, TMR, LM, 5pm, TT INT baseball too, 11/7 TMS, 11/8 TT NO field is getting worked on.. INT SUMMER
A88: New Iberia Senior HS | B88: 1301 E Admiral Doyle Dr | C88: New Iberia | D88: LA | E88: 70560 | F88: kabrown@iberiaschools.org | G88: Kasha | H88: Brown | M88: 337-369-6714 | O88: 337-940-1584 | P88: 45166 | R88: X | Y88: 2/7 SE, 2/22 LM, 2/29 LM, | Z88: 8/29 TT Briefly, 9/11 LM, 9/27 LM, 10/3 SE OV, 10/10 SE WWD, 10/10 EMR no staff
A89: North Valley HS | B89: 6741 Monument Dr | C89: Grants Pass | D89: OR | E89: 97526 | F89: twobitman@hotmail.com | G89: Charlie | H89: Chase | O89: 541-218-2427 | P89: 45217 | R89: X | Y89: 2/7 SE, 2/22 LM, | Z89: 10/23 SE WWD, 10/25 TT INT , 11/7 TMS, 11/15 SE, TT no facility.
A90: Northwood High School | B90: 919 UNIVERSITY BLVD W | C90: SILVER SPRING | D90: MD | F90: allyn_crews@mcpsmd.org | G90: Allyn | H90: Crews | M90: NO MAP | O90: 240-486-9409 | P90: 10/25 VM | X90: X | Y90: 2/7 SE, 2/22 LM, 2/29 LM, | Z90: 10/25 TT INT, 11/1 TT, 11/7 SE, 11/13 LM, 11/21 SD, 11/27 EMR, 12/4 INT Summer
A91: Norwalk HS | B91: 23 Calvin Murphy Dr | C91: Norwalk | D91: CT | E91: O6851 | F91: court.holden98@gmail.com | G91: Courtney | H91: Holden | M91: 203-838-4481 ext 13000 | P91: 45154 | R91: X | Y91: 2/7 SE, 2/27 SE, | Z91: 8/23 LM at school, SE, 8/25 LM, 8/29 spoke with AD.. no longer at Norwalk HS.
A92: Piedmont HS | B92: 1055 Edmond Rd NW | C92: Piedmont | D92: OK | E92: 73078 | F92: keith.coleman@piedmontschools.org | G92: Keith | H92: Coleman | M92: 405-373-5011 | O92: 918-348-9904 | P92: 45166 | R92: X | Y92: 2/7 SE, 2/22 LM, | Z92: 9/6 TT, 9/13 TT Not interested
A93: Proctor HS | B93: 131 9th Ave | C93: Proctor | D93: MN | E93: 55810 | F93: budjoyce03@gmail.com | G93: Bud | H93: Joyce | M93: 218-628-4926 ext 1 | O93: 218-340-0077 | P93: 45166 | X93: X | Y93: 2/7 SE, 2/22 LM, | Z93: 8/29 SE, EMR, LM 9/11 TMS, TMR, 9/29 LM, 10/2 TT, INT, couldnt get facility times
A94: Russell HS | B94: 709 Red Devil Ln | C94: Russell | D94: KY | E94: 41169 | F94: destiny.goins@russellind.kyschools.us | G94: Destiny | H94: Goins | X94: X | Y94: 2/7 SE, 2/27 SE, | Z94: USBA referral, SE, TT 11/28 INT Summer
A95: Rye Country Day School | B95: 3 Cedar St | C95: Rye | D95: NY | E95: 10580 | F95: shanitra_brinson@ryecountryday.org | G95: Shanitra | H95: Brinson | M95: 914-967-1417 | O95: 914-943-6074 | P95: 45183 | R95: X | Y95: 2/7 SE, 2/22 LM, 2/29 LM, | Z95: 9/19 SE, 9/21 TT INT, 10/4 LM, 10/17 TMS, 10/24 TT NO, ADMIN
A96: Seven Lakes HS | B96: 9251 S Fry Rd | C96: Katy | D96: TX | E96: 77494 | F96: HollyRKoopmann@KATYISD.ORG | G96: Holly | H96: Koopmann | M96: 281-237-2800 | P96: 45183 | X96: X | Y96: 1-25 SE OV, 2/14 SE, | Z96: 9/19 SE, 9/28 SE, 10/3 SE OV, 10/10 SE WWD, 10/17 SD, EMR, Summer
A97: Smithsburg HS | B97: 66 N Main St | C97: Smithsburg | D97: MD | E97: 21783 | F97: kocevles@wcps.k12.md.us, lesliekocevar@gmail.com | G97: Leslie | H97: Kocevar | O97: 301-343-1433 | P97: 45188 | X97: X | Y97: 2/7 SE, 2/26 LM, | Z97: 9/19 INT, 10/3 waiting on reply from AD 10/6 no winter facility. Summer
A98: South View HS | B98: 4184 Elk Rd | C98: Hope Mills | D98: NC | E98: 28348 | F98: glenndean@ccs.k12.nc.us | G98: Phil | H98: Dean | O98: 910-308-9684 | P98: 45196 | X98: X | Y98: 2/7 SE, 2/21 LM, 2/29 LM, | Z98: 9/27 LM, 9/28 TT INT GOOD, 10/17 LM, 10/25 TMS, TMR getting coaches, contact again 11/1, 11/1 TMS, 11/7 TT getting knee replacement. INT Summer
A99: Sports Leadership and Management Academy (SLAM) HS | B99: 1095 Fielders St | C99: Henderson | D99: NV | E99: 89011 | F99: taylor.velarde@slamnv.org | G99: Taylor | H99: Velarde | O99: 702-278-5290 | P99: 45218 | X99: X | Y99: 2/7 SE, 2/14 LM, | Z99: 10/23 SE WWD, 10/26 TMS, 11/7 TT INT SUMMER
A100: Terry HS | B100: 5500 Avenue N | C100: Rosenberg | D100: TX | E100: 77471 | F100: kayla.ober@lcisd.org | G100: Kayla | H100: Ober | O100: 713-906-5192 | P100: 45159 | X100: X | Y100: 2/7 LM, 2/26 LM, | Z100: 8/23 LM, 9/8 TMS, TMR, 9/29 LM, 10/3 SE OV, 10/10 SE WWD, 10/11 TMS, TMR no staff currently. Interested in summer camps
A101: Union HS | B101: 540 S Main St | C101: Union | D101: OR | E101: 97883 | F101: madison.barr@covesd.org | G101: Madison | H101: Barr | M101: 541-562-5166 | O101: 360-904-8469 | P101: 45166 | R101: X | Y101: 2/7 SE, 2/26 LM, | Z101: 9/5 INT, 9/18 LM, 9/26 LM, 10/5 LM, 10/17 SD, NR
...

Sheet SUMMER-BASEBALL
B1: STATUS | C1: FY22 | D1: FY23 | E1: Camp Code | F1: Camp Name | G1: HELD @ | H1: Site address | I1: Site city | J1: State | K1: Zip | L1: SITE DIRECTOR EMAIL | M1: 2ND SD EMAIL (DO NOT SEND DETAILS) | N1: First Name | O1: Last name | P1: Director address | Q1: Director city | R1: State | S1: Zip | T1: Home # | U1: Cell # | V1: Work # | X1: CONT | Y1: CORESPONDING DATES | Z1: CORRES. TIMES | AA1: START | AB1: END | AC1: SUMMER DATES | AD1: CONF. TIMES | AF1: MAX # | AG1: LY$ | AH1: S$ | AI1: DP$ | AJ1: PB | AK1: USBA Landing Page | AL1: UNQ | AM1: CT | AN1: CS | AO1: FM | AP1: FS | AR1: SHARK JOCKEY
A2: X | B2: A-NEW | E2: USBDBTJV1-S | F2: Bartram Trail HS - Week 1 | H2: 7399 Longleaf Pine Pkwy | I2: St. Johns | J2: FL | K2: 32259 | L2: bernardo.otero@stjohns.k12.fl.us | N2: Bernardo | O2: Otero | P2: 14951 Walden Springs Way Apt 823 | Q2: Jacksonville | R2: FL | S2: 32258 | U2: 904-525-9083 | AA2: 617 | AB2: 620 | AC2: June 17-20 | AD2: 9AM-3PM | AF2: 70 | AH2: 295 | AJ2: X | AK2: https://usbaseballacademy.com/summer-baseball-camp-in-jacksonville-st-johns/ | AL2: X | AO2: X | AP2: X | AR2: Y | AU2: 1
A3: X | B3: A-NEW | E3: USBDBTJV2-S | F3: Bartram Trail HS - Week 2 | H3: 7399 Longleaf Pine Pkwy | I3: St. Johns | J3: FL | K3: 32259 | L3: bernardo.otero@stjohns.k12.fl.us | N3: Bernardo | O3: Otero | P3: 14951 Walden Springs Way Apt 823 | Q3: Jacksonville | R3: FL | S3: 32258 | U3: 904-525-9083 | AA3: 715 | AB3: 718 | AC3: July 15-18 | AD3: 9AM-3PM | AF3: 70 | AH3: 295 | AJ3: X | AK3: https://usbaseballacademy.com/summer-baseball-camp-in-jacksonville-st-johns/ | AL3: X | AO3: X | AP3: X | AR3: Y | AU3: 1
A4: X | B4: A-NEW | E4: USBDBPH-S | F4: Benson Polytechnic HS | H4: 3905 SE 91st Ave | I4: Portland | J4: OR | K4: 97266 | L4: daharrison@pps.net | N4: Dan | O4: Harrison | P4: 5912 SE 23rd Ave. | Q4: Portland | R4: OR | S4: 97202 | U4: 404-983-6618 | AA4: 715 | AB4: 718 | AC4: July 15-18 | AD4: 9AM-3PM | AH4: 295 | AJ4: X | AK4: https://usbaseballacademy.com/summer-baseball-camp-in-portland/ | AM4: 2 | AN4: 45436 | AO4: X | AP4: X | AR4: Y
A5: X | B5: A-NEW | E5: USBDBCM-S | F5: Broad Creek Middle School | G5: Western Park | H5: 275 Old State Hwy 58 | I5: Cedar Point | J5: NC | K5: 28584 | L5: morris.collin.10@gmail.com | N5: Collin | O5: Morris | U5: 252-422-0203 | AA5: 708 | AB5: 711 | AC5: July 8-11 | AD5: 9AM-3PM | AH5: 270 | AI5: 295 | AJ5: X | AK5: https://usbaseballacademy.com/summer-baseball-camp-in-newport/ | AL5: X | AM5: 2 | AN5: 45406 | AO5: X | AP5: X | AR5: Y | AU5: 3
A6: X | B6: A-NEW | E6: USBDHBR-S | F6: Hinckley-Big Rock HS | H6: 700 E Lincoln Ave | I6: Hinckley | J6: IL | K6: 60520 | L6: molsen@hbr429.org | N6: Matt | O6: Olsen | P6: 700 E Lincoln Ave | Q6: Hinckley | R6: IL | S6: 60520 | U6: 815-286-7557 | AA6: 715 | AB6: 718 | AC6: July 15-18 | AD6: 9AM-3PM | AH6: 295 | AJ6: X | AK6: https://usbaseballacademy.com/summer-baseball-camp-in-hinckley/ | AL6: X | AM6: 2 | AN6: 45406 | AO6: X | AP6: X | AR6: Y | AU6: 3
A7: X | B7: A-NEW | E7: USBDHUT-S | F7: Hutchinson HS | H7: 810 E 13th Ave | I7: Hutchinson | J7: KS | K7: 67501 | L7: krol.mace@usd308.com | N7: Mace | O7: Krol | P7: 219 West 20th | Q7: Hutchinson | R7: KS | S7: 67502 | U7: 620-899-1160 | V7: 620-615-4100 | AA7: 610 | AB7: 613 | AC7: June 10-13 | AD7: 9AM-3PM | AH7: 270 | AJ7: X | AK7: https://usbaseballacademy.com/summer-baseball-camp-in-hutchinson/ | AL7: X | AM7: 2 | AN7: 45406 | AO7: X | AP7: X | AR7: Y | AU7: 1
A8: X | B8: A-NEW | E8: USBDIWU-S | F8: Indiana Wesleyan University | H8: 4201 S Washington St. | I8: Marion | J8: IN | K8: 46953 | L8: ian.macdonald@indwes.edu | N8: Ian | O8: McDonald | P8: 402 S Washington St., Apt 301 | Q8: Marion | R8: IN | S8: 46953 | U8: 717-448-2068 | AA8: 722 | AB8: 725 | AC8: July 22-25 | AD8: 9AM-3PM | AH8: 295 | AJ8: X | AK8: https://usbaseballacademy.com/summer-baseball-camp-in-marion/ | AL8: X | AM8: 2 | AN8: 45406 | AO8: X | AP8: X | AR8: Y | AU8: 3
A9: X | B9: A-NEW | E9: USBDSAN-S | F9: Sandia HS | H9: 7801 Canderlaria Rd NE | I9: Albuquerque | J9: NM | K9: 87110 | L9: giantsm@aol.com | N9: Ron | O9: Murphy | P9: 500 Terrace Dr NE | Q9: Rio Rancho | R9: NM | S9: 87124 | U9: 505-301-4252 | AA9: 617 | AB9: 620 | AC9: June 17-20 | AD9: 9AM-3PM | AH9: 295 | AJ9: X | AK9: https://usbaseballacademy.com/summer-baseball-camp-in-albuquerque/ | AL9: X | AO9: X | AP9: X | AR9: Y | AU9: 1
A10: X | B10: A-NEW | E10: USBDSKY-S | F10: Skyline HS | H10: 2552 N Maple Rd | I10: Ann Arbor | J10: MI | K10: 48103 | L10: a2skylinehsbaseball@gmail.com | N10: Kyle | O10: Cornell | U10: 734-260-9226 | AA10: 805 | AB10: 808 | AC10: August 5-8 | AD10: 9AM-3PM | AH10: 295 | AJ10: X | AK10: https://usbaseballacademy.com/summer-baseball-camp-in-ann-arbor/ | AL10: X | AM10: 2 | AN10: 45422 | AO10: X | AP10: X | AR10: Y
A11: X | B11: A-NEW | E11: USBDUMOD-S | F11: USBA Modesto | G11: All Sports Training Center | H11: 526 Kiernan Ave | I11: Modesto | J11: CA | K11: 95356 | L11: allsportsmodesto@gmail.com | N11: Hank | O11: Mendoza | P11: 1413 Jackellen Lane | Q11: Modesto | R11: CA | S11: 95356 | U11: 209-527-5276 | AA11: 805 | AB11: 808 | AC11: August 5-8 | AD11: 9AM-3PM | AH11: 320 | AJ11: X | AK11: https://usbaseballacademy.com/summer-baseball-camp-in-modesto-all-sports-training-center/ | AM11: 1 | AN11: 45436 | AO11: X | AP11: X | AR11: Y
A12: X | B12: A-NEW | E12: USBDHDG-S | F12: USBA Perryville | G12: Trego Field | H12: 599 Broad St. | I12: Perryville | J12: MD | K12: 21903 | L12: allaboutsoftball7@gmail.com | N12: Tim | O12: Wampler | P12: 303 Bank St | Q12: Chesapeake City | R12: MD | S12: 21915 | AA12: 722 | AB12: 725 | AC12: July 22-25 | AD12: 9AM-3PM | AH12: 295 | AJ12: X | AK12: https://usbaseballacademy.com/summer-baseball-camp-in-perrysville | AR12: Y
A13: X | B13: A-NEW | E13: USBDTUL-S | F13: USBA Tullahoma | G13: Johnson Lane Recreation Area | H13: 502 Rock Creek Rd | I13: Tullahoma | J13: TN | K13: 37388 | L13: cbrown@sdccd.edu | N13: Chris | O13: Brown | P13: 14809 Presilla Dr | Q13: Jamul | R13: CA | S13: 91935 | U13: 619-212-0928 | AA13: 610 | AB13: 613 | AC13: June 10-13 | AD13: 9AM-3PM | AH13: 270 | AJ13: X | AK13: https://usbaseballacademy.com/summer-baseball-camp-in-tullahoma/ | AL13: X | AO13: X | AP13: X | AR13: Y | AU13: 1
A14: X | B14: B-NEW | E14: USBDAND-S | F14: Anderson County HS | G14: Anderson County Park Field #1 | H14: 1026 County Park Rd | I14: Lawrenceburg | J14: KY | K14: 40342 | L14: l.barnes@anderson.kyschools.us | N14: LW | O14: Barnes | P14: 1508 Ruddy Rd | Q14: Lawrenceburg | R14: KY | S14: 40342 | U14: 502-664-7540 | AA14: 624 | AB14: 627 | AC14: June 24-27 | AD14: 9AM-3PM | AH14: 295 | AJ14: X | AK14: https://usbaseballacademy.com/summer-baseball-camp-in-lawrenceburg/ | AO14: X | AP14: X | AR14: Y | AU14: 2
A15: X | B15: B-NEW | E15: USBDCG-S | F15: Central Gwinnett HS | H15: 564 W. Crogan St. | I15: Lawrenceville | J15: GA | K15: 30046 | L15: karl.craig@gcpsk12.org | N15: Karl | O15: Craig | P15: 3657 Talon View Ct. | Q15: Auburn | R15: GA | S15: 30011 | U15: 678-349-1321 | AA15: 708 | AB15: 711 | AC15: July 8-11 | AD15: 9AM-3PM | AH15: 295 | AJ15: X | AK15: https://usbaseballacademy.com/summer-baseball-camp-in-lawrenceville/ | AO15: X | AP15: X | AR15: Y | AU15: 3
A16: X | B16: B-NEW | E16: USBDCA-S | F16: Coastal Alabama CC South | H16: 1900 US Hwy 31 | I16: Bay Minette | J16: AL | K16: 36507 | L16: jd.pruitt@coastalalabama.edu | N16: JD | O16: Pruitt | P16: 10526 Brodick Loop | Q16: Spanish Fort | R16: AL | S16: 36527 | U16: 334-714-7994 | AA16: 715 | AB16: 718 | AC16: July 15-18 | AD16: 9AM-3PM | AH16: 270 | AI16: 295 | AJ16: X | AK16: https://usbaseballacademy.com/summer-baseball-camp-in-bay-minette/ | AO16: X | AP16: X | AR16: Y | AU16: 3
A17: X | B17: B-NEW | E17: USBDCSS-S | F17: College of Saint Scholastica | H17: 1200 Kenwood Ave | I17: Duluth | J17: MN | K17: 55811 | L17: brepking@css.edu | N17: Brooks | O17: Repking | P17: 4891 Tamarack Ln., Unit E | Q17: Hermantown | R17: MN | S17: 55811 | U17: 715-470-0416 | AA17: 708 | AB17: 711 | AC17: July 8-11 | AD17: 9AM-3PM | AH17: 295 | AJ17: X | AK17: https://usbaseballacademy.com/summer-baseball-camp-in-duluth/ | AO17: X | AP17: X | AR17: Y | AU17: 3
A18: X | B18: B-NEW | E18: USBDCD-S | F18: College of the Desert | H18: 43-500 Monterey Ave | I18: Palm Desert | J18: CA | K18: 92260 | L18: sdimatteo@collegeofthedesert.edu | N18: Sam | O18: Dimatteo | P18: 44456 San Pascual Ave | Q18: Palm Desert | R18: CA | S18: 92260 | U18: 724-622-7682 | AA18: 716 | AB18: 719 | AC18: July 16-19 | AD18: 9AM-3PM | AH18: 320 | AJ18: X | AK18: https://usbaseballacademy.com/summer-baseball-camp-in-palm-desert/ | AO18: X | AP18: X | AR18: Y | AU18: 3
A19: X | B19: B-NEW | E19: USBDIC-S | F19: Gambrills Athletic Club | H19: 682 McKew Rd | I19: Gambrills | J19: MD | K19: 21054 | L19: mfoster1146@gmail.com | N19: Matt | O19: Foster | U19: 410-402-4223 | AA19: 715 | AB19: 718 | AC19: July 15-18 | AD19: 9AM-3PM | AH19: 295 | AJ19: X | AK19: https://usbaseballacademy.com/summer-baseball-camp-in-crownsville/ | AO19: X | AP19: X | AR19: Y | AU19: 2
A20: X | B20: B-NEW | E20: USBDMC-S | F20: McCollum HS | H20: 500 W Formosa Blvd | I20: San Antonio | J20: TX | K20: 78221 | L20: ivan.mason@myhisd.net | N20: Ivan | O20: Mason | P20: 7818 Braun Way | Q20: San Antonio | R20: TX | S20: 78245 | U20: 210-268-9964 | AA20: 624 | AB20: 627 | AC20: June 24-27 | AD20: 9AM-3PM | AH20: 295 | AJ20: X | AK20: https://usbaseballacademy.com/summer-baseball-camp-in-san-antonio-mccollum-hs/ | AO20: X | AP20: X | AR20: Y
B21: C-2ND | E21: USBDAI-S | F21: Alameda International HS | H21: 1255 S Wadsworth Blvd | I21: Lakewood | J21: CO | K21: 80232 | L21: tom.dillingham@outlook.com | N21: Tom | O21: Dillingham | P21: 8102 W. 22nd Way | Q21: Lakewood | R21: CO | S21: 80214 | U21: 720-480-8955 | AA21: 716 | AB21: 719 | AC21: July 16-19 | AD21: 9AM-3PM | AH21: 295 | AJ21: X | AK21: https://usbaseballacademy.com/summer-baseball-camp-in-lakewood/ | AO21: X | AP21: X | AR21: Y
B22: C-2ND | E22: USBDALL-S | F22: Alliance HS | H22: 400 Glamorgan St. | I22: Alliance | J22: OH | K22: 44601 | L22: grafficeje@alliancecityschools.org | N22: Jeff | O22: Graffice | P22: 1540 Northwood Ave | Q22: Alliance | R22: OH | S22: 44601 | U22: 330-581-3361 | AA22: 715 | AB22: 718 | AC22: July 15-18 | AD22: 9AM-3PM | AH22: 270 | AJ22: X | AK22: https://usbaseballacademy.com/summer-baseball-camp-in-alliance/ | AO22: X | AP22: X | AR22: Y | AU22: 3
B23: C-2ND | E23: USBDAV-S | F23: Apple Valley HS | H23: 11837 Navajo Rd | I23: Apple Valley | J23: CA | K23: 92308 | L23: h2o5150@aol.com | N23: Jeff | O23: Bougher | P23: 15310 Tuscola Rd | Q23: Apple Valley | R23: CA | S23: 92307 | U23: 760-617-5993 | AA23: 624 | AB23: 627 | AC23: June 24-27 | AD23: 9AM-3PM | AH23: 320 | AJ23: X | AK23: https://usbaseballacademy.com/summer-baseball-camp-in-apple-valley/ | AO23: X | AP23: X | AR23: Y | AU23: 2
B24: C-2ND | E24: USBDBBA1-S | F24: Ballistic Baseball Academy - Week 1 | G24: Boardman HS | H24: 7777 Glenwood Ave | I24: Boardman | J24: OH | K24: 44512 | L24: chris.cosentino5@gmail.com | N24: Chris | O24: Cosentino | P24: 200 McClurg Rd | Q24: Boardman | R24: OH | S24: 44512 | U24: 330-502-3367 | AA24: 610 | AB24: 613 | AC24: June 10-13 | AD24: 9AM-3PM | AH24: 295 | AJ24: X | AK24: https://usbaseballacademy.com/summer-baseball-camp-in-boardman/ | AO24: X | AP24: X | AR24: Y | AU24: 1
B25: C-2ND | E25: USBDBBA2-S | F25: Ballistic Baseball Academy - Week 2 | G25: Boardman HS | H25: 7777 Glenwood Ave | I25: Boardman | J25: OH | K25: 44512 | L25: chris.cosentino5@gmail.com | N25: Chris | O25: Cosentino | P25: 200 McClurg Rd | Q25: Boardman | R25: OH | S25: 44512 | U25: 330-502-3367 | AA25: 715 | AB25: 718 | AC25: July 15-18 | AD25: 9AM-3PM | AH25: 295 | AJ25: X | AK25: https://usbaseballacademy.com/summer-baseball-camp-in-boardman/ | AO25: X | AP25: X | AR25: Y | AU25: 1
B26: C-2ND | D26: 43 | E26: USBDCAP-S | F26: Capital HS | H26: 4851 Paseo Del Sol | I26: Santa Fe | J26: NM | K26: 87507 | L26: nisalazar@sfps.k12.nm.us | N26: Nicholas | O26: Salazar | P26: 58 Calle Agua Clara | Q26: Santa Fe | R26: NM | S26: 87508 | U26: 505-688-8651 | AA26: 624 | AB26: 627 | AC26: June 24-27 | AD26: 9AM-3PM | AG26: 295 | AH26: 295 | AJ26: X | AK26: https://usbaseballacademy.com/summer-baseball-camp-in-santa-fe/ | AO26: X | AP26: X | AR26: Y | AU26: 2
B27: C-2ND | C27: 24 | D27: 68 | E27: USBDCR1-S | F27: Cardinal Ritter HS - Week 1 | H27: 3360 W 30th St | I27: Indianapolis | J27: IN | K27: 46222 | L27: dscott@cardinalritter.org | N27: Dave | O27: Scott | P27: 4994 Olympia Dr. | Q27: Indianapolis | R27: IN | S27: 46228 | U27: 317-440-8071 | AA27: 617 | AB27: 620 | AC27: June 17-20 | AD27: 9AM-3PM | AG27: 275 | AH27: 270 | AJ27: X | AK27: https://usbaseballacademy.com/summer-baseball-camp-in-indianapolis/ | AO27: X | AP27: X | AR27: Y | AU27: 1
B28: C-2ND | C28: 24 | D28: 68 | E28: USBDCR2-S | F28: Cardinal Ritter HS - Week 2 | H28: 3360 W 30th St | I28: Indianapolis | J28: IN | K28: 46222 | L28: dscott@cardinalritter.org | N28: Dave | O28: Scott | P28: 4994 Olympia Dr. | Q28: Indianapolis | R28: IN | S28: 46228 | U28: 317-440-8071 | AA28: 729 | AB28: 801 | AC28: July 29-August 1 | AD28: 9AM-3PM | AG28: 275 | AH28: 270 | AJ28: X | AK28: https://usbaseballacademy.com/summer-baseball-camp-in-indianapolis/ | AO28: X | AP28: X | AR28: Y | AU28: 1
B29: C-2ND | D29: 56 | E29: USBDCC-S | F29: Chemeketa CC | H29: 4000 Lancaster Dr. NE | I29: Salem | J29: OR | K29: 97305 | L29: gmoser1@chemeketa.edu | N29: Gerhett | O29: Moser | P29: 4 Bolivar St | Q29: Lake Oswego | R29: OR | S29: 97035 | U29: 503-803-5656 | AA29: 624 | AB29: 627 | AC29: June 24-27 | AD29: 9AM-3PM | AG29: 295 | AH29: 295 | AJ29: X | AK29: https://usbaseballacademy.com/summer-baseball-camp-in-salem/ | AO29: X | AP29: X | AR29: Y | AU29: 2
B30: C-2ND | C30: 16 | D30: 47 | E30: USBDDM-S | F30: Dallas Molina HS | H30: 2355 Duncanville Rd | I30: Dallas | J30: TX | K30: 75211 | L30: hensmith@dallasisd.org | N30: Henry | O30: Smith | P30: 1002 Wabash Trail | Q30: Mansfield | R30: TX | S30: 76063 | U30: 817-937-6549 | AA30: 610 | AB30: 613 | AC30: June 10-13 | AD30: 9AM-3PM | AF30: 45 | AG30: 295 | AH30: 295 | AJ30: X | AK30: https://usbaseballacademy.com/summer-baseball-camp-in-dallas/ | AO30: X | AP30: X | AR30: Y | AU30: 1
B31: C-2ND | E31: USBDDG-S | F31: Dave Griffin's Sports Complex | H31: 1200 W Main St | I31: Griffith | J31: IN | K31: 46319 | L31: david.griffin@pnw.edu | N31: Dave | O31: Griffin | P31: 8332 Wyman Dr | Q31: St. John | R31: IN | S31: 46373 | U31: 219-765-6242 | V31: 219-989-8018 | AA31: 624 | AB31: 627 | AC31: June 24-27 | AD31: 9AM-3PM | AG31: 275 | AH31: 270 | AJ31: X | AK31: https://usbaseballacademy.com/summer-baseball-camp-in-griffith/ | AO31: X | AP31: X | AR31: Y | AU31: 2
B32: C-2ND | D32: 15 | E32: USBDDEL2-S | F32: Delta College - Week 2 | H32: 1961 Delta Rd | I32: University Center | J32: MI | K32: 48710 | L32: billycork05@gmail.com | N32: Billy | O32: Cork | P32: 1901 Bro Mor | Q32: Saginaw | R32: MI | S32: 48602 | U32: 989-928-7131 | AA32: 722 | AB32: 725 | AC32: July 22-25 | AD32: 9AM-3PM | AG32: 275 | AH32: 270 | AJ32: X | AK32: https://usbaseballacademy.com/summer-baseball-camp-in-university-center/ | AO32: X | AP32: X | AR32: Y | AU32: 1
B33: C-2ND | C33: 30 | D33: 60 | E33: USBDECN-S | F33: Erie CC North | H33: 6205 Main St | I33: Buffalo | J33: NY | K33: 14221 | L33: bauth@ecc.edu | N33: Joe | O33: Bauth | P33: 16 Windsor Ridge Drive | Q33: Lancaster | R33: NY | S33: 14086 | U33: 716-982-8618 | AA33: 708 | AB33: 711 | AC33: July 8-11 | AD33: 9AM-3PM | AG33: 275 | AH33: 295 | AJ33: X | AK33: https://usbaseballacademy.com/summer-baseball-camp-in-buffalo/ | AO33: X | AP33: X | AR33: Y | AU33: 3
B34: C-2ND | C34: 10 | D34: 43 | E34: USBDFNW-S | F34: F.A.S.T of NW Ohio | G34: Shawnee HS | H34: 3333 Zurmehly Rd | I34: Lima | J34: OH | K34: 45806 | L34: danielgjones17@hotmail.com | N34: Danny | O34: Jones | P34: 822 N. Jefferson Street | Q34: Lima | R34: OH | S34: 45801 | U34: 419-302-5497 | AA34: 708 | AB34: 711 | AC34: July 8-11 | AD34: 9AM-3PM | AF34: 40 | AG34: 255 | AH34: 270 | AJ34: X | AK34: https://usbaseballacademy.com/summer-baseball-camp-in-lima/ | AO34: X | AP34: X | AR34: Y | AU34: 3
B35: C-2ND | C35: 29 | D35: 39 | E35: USBDFLC1-S | F35: Finger Lakes CC - Week 1 | H35: 3325 Marvin Sands Dr | I35: Canandaigua | J35: NY | K35: 14424 | L35: sean.marren@flcc.edu | N35: Sean | O35: Marren | P35: 37 Red Post Crescent | Q35: Fairport | R35: NY | S35: 14450 | U35: 585-739-8701 | AA35: 708 | AB35: 711 | AC35: July 8-11 | AD35: 9AM-3PM | AF35: 40 | AG35: 325 | AH35: 320 | AJ35: X | AK35: https://usbaseballacademy.com/summer-baseball-camp-in-canandaigua/ | AO35: X | AP35: X | AR35: Y | AU35: 1
B36: C-2ND | C36: 29 | D36: 39 | E36: USBDFLC2-S | F36: Finger Lakes CC - Week 2 | H36: 3325 Marvin Sands Dr | I36: Canandaigua | J36: NY | K36: 14424 | L36: sean.marren@flcc.edu | N36: Sean | O36: Marren | P36: 37 Red Post Crescent | Q36: Fairport | R36: NY | S36: 14450 | U36: 585-739-8701 | AA36: 722 | AB36: 725 | AC36: July 22-25 | AD36: 9AM-3PM | AF36: 40 | AG36: 325 | AH36: 320 | AJ36: X | AK36: https://usbaseballacademy.com/summer-baseball-camp-in-canandaigua/ | AO36: X | AP36: X | AR36: Y | AU36: 1
B37: C-2ND | E37: USBDFLH-S | F37: Firelands HS | H37: 10521 Vermilion Rd | I37: Oberlin | J37: OH | K37: 44074 | L37: dransom0010@gmail.com | N37: Dan | O37: Ransom | P37: 8098 Rice Rd. | Q37: Amherst | R37: OH | S37: 44011 | U37: 440-724-9036 | AA37: 708 | AB37: 711 | AC37: July 8-11 | AD37: 9AM-3PM | AH37: 270 | AJ37: X | AO37: X | AP37: X | AR37: Y
B38: C-2ND | E38: USBDGCC2-S | F38: Genesee CC - Week 2 | H38: 1 College Rd | I38: Batavia | J38: NY | K38: 14020 | L38: ssherman@genesee.edu | N38: Skip | O38: Sherman | P38: 17295 Taylor Rd. | Q38: Holley | R38: NY | S38: 14470 | U38: 585-350-9397 | AA38: 715 | AB38: 718 | AC38: July 15-18 | AD38: 9AM-3PM | AH38: 295 | AJ38: X | AK38: https://usbaseballacademy.com/summer-baseball-camp-in-batavia/ | AO38: X | AP38: X | AR38: Y
B39: C-2ND | C39: 55 | D39: 91 | E39: USBDGSC-S | F39: Glendale Sports Complex | H39: 2200 Fern Lane | I39: Glendale | J39: CA | K39: 91208 | L39: spiropsaltis@aol.com | N39: Spiro | O39: Psaltis | P39: 5769 Summit Crest Dr | Q39: La Canada | R39: CA | S39: 91011 | U39: 818-253-6503 | AA39: 722 | AB39: 725 | AC39: July 22-25 | AD39: 9AM-3PM | AG39: 325 | AH39: 320 | AJ39: X | AK39: https://usbaseballacademy.com/summer-baseball-camp-in-glendale/ | AO39: X | AP39: X | AR39: Y | AU39: 3
B40: C-2ND | E40: USBDGSG1-S | F40: Golden State Grind - Week 1 | G40: Golden State Grind Headquarters | H40: 1745 Arnold Industrial Way | I40: Concord | J40: CA | K40: 94520 | L40: billduby@gmail.com | N40: Bill | O40: Duby | P40: 242 Valley Dr. | Q40: Pleasant Hill | R40: CA | S40: 94523 | U40: 925-383-1819 | AA40: 624 | AB40: 627 | AC40: June 24-27 | AD40: 9AM-3PM | AH40: 320 | AJ40: X | AK40: https://usbaseballacademy.com/summer-baseball-camp-in-concord-ca/ | AO40: X | AP40: X | AR40: Y | AU40: 2
B41: C-2ND | E41: USBDGSG2-S | F41: Golden State Grind - Week 2 | G41: Golden State Grind Headquarters | H41: 1745 Arnold Industrial Way | I41: Concord | J41: CA | K41: 94520 | L41: billduby@gmail.com | N41: Bill | O41: Duby | P41: 242 Valley Dr. | Q41: Pleasant Hill | R41: CA | S41: 94523 | U41: 925-383-1819 | AA41: 722 | AB41: 725 | AC41: July 22-25 | AD41: 9AM-3PM | AH41: 320 | AJ41: X | AK41: https://usbaseballacademy.com/summer-baseball-camp-in-concord-ca/ | AO41: X | AP41: X | AR41: Y | AU41: 2
B42: C-2ND | E42: USBDGLH-S | F42: Gull Lake HS | H42: 7753 N 34th St | I42: Richland | J42: MI | K42: 49083 | L42: rwalters@gulllakecs.org | N42: Reggie | O42: Walters | P42: 11073 E. CD Ave. | Q42: Richland | R42: MI | S42: 49083 | U42: 269-377-3025 | AA42: 715 | AB42: 718 | AC42: July 15-18 | AD42: 9AM-3PM | AH42: 295 | AJ42: X | AK42: https://usbaseballacademy.com/summer-baseball-camp-in-richland/ | AO42: X | AP42: X | AR42: Y | AU42: 3
B43: C-2ND | D43: 81 | E43: USBDCL1-S | F43: Hosted by Chaffey College - Week 1 | H43: 5885 Haven Ave | I43: Rancho Cucamonga | J43: CA | K43: 91737 | L43: andrew.smith@chaffey.edu | N43: Andy | O43: Smith | P43: 2771 N Garey Ave Unit 181 | Q43: Pomano | R43: CA | S43: 91767 | U43: 702-523-1578 | AA43: 722 | AB43: 725 | AC43: July 22-25 | AD43: 9AM-3PM | AF43: 90 | AG43: 325 | AH43: 320 | AJ43: X | AK43: https://usbaseballacademy.com/summer-baseball-camp-in-rancho-cucamonga/ | AO43: X | AP43: X | AR43: Y | AU43: 3
B44: C-2ND | C44: 32 | D44: 61 | E44: USBDIVC1-S | F44: Irvine Valley College - Week 1 | G44: Orange County Great Park Baseball Complex | H44: 8412 Great Park Blvd | I44: Irvine | J44: CA | K44: 92618 | L44: alexagortsas@gmail.com | N44: Alex | O44: Agortsas-asst | P44: 112 Anacapo Court | Q44: Foothill Ranch | R44: CA | S44: 92610 | U44: 949-439-7391 | AA44: 617 | AB44: 620 | AC44: June 17-20 | AD44: 9AM-3PM | AF44: 50 | AG44: 325 | AH44: 320 | AJ44: X | AK44: https://usbaseballacademy.com/summer-baseball-camp-in-irvine/ | AO44: X | AP44: X | AR44: Y | AU44: 1
B45: C-2ND | E45: USBDIVC2-S | F45: Irvine Valley College - Week 2 | G45: Orange County Great Park Baseball Complex | H45: 8412 Great Park Blvd | I45: Irvine | J45: CA | K45: 92618 | L45: alexagortsas@gmail.com | N45: Alex | O45: Agortsas-asst | P45: 112 Anacapo Court | Q45: Foothill Ranch | R45: CA | S45: 92610 | U45: 949-439-7391 | AA45: 715 | AB45: 718 | AC45: July 15-18 | AD45: 9AM-3PM | AF45: 50 | AH45: 320 | AJ45: X | AK45: https://usbaseballacademy.com/summer-baseball-camp-in-irvine/ | AO45: X | AP45: X | AR45: Y
B46: C-2ND | E46: USBDKH1-S | F46: Kuna HS - Week 1 | H46: 637 E. Deer Flat Rd | I46: Kuna | J46: ID | K46: 83634 | L46: dgbouvier@kunaschools.org | N46: Dominic | O46: Bouvier | P46: 1144 E. Winding Creek Dr | Q46: Eagle | R46: ID | S46: 83616 | U46: 208-899-1080 | AA46: 610 | AB46: 613 | AC46: June 10-13 | AD46: 9AM-3PM | AH46: 295 | AJ46: X | AK46: https://usbaseballacademy.com/summer-baseball-camp-in-kuna/ | AO46: X | AP46: X | AR46: Y | AU46: 1
B47: C-2ND | E47: USBDKH2-S | F47: Kuna HS - Week 2 | H47: 637 E. Deer Flat Rd | I47: Kuna | J47: ID | K47: 83634 | L47: dgbouvier@kunaschools.org | N47: Dominic | O47: Bouvier | P47: 1144 E. Winding Creek Dr | Q47: Eagle | R47: ID | S47: 83616 | U47: 208-899-1080 | AA47: 708 | AB47: 711 | AC47: July 8-11 | AD47: 9AM-3PM | AH47: 295 | AJ47: X | AK47: https://usbaseballacademy.com/summer-baseball-camp-in-kuna/ | AO47: X | AP47: X | AR47: Y | AU47: 1
B48: C-2ND | E48: USBDLS-S | F48: Lakeside HS | H48: 32593 Riverside Dr | I48: Lake Elsinore | J48: CA | K48: 92530 | L48: casey.flannery@leusd.k12.ca.us | N48: Casey | O48: Flannery | P48: 27286 Lasso Way | Q48: Corona | R48: CA | S48: 92883 | U48: 951-566-6240 | AA48: 610 | AB48: 613 | AC48: June 10-13 | AD48: 9AM-3PM | AH48: 320 | AJ48: X | AK48: https://usbaseballacademy.com/summer-baseball-camp-in-lake-elsinore/ | AO48: X | AP48: X | AR48: Y | AU48: 1
B49: C-2ND | C49: 15 | D49: 34 | E49: USBDMP-S | F49: Mercyhurst Prep HS | H49: 538 E Grandview Blvd | I49: Erie | J49: PA | K49: 16504 | L49: durk18@velocity.net | N49: Randy | O49: Durkoske | P49: 1026 W.33rd St | Q49: Erie | R49: PA | S49: 16508 | U49: 814-860-4285 | AA49: 624 | AB49: 627 | AC49: June 24-27 | AD49: 9AM-3PM | AG49: 275 | AH49: 270 | AJ49: X | AK49: https://usbaseballacademy.com/summer-baseball-camp-in-erie/ | AO49: X | AP49: X | AR49: Y | AU49: 2
B50: C-2ND | C50: 32 | D50: 71 | E50: USBDMES-S | F50: Mesa CC | H50: 1833 W Southern | I50: Mesa | J50: AZ | K50: 85202 | L50: tcirelli@mesacc.edu | N50: Tony | O50: Cirelli | P50: 8348 E. Columbus Ave | Q50: Scottsdale | R50: AZ | S50: 85251 | U50: 480-296-8959 | AA50: 617 | AB50: 620 | AC50: June 17-20 | AD50: 9AM-3PM | AF50: No Max | AG50: 295 | AH50: 295 | AJ50: X | AK50: https://usbaseballacademy.com/summer-baseball-camp-in-mesa/ | AO50: X | AP50: X | AR50: Y | AU50: 1
B51: C-2ND | D51: 101 | E51: USBDMBC1-S | F51: Mt Bethel Christian Academy - Week 1 | H51: 2509 Post Oak Tritt Rd | I51: Marietta | J51: GA | K51: 30062 | L51: eric.mcafee@mtbethelchristian.org | N51: Eric | O51: McAfee | P51: 310 Knotts Circle | Q51: Woodstock | R51: GA | S51: 30188 | U51: 770-905-7772 | AA51: 624 | AB51: 627 | AC51: June 24-27 | AD51: 9AM-3PM | AF51: 80 | AG51: 275 | AH51: 270 | AI51: 295 | AJ51: X | AK51: https://usbaseballacademy.com/summer-baseball-camp-in-marietta/ | AO51: X | AP51: X | AR51: Y | AU51: 2
B52: C-2ND | D52: 101 | E52: USBDMBC2-S | F52: Mt Bethel Christian Academy - Week 2 | H52: 2509 Post Oak Tritt Rd | I52: Marietta | J52: GA | K52: 30062 | L52: eric.mcafee@mtbethelchristian.org | N52: Eric | O52: McAfee | P52: 310 Knotts Circle | Q52: Woodstock | R52: GA | S52: 30188 | U52: 770-905-7772 | AA52: 715 | AB52: 718 | AC52: July 15-18 | AD52: 9AM-3PM | AF52: 80 | AG52: 275 | AH52: 270 | AI52: 295 | AJ52: X | AK52: https://usbaseballacademy.com/summer-baseball-camp-in-marietta/ | AO52: X | AP52: X | AR52: Y | AU52: 2
B53: C-2ND | E53: USBDOL-S | F53: Oak Lawn HS | G53: Spartan Athletic Complex | H53: 4400 W 93rd St | I53: Oak Lawn | J53: IL | K53: 60453 | L53: williamgerny@gmail.com | N53: Bill | O53: Gerny | P53: 3538 Grand Blvd | Q53: Brookfield | R53: IL | S53: 60513 | U53: 708-218-5588 | AA53: 617 | AB53: 620 | AC53: June 17-20 | AD53: 9AM-3PM | AH53: 295 | AJ53: X | AK53: https://usbaseballacademy.com/summer-baseball-camp-in-oak-lawn/ | AO53: X | AP53: X | AR53: Y | AU53: 1
B54: C-2ND | C54: 17 | D54: 33 | E54: USBDOH-S | F54: Ottawa Hills HS | H54: 2532 Evergreen Rd | I54: Toledo | J54: OH | K54: 43606 | L54: chardman@ohschools.org | N54: Chris | O54: Hardman | P54: 4939 Park Place Blvd. | Q54: Sylvania | R54: OH | S54: 43560 | U54: 419-410-8096 | AA54: 624 | AB54: 627 | AC54: June 24-27 | AD54: 9AM-3PM | AG54: 275 | AH54: 270 | AJ54: X | AK54: https://usbaseballacademy.com/summer-baseball-camp-in-toledo/ | AO54: X | AP54: X | AR54: Y | AU54: 2
B55: C-2ND | E55: USBDPKS-S | F55: Perkiomen School | H55: 200 Seminary St | I55: Pennsburg | J55: PA | K55: 18073 | L55: kbaker@perkiomen.org | N55: Ken | O55: Baker | P55: 196 State St | Q55: East Greenville | R55: PA | S55: 19041 | U55: 267-909-0361 | AA55: 708 | AB55: 711 | AC55: July 8-11 | AD55: 9AM-3PM | AH55: 270 | AI55: 295 | AJ55: X | AK55: https://usbaseballacademy.com/summer-baseball-camp-in-pennsburg/ | AO55: X | AP55: X | AR55: Y | AU55: 3
B56: C-2ND | C56: 23 | D56: 50 | E56: USBDRICH-S | F56: Richwoods HS | H56: 6301 N University | I56: Peoria | J56: IL | K56: 61614 | L56: michael_dunne@att.net | N56: Mike | O56: Dunne | P56: 5115 W Ancient Oak Dr. | Q56: Peoria | R56: IL | S56: 61615 | U56: 309-427-0849 | Y56: June 12-15 | Z56: 9AM-3PM | AA56: 617 | AB56: 620 | AC56: June 17-20 | AD56: 9AM-3PM | AG56: 275 | AH56: 270 | AI56: 295 | AJ56: X | AK56: https://usbaseballacademy.com/summer-baseball-camp-in-peoria/ | AO56: X | AP56: X | AR56: Y | AU56: 1
B57: C-2ND | D57: 50 | E57: USBDRID1-S | F57: Ridgeland HS - Week 1 | H57: 586 Sunnybrook Rd | I57: Ridgeland | J57: MS | K57: 39157 | L57: cha100@madison-schools.com | N57: Eddie | O57: Easley | P57: 113 Palin Dr | Q57: Madison | R57: MO | S57: 39110 | U57: 601-606-0377 | AA57: 617 | AB57: 620 | AC57: June 17-20 | AD57: 9AM-3PM | AG57: 275 | AH57: 270 | AJ57: X | AK57: https://usbaseballacademy.com/summer-baseball-camp-in-ridgeland/ | AO57: X | AP57: X | AR57: Y | AU57: 2
B58: C-2ND | D58: 50 | E58: USBDRID2-S | F58: Ridgeland HS - Week 2 | G58: Freedom Ridge Park | H58: 235 West School St. | I58: Ridgeland | J58: MS | K58: 39157 | L58: cha100@madison-schools.com | N58: Eddie | O58: Easley | P58: 113 Palin Dr | Q58: Madison | R58: MO | S58: 39110 | U58: 601-606-0377 | AA58: 715 | AB58: 718 | AC58: July 15-18 | AD58: 9AM-3PM | AG58: 275 | AH58: 270 | AJ58: X | AK58: https://usbaseballacademy.com/summer-baseball-camp-in-ridgeland/ | AO58: X | AP58: X | AR58: Y | AU58: 2
B59: C-2ND | D59: 36 | E59: USBDRUS-S | F59: Russell HS | H59: 709 Red Devil Ln. | I59: Russell | J59: KY | K59: 41169 | L59: tim.rice@russellind.kyschools.us | N59: Tim | O59: Rice | P59: 2419 Bradley DR | Q59: Ashland | R59: KY | S59: 41101 | U59: 606-571-2355 | AA59: 617 | AB59: 620 | AC59: June 17-20 | AD59: 9AM-3PM | AG59: 255 | AH59: 270 | AI59: 295 | AJ59: X | AK59: https://usbaseballacademy.com/summer-baseball-camp-in-russell/ | AO59: X | AP59: X | AR59: Y | AU59: 1
B60: C-2ND | C60: 85 | D60: 140 | E60: USBDSDC1-S | F60: San Diego City College - Week 1 | G60: Morley Field | H60: 2221 Morley Field Dr | I60: San Diego | J60: CA | K60: 92104 | L60: cbrown@sdccd.edu | N60: Chris | O60: Brown | P60: 14809 Presilla Dr | Q60: Jamul | R60: CA | S60: 91935 | U60: 619-212-0928 | AA60: 708 | AB60: 711 | AC60: July 8-11 | AD60: 9AM-3PM | AG60: 325 | AH60: 320 | AJ60: X | AK60: https://usbaseballacademy.com/summer-baseball-camp-in-san-diego/ | AO60: X | AP60: X | AR60: Y | AU60: 3
B61: C-2ND | C61: 85 | D61: 140 | E61: USBDSDC2-S | F61: San Diego City College - Week 2 | G61: Morley Field | H61: 2221 Morley Field Dr | I61: San Diego | J61: CA | K61: 92104 | L61: cbrown@sdccd.edu | N61: Chris | O61: Brown | P61: 14809 Presilla Dr | Q61: Jamul | R61: CA | S61: 91935 | U61: 619-212-0928 | AA61: 715 | AB61: 718 | AC61: July 15-18 | AD61: 9AM-3PM | AG61: 325 | AH61: 320 | AJ61: X | AK61: https://usbaseballacademy.com/summer-baseball-camp-in-san-diego/ | AO61: X | AP61: X | AR61: Y | AU61: 3
B62: C-2ND | E62: USBDAMJ1-S | F62: Solano CC - Week 1 | H62: 4000 Suisun Valley Rd | I62: Fairfield | J62: CA | K62: 94534 | L62: scott.stover@solano.edu | N62: Scott | O62: Stover | P62: 1601 California Dr Unit B | Q62: Vacaville | R62: CA | S62: 95687 | U62: 707-685-7792 | AA62: 617 | AB62: 620 | AC62: June 17-20 | AD62: 9AM-3PM | AH62: 320 | AJ62: X | AK62: https://usbaseballacademy.com/summer-baseball-camp-in-fairfield/ | AO62: X | AP62: X | AR62: Y | AU62: 2
B63: C-2ND | E63: USBDAMJ2-S | F63: Solano CC - Week 2 | H63: 4000 Suisun Valley Rd | I63: Fairfield | J63: CA | K63: 94534 | L63: scott.stover@solano.edu | N63: Scott | O63: Stover | P63: 1601 California Dr Unit B | Q63: Vacaville | R63: CA | S63: 95687 | U63: 707-685-7792 | AA63: 722 | AB63: 725 | AC63: July 22-25 | AD63: 9AM-3PM | AH63: 320 | AJ63: X | AK63: https://usbaseballacademy.com/summer-baseball-camp-in-fairfield/ | AO63: X | AP63: X | AR63: Y | AU63: 2
B64: C-2ND | D64: 38 | E64: USBDSGT1-S | F64: St. Georges Tech HS - Week 1 | H64: 555 Hyetts Corner Dr | I64: Middletown | J64: DE | K64: 19709 | L64: william.rodgers@nccvt.k12.de.us | N64: Jeff | O64: Rodgers | P64: 737 Stanford White Way | Q64: Middletown | R64: DE | S64: 19709 | U64: 302-650-8071 | AA64: 617 | AB64: 620 | AC64: June 17-20 | AD64: 9AM-3PM | AG64: 295 | AH64: 295 | AJ64: X | AK64: https://usbaseballacademy.com/summer-baseball-camp-in-middletown/ | AO64: X | AP64: X | AR64: Y | AU64: 2
B65: C-2ND | D65: 38 | E65: USBDSGT2-S | F65: St. Georges Tech HS - Week 2 | H65: 555 Hyetts Corner Dr | I65: Middletown | J65: DE | K65: 19709 | L65: william.rodgers@nccvt.k12.de.us | N65: Jeff | O65: Rodgers | P65: 737 Stanford White Way | Q65: Middletown | R65: DE | S65: 19709 | U65: 302-650-8071 | AA65: 722 | AB65: 725 | AC65: July 22-25 | AD65: 9AM-3PM | AG65: 295 | AH65: 295 | AJ65: X | AK65: https://usbaseballacademy.com/summer-baseball-camp-in-middletown/ | AO65: X | AP65: X | AR65: Y | AU65: 2
B66: C-2ND | E66: USBDSMC-S | F66: St. Mary's College | H66: 18952 E Fisher Rd | I66: St Mary's City | J66: MD | K66: 20686 | L66: bfstratchko@smcm.edu | N66: Bernie | O66: Stratchko | P66: 5516 Little Brook Dr | Q66: LaPlata | R66: MD | S66: 20646 | U66: 301-399-6960 | AA66: 617 | AB66: 620 | AC66: June 17-20 | AD66: 9AM-3PM | AH66: 295 | AJ66: X | AK66: https://usbaseballacademy.com/summer-baseball-camp-in-st-marys-city/ | AO66: X | AP66: X | AR66: Y | AU66: 1
B67: C-2ND | E67: USBDSUT-S | F67: Sutter Union HS | H67: 2665 Acacia Ave | I67: Sutter | J67: CA | K67: 95982 | L67: speterson@sutterhigh.k12.ca.us | N67: Stewart | O67: Peterson | P67: 8360 Ranch Road | Q67: Sutter | R67: CA | S67: 95982 | U67: 530-300-6527 | AA67: 624 | AB67: 627 | AC67: June 24-27 | AD67: 9AM-3PM | AH67: 320 | AJ67: X | AK67: https://usbaseballacademy.com/summer-baseball-camp-in-sutter-2/ | AO67: X | AP67: X | AR67: Y | AU67: 2
B68: C-2ND | D68: 83 | E68: USBDTU-S | F68: Towson University | G68: John B. Schuerholz Park | H68: Osler Dr. | I68: Towson | J68: MD | K68: 21204 | L68: mruppenthal@towson.edu | N68: Mike | O68: Ruppenthal | P68: ﻿1601 Mussula Rd | Q68: Towson | R68: MD | S68: 21286 | U68: 248-885-2310 | AA68: 729 | AB68: 801 | AC68: July 29-August1 | AD68: 9AM-3PM | AG68: 295 | AH68: 295 | AJ68: X | AK68: https://usbaseballacademy.com/summer-baseball-camp-in-towson/ | AO68: X | AP68: X | AR68: Y | AU68: 3
B69: C-2ND | E69: USBDTPP-S | F69: Triple Play P3rformance | G69: Hope Mills Park | H69: 5766 Rockfish Rd | I69: Hope Mills | J69: NC | K69: 28348 | L69: tripleplayp3rformance@gmail.com | N69: Henry | O69: Brower | P69: 5011 Brewcastle Lane | Q69: Fayetteville | R69: NC | S69: 28304 | U69: 910-723-5477 | AA69: 715 | AB69: 718 | AC69: July 15-18 | AD69: 9AM-3PM | AH69: 295 | AJ69: X | AK69: https://usbaseballacademy.com/summer-baseball-camp-in-fayetteville/ | AO69: X | AP69: X | AR69: Y
B70: C-2ND | C70: 12 | D70: 49 | E70: USBDUPG1-S | F70: University of Pitt-Greensburg - Week 1 | H70: 150 Finoli Dr | I70: Greensburg | J70: PA | K70: 15601 | L70: sga10@pitt.edu | N70: Scott | O70: Adams | P70: 1001 Orchard Ave. | Q70: Greensburg | R70: PA | S70: 15601 | U70: 724-205-8629 | AA70: 624 | AB70: 627 | AC70: June 24-27 | AD70: 9AM-3PM | AG70: 295 | AH70: 295 | AJ70: X | AK70: https://usbaseballacademy.com/summer-baseball-camp-in-greensburg-pennsylvania/ | AO70: X | AP70: X | AR70: Y | AU70: 2
B71: C-2ND | C71: 12 | D71: 49 | E71: USBDUPG2-S | F71: University of Pitt-Greensburg - Week 2 | H71: 150 Finoli Dr | I71: Greensburg | J71: PA | K71: 15601 | L71: sga10@pitt.edu | N71: Scott | O71: Adams | P71: 1001 Orchard Ave. | Q71: Greensburg | R71: PA | S71: 15601 | U71: 724-205-8629 | AA71: 715 | AB71: 718 | AC71: July 15-18 | AD71: 9AM-3PM | AG71: 295 | AH71: 295 | AJ71: X | AK71: https://usbaseballacademy.com/summer-baseball-camp-in-greensburg-pennsylvania/ | AO71: X | AP71: X | AR71: Y | AU71: 2
B72: C-2ND | D72: 28 | E72: USBDBAY1-S | F72: USBA Bayside - Week 1 | G72: Crocheron Park | H72: 215-01 35th Ave | I72: Bayside | J72: NY | K72: 11361 | L72: info@pegsbaseball.com | N72: Roger | O72: Mischel | P72: 19 Forge Lane | Q72: Levittown | R72: NY | S72: 11756 | U72: 347-992-1736 | AA72: 708 | AB72: 711 | AC72: July 8-11 | AD72: 9AM-3PM | AG72: 295 | AH72: 295 | AJ72: X | AK72: https://usbaseballacademy.com/summer-baseball-camp-in-bayside/ | AL72: X | AO72: X | AP72: X | AR72: Y | AU72: 2
B73: C-2ND | D73: 28 | E73: USBDBAY2-S | F73: USBA Bayside - Week 2 | G73: Crocheron Park | H73: 215-01 35th Ave | I73: Bayside | J73: NY | K73: 11361 | L73: info@pegsbaseball.com | N73: Roger | O73: Mischel | P73: 19 Forge Lane | Q73: Levittown | R73: NY | S73: 11756 | U73: 347-992-1736 | AA73: 729 | AB73: 801 | AC73: July 29-August1 | AD73: 9AM-3PM | AG73: 295 | AH73: 295 | AJ73: X | AK73: https://usbaseballacademy.com/summer-baseball-camp-in-bayside/ | AO73: X | AP73: X | AR73: Y | AU73: 2
B74: C-2ND | E74: USBDJM-S | F74: USBA Encino | G74: Encino Franklin Fields | H74: 17301 Oxnard St. | I74: Encino | J74: CA | K74: 91316 | L74: omckora1@hotmail.com | N74: Omar | O74: Carrillo | P74: 8427 Tobias Ave Unit 41 | Q74: Panorama City | R74: CA | S74: 91402 | U74: 818-642-3511 | AA74: 617 | AB74: 620 | AC74: June 17-20 | AD74: 9AM-3PM | AH74: 320 | AJ74: X | AK74: https://usbaseballacademy.com/summer-baseball-camp-in-north-hills/ | AO74: X | AP74: X | AR74: Y | AU74: 1
B75: C-2ND | E75: USBDUSIN-S | F75: USBA Independence | G75: The Dugout KC | H75: 4466 S. Noland Rd. | I75: Kansas City-Independence | J75: MO | K75: 64055 | L75: coachjosh@spyacad.com | N75: Josh | O75: Lewis | P75: 4466 S. Noland Rd. | Q75: Kansas City-Independence | R75: MO | S75: 64055 | U75: 816-969-0559 | AA75: 708 | AB75: 711 | AC75: July 8-11 | AD75: 9AM-3PM | AH75: 295 | AJ75: X | AK75: https://usbaseballacademy.com/summer-baseball-camp-in-independence/ | AO75: X | AP75: X | AR75: Y | AU75: 2
B76: C-2ND | C76: 44 | D76: 78 | E76: USBDUSLY-S | F76: USBA Lynchburg | G76: Liberty Christian Academy | H76: 3701 Candlers Mountain Rd | I76: Lynchburg | J76: VA | K76: 24502 | L76: randy.tomlin@gmail.com | N76: Randy | O76: Tomlin | P76: 3105 Cranehill Dr. | Q76: Lynchburg | R76: VA | S76: 24503 | U76: 434-941-8511 | Y76: June 19-22 | Z76: 9AM-3PM | AA76: 617 | AB76: 620 | AC76: June 17-20 | AD76: 9AM-3PM | AF76: 85 | AG76: 295 | AH76: 295 | AJ76: X | AK76: https://usbaseballacademy.com/summer-baseball-camp-in-lynchburg/ | AL76: X | AO76: X | AP76: X | AR76: Y | AU76: 1
B77: C-2ND | C77: 17 | D77: 30 | E77: USBDWM-S | F77: Watkins Memorial HS | H77: 1954 Warrior Way SW | I77: Etna | J77: OH | K77: 43062 | L77: dschone@laca.org | N77: Don | O77: Schone | P77: 183 Brandon Dr. | Q77: Pataskala | R77: OH | S77: 43062 | U77: 614-207-1633 | AA77: 624 | AB77: 627 | AC77: June 24-27 | AD77: 9AM-3PM | AG77: 275 | AH77: 270 | AJ77: X | AK77: https://usbaseballacademy.com/summer-baseball-camp-in-etna/ | AO77: X | AP77: X | AR77: Y | AU77: 2
B78: D-RET | C78: 36 | D78: 44 | E78: USBDBCT-S | F78: Bergen County Technical HS | H78: 200 Hackensack Ave | I78: Hackensack | J78: NJ | K78: 7601 | L78: dounac@bergen.org | N78: Doug | O78: Naccara | P78: 41 Mohawk Trail | Q78: West Milford | R78: NJ | S78: O7480 | U78: 973-222-1138 | AA78: 625 | AB78: 628 | AC78: June 25-28 | AD78: 9AM-3PM | AF78: 40-45 (FULL) | AG78: 325 | AH78: 320 | AJ78: X | AK78: https://usbaseballacademy.com/summer-baseball-camp-in-teterboro/ | AL78: X | AO78: X | AP78: X | AR78: Y | AU78: 2
B79: D-RET | C79: 58 | D79: 51 | E79: USBDGH-S | F79: Glencoe HS | H79: 2700 NW Glencoe Rd | I79: Hillsboro | J79: OR | K79: 97124 | L79: ackermaa@hsd.k12.or.us | N79: Andy | O79: Ackerman | P79: 2865 NW Cornelius-Schefflin Rd | Q79: Cornelius | R79: OR | S79: 97113 | U79: 503-477-1935 | AA79: 617 | AB79: 620 | AC79: June 17-20 | AD79: 9AM-3PM | AG79: 295 | AH79: 295 | AJ79: X | AK79: https://usbaseballacademy.com/summer-baseball-camp-in-hillsboro/ | AL79: X | AO79: X | AP79: X | AR79: Y | AU79: 1
B80: D-RET | C80: N/A | D80: 116 | E80: USBDLHS-S | F80: Lehman HS | H80: 1700 Lehman Rd | I80: Kyle | J80: TX | K80: 78640 | L80: Jacob.Kaase@hayscisd.net | N80: Jacob | O80: Kaase | P80: 177 Portulaca Ct. | Q80: Driftwood | R80: TX | S80: 78619 | U80: 512-922-8841 | AA80: 624 | AB80: 627 | AC80: June 24-27 | AD80: 9AM-3PM | AH80: 295 | AK80: https://usbaseballacademy.com/summer-baseball-camp-in-kyle | AO80: X | AP80: X | AR80: Y | AU80: 1 | AW80: | | AY80: | | BA80: | | BC80: | | BF80: | | BH80: | | BJ80: | | BL80: | | BN80: |
B81: D-RET | C81: 30 | D81: 35 | E81: USBDMCCH1-S | F81: Marian Central Catholic HS - Week 1 | H81: 1001 McHenry Ave | I81: Woodstock | J81: IL | K81: 60098 | L81: mattschmidt20@yahoo.com | N81: Matt | O81: Schmidt | P81: 1513 Commodore CT Unit #4 | Q81: Schaumburg | R81: IL | S81: 60193 | U81: 847-664-9962 | AA81: 610 | AB81: 613 | AC81: June 10-13 | AD81: 9AM-3PM | AF81: 35 | AG81: 325 | AH81: 320 | AJ81: X | AK81: https://usbaseballacademy.com/summer-baseball-camp-in-woodstock/ | AL81: X | AO81: X | AP81: X | AR81: Y | AU81: 1
B82: D-RET | C82: 30 | D82: 35 | E82: USBDMCCH2-S | F82: Marian Central Catholic HS - Week 2 | H82: 1001 McHenry Ave | I82: Woodstock | J82: IL | K82: 60098 | L82: mattschmidt20@yahoo.com | N82: Matt | O82: Schmidt | P82: 1513 Commodore CT Unit #4 | Q82: Schaumburg | R82: IL | S82: 60193 | U82: 847-664-9962 | AA82: 708 | AB82: 711 | AC82: July 8-11 | AD82: 9AM-3PM | AF82: 35 | AG82: 325 | AH82: 320 | AJ82: X | AK82: https://usbaseballacademy.com/summer-baseball-camp-in-woodstock/ | AL82: X | AO82: X | AP82: X | AR82: Y | AU82: 1
B83: D-RET | C83: 28 | D83: 39 | E83: USBDROS1-S | F83: Metro Detroit Baseball Club - Week 1 | G83: Bishop Foley HS | H83: 32000 N Campbell Rd | I83: Madison Heights | J83: MI | K83: 48071 | L83: metrodetroitbaseball@gmail.com | N83: Tim | O83: McEvoy | P83: 203 Dewey St. | Q83: Royal Oak | R83: MI | S83: 48067 | U83: 313-378-8457 | AA83: 715 | AB83: 718 | AC83: July 15-18 | AD83: 9AM-3PM | AG83: 295 | AH83: 295 | AJ83: X | AK83: https://usbaseballacademy.com/summer-baseball-camp-in-detroit-madison-heights/ | AO83: X | AP83: X | AR83: Y | AU83: 3
B84: D-RET | C84: 28 | D84: 39 | E84: USBDROS2-S | F84: Metro Detroit Baseball Club - Week 2 | G84: Bishop Foley HS | H84: 32000 N Campbell Rd | I84: Madison Heights | J84: MI | K84: 48071 | L84: metrodetroitbaseball@gmail.com | N84: Tim | O84: McEvoy | P84: 203 Dewey St. | Q84: Royal Oak | R84: MI | S84: 48067 | U84: 313-378-8457 | AA84: 805 | AB84: 808 | AC84: August 5-8 | AD84: 9AM-3PM | AG84: 295 | AH84: 295 | AJ84: X | AK84: https://usbaseballacademy.com/summer-baseball-camp-in-detroit-madison-heights/ | AO84: X | AP84: X | AR84: Y | AU84: 3
B85: D-RET | C85: 38 | D85: 38 | E85: USBDMSJ-S | F85: Mount San Jacinto College | H85: 1499 N State St | I85: San Jacinto | J85: CA | K85: 92583 | L85: jhansen@msjc.edu | N85: Jake | O85: Hansen | P85: 1002 Torole Circle | Q85: Vista | R85: CA | S85: 92084 | U85: 661-487-0348 | AA85: 610 | AB85: 613 | AC85: June 10-13 | AD85: 9AM-3PM | AF85: 40-50 | AG85: 325 | AH85: 320 | AJ85: X | AK85: https://usbaseballacademy.com/summer-baseball-camp-in-san-jacinto/ | AL85: X | AO85: X | AP85: X | AR85: Y | AU85: 1
B86: D-RET | C86: 12 | D86: 46 | E86: USBDBTW-S | F86: Norview HS | H86: 6501 Chesapeake Blvd | I86: Norfolk | J86: VA | K86: 23513 | L86: berryt1978@gmail.com | N86: Thad | O86: Berry | P86: 8447 Chesapeake Blvd. | Q86: Norfolk | R86: VA | S86: 23518 | U86: 859-285-7731 | AA86: 610 | AB86: 613 | AC86: June 10-13 | AD86: 9AM-3PM | AG86: 295 | AH86: 295 | AJ86: X | AK86: https://usbaseballacademy.com/summer-baseball-camp-in-norfolk/ | AL86: X | AO86: X | AP86: X | AR86: Y | AU86: 1
B87: D-RET | E87: USBDBTW2-S | F87: Norview HS - Week 2 | H87: 6501 Chesapeake Blvd | I87: Norfolk | J87: VA | K87: 23513 | L87: berryt1978@gmail.com | N87: Thad | O87: Berry | P87: 8447 Chesapeake Blvd. | Q87: Norfolk | R87: VA | S87: 23518 | U87: 859-285-7731 | AA87: 729 | AB87: 801 | AC87: July 29-August1 | AD87: 9AM-3PM | AG87: 295 | AH87: 295 | AJ87: X | AK87: https://usbaseballacademy.com/summer-baseball-camp-in-norfolk/ | AL87: X | AO87: X | AP87: X | AR87: Y | AU87: 1
B88: D-RET | D88: 81 | E88: USBDTH-S | F88: Taft HS | H88: 11600 Culebra Rd | I88: San Antonio | J88: TX | K88: 78253 | L88: billy.craft@nisd.net | N88: Billy | O88: Craft | P88: 8815 Silent Oaks | Q88: San Antonio | R88: TX | S88: 78250 | U88: 210-827-5125 | W88: x | AA88: 715 | AB88: 718 | AC88: July 15-18 | AD88: 9AM-3PM | AF88: 90-100 | AG88: 295 | AH88: 295 | AJ88: X | AK88: https://usbaseballacademy.com/summer-baseball-camp-in-san-antonio/ | AL88: X | AO88: X | AP88: X | AR88: Y | AU88: 3
B89: D-RET | C89: 21 | D89: 22 | E89: USBDUSC1-S | F89: University of South Carolina Sumter - Week 1 | H89: 100 University Dr | I89: Sumter | J89: SC | K89: 29150 | L89: thomp759@email.sc.edu | N89: Will | O89: Thompson | P89: 306 Aberlour Drive | Q89: Sumter | R89: SC | S89: 29154 | U89: 864-590-1912 | AA89: 610 | AB89: 613 | AC89: June 10-13 | AD89: 9AM-3PM | AG89: 275 | AH89: 295 | AJ89: X | AK89: https://usbaseballacademy.com/summer-baseball-camp-in-sumter/ | AL89: X | AO89: X | AP89: X | AR89: Y | AU89: 1
B90: D-RET | C90: 21 | D90: 22 | E90: USBDUSC2-S | F90: University of South Carolina Sumter - Week 2 | H90: 100 University Dr | I90: Sumter | J90: SC | K90: 29150 | L90: thomp759@email.sc.edu | N90: Will | O90: Thompson | P90: 306 Aberlour Drive | Q90: Sumter | R90: SC | S90: 29154 | U90: 864-590-1912 | AA90: 708 | AB90: 711 | AC90: July 8-11 | AD90: 9AM-3PM | AG90: 275 | AH90: 295 | AJ90: X | AK90: https://usbaseballacademy.com/summer-baseball-camp-in-sumter/ | AL90: X | AO90: X | AP90: X | AR90: Y | AU90: 1
B91: D-RET | E91: USBDTCA-S | F91: USBA Philadelphia | G91: The Christian Academy | H91: 4301 Chandler Dr. | I91: Brookhaven | J91: PA | K91: 19015 | L91: jwisnewski@dccs.org | N91: Jeff | O91: Wisnewski | P91: 509 Walnut Hill Rd | Q91: West Chester | R91: PA | S91: 19382 | U91: 610-357-5881 | AA91: 708 | AB91: 711 | AC91: July 8-11 | AD91: 9AM-3PM | AH91: 295 | AJ91: X | AK91: https://usbaseballacademy.com/summer-baseball-camp-in-philadelphia-newtown-square/ | AO91: X | AP91: X | AR91: Y | AU91: 2
B92: D-RET | D92: 28 | E92: USBDPQ-S | F92: USBA Piqua | G92: Hardman Field | H92: 1300 Forest Ave | I92: Piqua | J92: OH | K92: 45356 | L92: rdgold14@yahoo.com | N92: Rick | O92: Gold | P92: 991 E Peterson Rd | Q92: Piqua | R92: OH | S92: 45356 | U92: 937-418-1668 | AA92: 617 | AB92: 620 | AC92: June 17-20 | AD92: 9AM-3PM | AG92: 275 | AH92: 270 | AI92: 295 | AJ92: X | AK92: https://usbaseballacademy.com/summer-baseball-camp-in-piqua/ | AL92: X | AO92: X | AP92: X | AR92: Y | AU92: 1
B93: D-RET | D93: 19 | E93: USBDRSV2-S | F93: USBA Roseville - Week 2 | G93: Roseville Jr. Sports Stadium | H93: 29700 Pinehurst St. | I93: Roseville | J93: MI | K93: 48066 | L93: cliffhowe23@gmail.com | N93: Cliff | O93: Howe | P93: 19138 Colorado St | Q93: Roseville | R93: MI | S93: 48066 | U93: 248-240-4756 | AA93: 715 | AB93: 718 | AC93: July 15-18 | AD93: 9AM-3PM | AG93: 295 | AH93: 295 | AJ93: X | AK93: https://usbaseballacademy.com/summer-baseball-camp-in-detroit-roseville/ | AO93: X | AP93: X | AR93: Y | AU93: 2
B94: D-RET | D94: 28 | E94: USBDWCH1-S | F94: Worthington Christian HS - Week 1 | H94: 1485 Lazelle Rd. | I94: Worthington | J94: OH | K94: 43081 | L94: brian.j.mohr13@gmail.com | N94: Brian | O94: Mohr | P94: 400 E Wilson Bridge Rd, Suite O | Q94: Worthington | R94: OH | S94: 43085 | U94: 614-432-2423 | AA94: 610 | AB94: 613 | AC94: June 10-13 | AD94: 9AM-3PM | AG94: 295 | AH94: 295 | AJ94: X | AK94: https://usbaseballacademy.com/summer-baseball-camp-in-worthington/ | AL94: X | AO94: X | AP94: X | AR94: Y | AU94: 1
B95: D-RET | D95: 28 | E95: USBDWCH2-S | F95: Worthington Christian HS - Week 2 | H95: 1485 Lazelle Rd. | I95: Worthington | J95: OH | K95: 43081 | L95: brian.j.mohr13@gmail.com | N95: Brian | O95: Mohr | P95: 400 E Wilson Bridge Rd, Suite O | Q95: Worthington | R95: OH | S95: 43085 | U95: 614-432-2423 | AA95: 708 | AB95: 711 | AC95: July 8-11 | AD95: 9AM-3PM | AG95: 295 | AH95: 295 | AJ95: X | AK95: https://usbaseballacademy.com/summer-baseball-camp-in-worthington/ | AL95: X | AO95: X | AP95: X | AR95: Y | AU95: 1
B96: Q-CHUCK | D96: 10 | E96: USBDUSPA1-S | F96: USBA Pasadena - Week 1 | G96: Bay Area Texas Baseball | H96: 14500 Village Evergreen Trail | I96: Houston | J96: TX | K96: 77062 | L96: chuckmcelroysports16@yahoo.com | N96: Chuck | O96: McElroy | P96: 238 S Egret Bay Blvd #153 | Q96: League City | R96: TX | S96: 77573 | U96: 832-731-8306 | AA96: 624 | AB96: 627 | AC96: June 24-27 | AD96: 9AM-3PM | AG96: 275 | AH96: 295 | AJ96: X | AK96: https://usbaseballacademy.com/summer-baseball-camp-in-houston/ | AL96: X | AO96: X | AP96: X | AR96: Y | AU96: 2
B97: Q-CHUCK | D97: 10 | E97: USBDUSPA2-S | F97: USBA Pasadena - Week 2 | G97: Bay Area Texas Baseball | H97: 14500 Village Evergreen Trail | I97: Houston | J97: TX | K97: 77062 | L97: chuckmcelroysports16@yahoo.com | N97: Chuck | O97: McElroy | P97: 238 S Egret Bay Blvd #153 | Q97: League City | R97: TX | S97: 77573 | U97: 832-731-8306 | AA97: 722 | AB97: 725 | AC97: July 22-25 | AD97: 9AM-3PM | AG97: 275 | AH97: 295 | AJ97: X | AK97: https://usbaseballacademy.com/summer-baseball-camp-in-houston/ | AL97: X | AO97: X | AP97: X | AR97: Y | AU97: 2
B98: R-RYAN | D98: 24 | E98: USBDUSHA-S | F98: USBA Burnsville | G98: Sue Fischer Memorial Park | H98: 12700 Vincent Ave South | I98: Burnsville | J98: MN | K98: 55337 | L98: rschwertman@starterssportstraining.com | N98: Ryan | O98: Schwertman | P98: 8595 Moraine Dr. | Q98: Shakopee | R98: MN | S98: 55379 | U98: 952-212-7283 | AA98: 715 | AB98: 718 | AC98: July 15-18 | AD98: 9AM-3PM | AG98: 295 | AH98: 295 | AJ98: X | AK98: https://usbaseballacademy.com/summer-baseball-camp-in-burnsville/ | AL98: X | AO98: X | AP98: X | AR98: Y | AU98: 2
A99: X | B99: R-RYAN | E99: USBDUSCH-S | F99: USBA Chanhassen | G99: Lake Ann Park | H99: 1456 West 78th St | I99: Chanhassen | J99: MN | K99: 55317 | L99: rschwertman@starterssportstraining.com | N99: Ryan | O99: Schwertman | P99: 8595 Moraine Dr. | Q99: Shakopee | R99: MN | S99: 55379 | U99: 952-212-7283 | AA99: 624 | AB99: 627 | AC99: June 24-27 | AD99: 9AM-3PM | AH99: 295 | AJ99: X | AK99: https://usbaseballacademy.com/summer-baseball-camp-in-chanhassen/ | AL99: X | AO99: X | AP99: X | AR99: Y | AU99: 2
A100: X | B100: R-RYAN | E100: USBDUWAC-S | F100: USBA Waconia | G100: Brooke Peterson Field 6 | H100: 1400 Oak Ave | I100: Waconia | J100: MN | K100: 55387 | L100: rschwertman@starterssportstraining.com | N100: Ryan | O100: Schwertman | P100: 8595 Moraine Dr. | Q100: Shakopee | R100: MN | S100: 55379 | U100: 952-212-7283 | AA100: 722 | AB100: 725 | AC100: July 22-25 | AD100: 9AM-3PM | AJ100: X | AK100: https://usbaseballacademy.com/summer-baseball-camp-in-waconia/ | AO100: X | AP100: X | AR100: Y
...

Sheet SUMMER-SOFTBALL
B1: STATUS | C1: FY22 | D1: FY23 | E1: Camp Code | F1: Camp Name | G1: HELD @ | H1: Site address | I1: Site city | J1: State | K1: Zip | L1: Email | M1: First Name | N1: Last name | O1: Director address | P1: Director city | Q1: State | R1: Zip | S1: Home # | T1: Cell # | U1: Work # | W1: CONT | X1: CORESPONDING DATES | Y1: CORRES. TIMES | Z1: START | AA1: END | AB1: SUMMER DATES | AC1: CONF. TIMES | AE1: MAX # | AF1: LY$ | AG1: S$ | AH1: DP$ | AI1: PB | AJ1: USSA Landing Page | AK1: UNQ | AN1: CT | AO1: FM | AP1: FS | AS1: SHARK JOCKEY
A2: X | B2: A-NEW | E2: USBDDCTS-S | F2: Dallas Christian HS | H2: 1515 Republic Pkwy. | I2: Mesquite | J2: TX | K2: 75150 | L2: tburgess@dallaschristian.com | M2: Taneshia | N2: Burgess | O2: 535 Lee St | P2: Cedar Hill | Q2: TX | R2: 75104 | T2: 214-533-1386 | Z2: 617 | AA2: 620 | AB2: June 17-20 | AC2: 9am-3pm | AJ2: https://ussoftballacademy.com/summer-softball-camp-in-mesquite/ | AK2: X | AO2: X | AP2: X | AS2: Y | AU2: =H2&","&" "&I2&","&" "&J2&" "&K2 -> 1515 Republic Pkwy., Mesquite, TX 75150
A3: X | B3: A-NEW | E3: USBDFBS-S | F3: Fontainebleau HS | H3: 100 Bulldog Dr. | I3: Mandeville | J3: LA | K3: 70474 | L3: brian.morrow@stpsb.org | M3: Brian | N3: Morrow | O3: 70271 B St. | P3: Covington | Q3: LA | R3: 70433 | T3: 318-816-3769 | Z3: 528 | AA3: 531 | AB3: May 28-31 | AC3: 9am-3pm | AJ3: https://ussoftballacademy.com/summer-softball-camp-in-mandeville/ | AK3: X | AO3: X | AP3: X | AS3: Y | AU3: =H3&","&" "&I3&","&" "&J3&" "&K3 -> 100 Bulldog Dr., Mandeville, LA 70474
A4: X | B4: A-NEW | E4: USBDGSGS-S | F4: Golden State Grind | H4: 1745 Arnold Industrial Way | I4: Concord | J4: CA | K4: 94520 | L4: billduby@gmail.com | M4: Bill | N4: Duby | O4: 242 Valley Dr. | P4: Pleasant Hill | Q4: CA | R4: 94523 | T4: 925-383-1819 | Z4: 708 | AA4: 711 | AB4: July 8-11 | AC4: 9am-3pm | AJ4: https://ussoftballacademy.com/summer-softball-camp-in-concord/ | AK4: X | AO4: X | AP4: X | AS4: Y
A5: X | B5: A-NEW | E5: USBDRBDS-S | F5: Rubidoux HS | H5: 4250 Opal St. | I5: Riverside | J5: CA | K5: 92509 | L5: alicia_jones@jusd.k12.ca.us | M5: Alicia | N5: Jones | O5: 4250 Opal St | P5: Riverside | Q5: CA | R5: 92509 | T5: 909-217-6102 | Z5: 624 | AA5: 627 | AB5: June 24-27 | AC5: 9am-3pm | AJ5: https://ussoftballacademy.com/summer-softball-camp-in-riverside/ | AK5: X | AO5: X | AP5: X | AS5: Y | AU5: =H5&","&" "&I5&","&" "&J5&" "&K5 -> 4250 Opal St., Riverside, CA 92509
A6: X | B6: A-NEW | E6: USBDAMJS1-S | F6: Solano CC - Week 1 | H6: 4000 Suisun Valley Rd | I6: Fairfield | J6: CA | K6: 94534 | L6: scott.stover@solano.edu | M6: Scott | N6: Stover | O6: 1601 California Dr Unit B | P6: Vacaville | Q6: CA | R6: 95687 | T6: 707-685-7792 | Z6: 624 | AA6: 627 | AB6: June 24-27 | AC6: 9am-3pm | AJ6: https://ussoftballacademy.com/summer-softball-camp-in-fairfield/ | AK6: X | AO6: X | AP6: X | AS6: Y
A7: X | B7: A-NEW | E7: USBDAMJS2-S | F7: Solano CC - Week 2 | H7: 4000 Suisun Valley Rd | I7: Fairfield | J7: CA | K7: 94534 | L7: scott.stover@solano.edu | M7: Scott | N7: Stover | O7: 1601 California Dr Unit B | P7: Vacaville | Q7: CA | R7: 95687 | T7: 707-685-7792 | Z7: 715 | AA7: 718 | AB7: July 15-18 | AC7: 9am-3pm | AJ7: https://ussoftballacademy.com/summer-softball-camp-in-fairfield/ | AO7: X | AP7: X | AS7: Y
A8: X | B8: A-NEW | E8: USBDTRMS1-S | F8: T.R. Miller HS - Week 2 | H8: 1835 Douglas Ave. | I8: Brewton | J8: AL | K8: 36426 | L8: damon@dcbsports.com | M8: Damon & Danielle | N8: Haecker | O8: 107 James St. | P8: Brewton | Q8: AL | R8: 36426 | T8: 407-844-8085 | Z8: 722 | AA8: 725 | AB8: July 22-25 | AC8: 9am-3pm | AJ8: https://ussoftballacademy.com/summer-softball-camp-in-brewton/ | AK8: X | AO8: X | AP8: X | AS8: Y | AU8: =H8&","&" "&I8&","&" "&J8&" "&K8 -> 1835 Douglas Ave., Brewton, AL 36426
A9: X | B9: A-NEW | E9: USBDMDTS-S | F9: USSA Bear | G9: Red Lion Christian Academy | H9: 1390 Red Lion Rd. | I9: Bear | J9: DE | K9: 19701 | L9: allaboutsoftball7@gmail.com | M9: Tim | N9: Wampler | O9: 303 Bank St | P9: Chesapeake City | Q9: MD | R9: 21915 | T9: 302-218-3336 | Z9: 610 | AA9: 613 | AB9: June 10-13 | AC9: 9am-3pm | AJ9: https://ussoftballacademy.com/summer-softball-camp-in-bear/ | AK9: X | AO9: X | AP9: X | AS9: Y | AU9: =H9&","&" "&I9&","&" "&J9&" "&K9 -> 1390 Red Lion Rd., Bear, DE 19701
A10: X | B10: A-NEW | E10: USBDCAMS-S | F10: USSA Camden | G10: Camden-Wyoming Little League | H10: 87 Remus Dr. | I10: Camden | J10: DE | K10: 19934 | L10: allaboutsoftball7@gmail.com | M10: Tim | N10: Wampler | O10: 303 Bank St | P10: Chesapeake City | Q10: MD | R10: 21915 | T10: 302-218-3336 | Z10: 708 | AA10: 711 | AB10: July 8-11 | AC10: 9am-3pm | AJ10: https://ussoftballacademy.com/summer-softball-camp-in-camden/ | AO10: X | AP10: X | AS10: Y
A11: X | B11: A-NEW | E11: USBDSAS-S | F11: USSA Georgetown | G11: The Sussex Academy | H11: 21150 Airport Rd. | I11: Georgetown | J11: DE | K11: 19947 | L11: allaboutsoftball7@gmail.com | M11: Tim | N11: Wampler | O11: 303 Bank St | P11: Chesapeake City | Q11: MD | R11: 21915 | T11: 302-218-3336 | Z11: 715 | AA11: 718 | AB11: July 15-18 | AC11: 9am-3pm | AJ11: https://ussoftballacademy.com/summer-softball-camp-in-georgetown/ | AO11: X | AP11: X | AS11: Y
A12: X | B12: A-NEW | E12: USBDQUES-S | F12: USSA Queens | G12: Padavan-Preller Field | H12: 236-2 Hillside Ave | I12: Queens | J12: NY | K12: 11426 | L12: coachroger09@gmail.com | M12: Roger | N12: Mischel | O12: 19 Forge Lane | P12: Levittown | Q12: NY | R12: 11756 | T12: 347-992-1736 | Z12: 722 | AA12: 725 | AB12: July 22-25 | AC12: 9am-3pm | AJ12: https://ussoftballacademy.com/summer-softball-camp-in-queens/ | AK12: X | AO12: X | AP12: X | AS12: Y
A13: X | B13: A-NEW | E13: USBDRSVS2-S | F13: USSA Roseville - Week 2 | G13: Roseville Jr Sports Complex | H13: 29700 Pinehurst St. | I13: Roseville | J13: MI | K13: 48066 | L13: cliffhowe23@gmail.com | M13: Cliff | N13: Howe | O13: 19138 Colorado St | P13: Roseville | Q13: MI | R13: 48066 | T13: 248-240-4756 | Z13: 722 | AA13: 725 | AB13: July 22-25 | AC13: 9am-3pm | AJ13: https://ussoftballacademy.com/summer-softball-camp-in-roseville/ | AO13: X | AP13: X | AS13: Y | AU13: =H13&","&" "&I13&","&" "&J13&" "&K13 -> 29700 Pinehurst St., Roseville, MI 48066
A14: X | B14: B-NEW | E14: USBDDYS-S | F14: Dysart HS | H14: 11425 N Dysart Rd | I14: El Mirage | J14: AZ | K14: 85335 | L14: bobbrumbaugh602@gmail.com | M14: Bob | N14: Brumbaugh | O14: 13316 W Statler St | P14: Surprise | Q14: AZ | R14: 85374 | T14: 602-706-7052 | Z14: 603 | AA14: 606 | AB14: June 3-6 | AC14: 9am-3pm | AJ14: https://ussoftballacademy.com/summer-softball-camp-in-el-mirage/ | AO14: X | AP14: X | AS14: Y | AU14: =H14&","&" "&I14&","&" "&J14&" "&K14 -> 11425 N Dysart Rd, El Mirage, AZ 85335
A15: X | B15: B-NEW | E15: USBDUSJV1-S | F15: USSA Jacksonville - Week 1 | G15: Bartram Trail HS | H15: 7399 Longleaf Pine Pkwy | I15: St. Johns | J15: FL | K15: 32259 | L15: bernardo.otero@stjohns.k12.fl.us | M15: Bernardo | N15: Otero | O15: 14951 Walden Springs Way Apt 823 | P15: Jacksonville | Q15: FL | R15: 32258 | T15: 904-525-9083 | Z15: 610 | AA15: 613 | AB15: June 10-13 | AC15: 9am-3pm | AE15: 70 | AJ15: https://ussoftballacademy.com/summer-softball-camp-in-jacksonville-st-johns/ | AO15: X | AP15: X | AS15: Y | AU15: =H15&","&" "&I15&","&" "&J15&" "&K15 -> 7399 Longleaf Pine Pkwy, St. Johns, FL 32259
A16: X | B16: B-NEW | E16: USBDUSJV2-S | F16: USSA Jacksonville - Week 2 | G16: Bartram Trail HS | H16: 7399 Longleaf Pine Pkwy | I16: St. Johns | J16: FL | K16: 32259 | L16: bernardo.otero@stjohns.k12.fl.us | M16: Bernardo | N16: Otero | O16: 14951 Walden Springs Way Apt 823 | P16: Jacksonville | Q16: FL | R16: 32258 | T16: 904-525-9083 | Z16: 708 | AA16: 711 | AB16: July 8-11 | AC16: 9am-3pm | AE16: 70 | AJ16: https://ussoftballacademy.com/summer-softball-camp-in-jacksonville-st-johns/ | AO16: X | AP16: X | AS16: Y | AU16: =H16&","&" "&I16&","&" "&J16&" "&K16 -> 7399 Longleaf Pine Pkwy, St. Johns, FL 32259
B17: C-2ND | E17: USBDNPUS-S | F17: North Park University | G17: Holmgren Athletic Complex | H17: 3055 W Foster Ave. | I17: Chicago | J17: IL | K17: 60625 | L17: kanderson5@northpark.edu | M17: Katie | N17: Anderson | O17: 6875 N Northwest HWY 2 C | P17: Chicago | Q17: IL | R17: 60631 | T17: 847-840-7765 | Z17: 617 | AA17: 620 | AB17: June 17-20 | AC17: 9am-3pm | AJ17: https://ussoftballacademy.com/summer-softball-camp-in-chicago/ | AO17: X | AP17: X | AS17: Y | AU17: =H17&","&" "&I17&","&" "&J17&" "&K17 -> 3055 W Foster Ave., Chicago, IL 60625
A18: X | B18: Q-CHUCK | E18: USBDUSPA1S-S | F18: USSA Houston - Week 1 | G18: Frankie Carter Randolph Park | H18: 5150 F.M. 2351 | I18: Friendswood | J18: TX | K18: 77546 | L18: chuckmcelroysports16@yahoo.com | M18: Chuck | N18: McElroy | O18: 238 S Egret Bay Blvd #153 | P18: League City | Q18: TX | R18: 77573 | T18: 832-731-8306 | Z18: 617 | AA18: 620 | AB18: June 17-20 | AC18: 9am-3pm | AJ18: https://ussoftballacademy.com/summer-softball-camp-in-houston/ | AK18: X | AO18: X | AP18: X | AS18: Y
A19: X | B19: U-ERIC | E19: USBDZCUS-S | F19: Concordia University Ann Arbor | H19: 432 Pine Brae St | I19: Ann Arbor | J19: MI | K19: 48105 | L19: crossroadsbaseballseries@gmail.com | M19: Hailey | N19: Cavanagh | Z19: 715 | AA19: 718 | AB19: July 15-18 | AC19: 9am-3pm | AJ19: https://ussoftballacademy.com/summer-softball-camp-in-ann-arbor/ | AK19: X | AO19: X | AP19: X | AS19: Y | AU19: =H19&","&" "&I19&","&" "&J19&" "&K19 -> 432 Pine Brae St, Ann Arbor, MI 48105
A20: X | B20: U-ERIC | E20: USBDZITS-S | F20: Indiana Tech | H20: 377 E Tillman Rd | I20: Fort Wayne | J20: IN | K20: 46816 | L20: crossroadsbaseballseries@gmail.com | M20: Stephanie | N20: Zimny | Z20: 708 | AA20: 711 | AB20: July 8-11 | AC20: 9am-3pm | AJ20: https://ussoftballacademy.com/summer-softball-camp-in-fort-wayne/ | AK20: X | AO20: X | AP20: X | AS20: Y | AU20: =H20&","&" "&I20&","&" "&J20&" "&K20 -> 377 E Tillman Rd, Fort Wayne, IN 46816
A21: X | B21: U-ERIC | E21: USBDZPHS-S | F21: Ridgewood HS | H21: 7500 W. Montrose Ave | I21: Norridge | J21: IL | K21: 60706 | L21: crossroadsbaseballseries@gmail.com | M21: Aaron | N21: Moore | Z21: 722 | AA21: 725 | AB21: July 22-25 | AC21: 9am-3pm | AJ21: https://ussoftballacademy.com/summer-softball-camp-in-norridge/ | AK21: X | AO21: X | AP21: X | AS21: Y | AU21: =H21&","&" "&I21&","&" "&J21&" "&K21 -> 7500 W. Montrose Ave, Norridge, IL 60706
A22: X | B22: U-ERIC | E22: USBDZSHS-S | F22: Sheldon HS | H22: 8333 Kingsbridge Dr. | I22: Sacramento | J22: CA | K22: 95829 | L22: crossroadsbaseballseries@gmail.com | M22: Cheri | N22: Boals | Z22: 729 | AA22: 801 | AB22: July 29-August 1 | AC22: 9am-3pm | AJ22: https://ussoftballacademy.com/summer-softball-camp-in-sacramento/ | AK22: X | AO22: X | AP22: X | AS22: Y
A23: X | B23: U-ERIC | E23: USBDZCPS-S | F23: USSA Crown Point | G23: Great Lakes Sports Hub | H23: 1301 Merrillville Rd | I23: Crown Point | J23: IN | K23: 46307 | L23: crossroadsbaseballseries@gmail.com | bobby@5stargreatlakes.com | M23: Bobby | N23: Morris | T23: 219-677-2183 | Z23: 617 | AA23: 620 | AB23: June 17-20 | AC23: 9am-3pm | AJ23: https://ussoftballacademy.com/summer-softball-camp-in-crown-point/ | AK23: X | AO23: X | AP23: X | AS23: Y | AU23: =H23&","&" "&I23&","&" "&J23&" "&K23 -> 1301 Merrillville Rd, Crown Point, IN 46307
A24: X | B24: U-ERIC | E24: USBDZFSS-S | F24: USSA Fishers | G24: Olio Fields | H24: 14181 126th St | I24: Fishers | J24: IN | K24: 46037 | L24: crossroadsbaseballseries@gmail.com | M24: Casie | N24: Fletcher | Z24: 624 | AA24: 627 | AB24: June 24-27 | AC24: 9am-3pm | AJ24: https://ussoftballacademy.com/summer-softball-camp-in-fishers/ | AK24: X | AO24: X | AP24: X | AS24: Y | AU24: =H24&","&" "&I24&","&" "&J24&" "&K24 -> 14181 126th St, Fishers, IN 46037
A25: X | B25: U-ERIC | E25: USBDZWFS-S | F25: USSA Westfield | G25: Monon Fields | H25: 19400 Tomlinson Rd | I25: Westfield | J25: IN | K25: 46074 | L25: crossroadsbaseballseries@gmail.com | M25: Tori | N25: Heyman | Z25: 722 | AA25: 725 | AB25: July 22-25 | AC25: 9am-3pm | AJ25: https://ussoftballacademy.com/summer-softball-camp-in-westfield/ | AK25: X | AO25: X | AP25: X | AS25: Y | AU25: =H25&","&" "&I25&","&" "&J25&" "&K25 -> 19400 Tomlinson Rd, Westfield, IN 46074
A26: X | B26: V-JAY | E26: USBAWUS-S | F26: USSA Springfield | G26: Wittenberg University | H26: 1291 N. Yellow Springs St. | I26: Springfield | J26: OH | K26: 45503 | L26: jlewiswitt4@gmail.com | M26: Jay | N26: Lewis | O26: 106 Emerald Dr. | P26: St. Paris | Q26: OH | R26: 43072 | T26: 937-631-8339 | Z26: 715 | AA26: 718 | AB26: July 15-18 | AC26: 9am-3pm | AJ26: https://ussoftballacademy.com/summer-softball-camp-in-springfield/ | AO26: X | AP26: X | AS26: Y | AU26: =H26&","&" "&I26&","&" "&J26&" "&K26 -> 1291 N. Yellow Springs St. , Springfield, OH 45503
A27: X | B27: X-ANDRE | E27: USBDCNTS-S | F27: Centennial HS | H27: 5050 Mallory Lane | I27: Franklin | J27: TN | K27: 37067 | L27: margiet907615@gmail.com | M27: Andre | N27: Toliver | O27: 2725 Cato Ridge Dr. | P27: Nashville | Q27: TN | R27: 37218 | T27: 907-382-9104 | Z27: 603 | AA27: 606 | AB27: June 3-6 | AC27: 9am-3pm | AJ27: https://ussoftballacademy.com/summer-softball-camp-in-franklin/ | AK27: X | AO27: X | AP27: X | AS27: Y | AU27: =H27&","&" "&I27&","&" "&J27&" "&K27 -> 5050 Mallory Lane, Franklin, TN 37067
A28: X | B28: X-ANDRE | E28: USBDSEAS-S | F28: USSA Seaford | G28: Nanticoke LL Softball | H28: 101 Little League Drive | I28: Seaford | J28: DE | K28: 19973 | L28: margiet907615@gmail.com | M28: Andre | N28: Toliver | O28: 2725 Cato Ridge Dr. | P28: Nashville | Q28: TN | R28: 37218 | T28: 907-382-9104 | Z28: 610 | AA28: 613 | AB28: June 10-13 | AC28: 9am-3pm | AJ28: https://ussoftballacademy.com/summer-softball-camp-in-seaford/ | AK28: X | AO28: X | AP28: X | AS28: Y | AU28: =H28&","&" "&I28&","&" "&J28&" "&K28 -> 101 Little League Drive, Seaford, DE 19973
A29: X | B29: Z-OUT-FACILITY | E29: USBDBUHS-S | F29: Beaumont United HS | H29: 3443 Fannett Rd. | I29: Beaumont | J29: TX | K29: 77705 | L29: chuckmcelroysports16@yahoo.com | M29: Chuck | N29: McElroy | O29: 238 S Egret Bay Blvd #153 | P29: League City | Q29: TX | R29: 77573 | T29: 832-731-8306 | Z29: 624 | AA29: 627 | AB29: June 24-27 | AC29: 9am-3pm | AJ29: https://ussoftballacademy.com/summer-softball-camp-in-beaumont/ | AK29: X | AO29: X | AP29: X | AS29: Y
A30: X | B30: Z-OUT-FACILITY | E30: USBDJR1S-S | F30: Randle HS - Week 1 | H30: 7600 Koeblen Rd | I30: Richmond | J30: TX | K30: 77469 | L30: chuckmcelroysports16@yahoo.com | M30: Chuck | N30: McElroy | O30: 238 S Egret Bay Blvd #153 | P30: League City | Q30: TX | R30: 77573 | T30: 832-731-8306 | Z30: 617 | AA30: 620 | AB30: June 17-20 | AC30: 9am-3pm | AJ30: https://ussoftballacademy.com/summer-softball-camp-in-richmond/ | AK30: X | AO30: X | AP30: X | AS30: Y
A31: X | B31: Z-OUT-FACILITY | E31: USBDJR2S-S | F31: Randle HS - Week 2 | H31: 7600 Koeblen Rd | I31: Richmond | J31: TX | K31: 77469 | L31: chuckmcelroysports16@yahoo.com | M31: Chuck | N31: McElroy | O31: 238 S Egret Bay Blvd #153 | P31: League City | Q31: TX | R31: 77573 | T31: 832-731-8306 | Z31: 715 | AA31: 718 | AB31: July 15-18 | AC31: 9am-3pm | AJ31: https://ussoftballacademy.com/summer-softball-camp-in-richmond/ | AO31: X | AP31: X | AS31: Y
A32: X | B32: Z-OUT-FACILITY | E32: USBDROYS-S | F32: Royal HS | H32: 34499 Royal Rd. | I32: Brookshire | J32: TX | K32: 77423 | L32: arusso@royal-isd.net | M32: Alicia | N32: Russo-Murrell | O32: 18002 Oakmoss Hill Ct. | P32: Richmond | Q32: TX | R32: 77407 | T32: 832-567-3789 | Z32: 624 | AA32: 627 | AB32: June 24-27 | AC32: 9am-3pm | AJ32: https://ussoftballacademy.com/summer-softball-camp-in-brookshire/ | AO32: X | AP32: X | AS32: Y | AU32: =H32&","&" "&I32&","&" "&J32&" "&K32 -> 34499 Royal Rd., Brookshire, TX 77423
A33: X | B33: Z-OUT-HURRICANE BEYL | E33: USBDUSPA2S-S | F33: USSA Houston - Week 2 | G33: Frankie Carter Randolph Park | H33: 5150 F.M. 2351 | I33: Friendswood | J33: TX | K33: 77546 | L33: chuckmcelroysports16@yahoo.com | M33: Chuck | N33: McElroy | O33: 238 S Egret Bay Blvd #153 | P33: League City | Q33: TX | R33: 77573 | T33: 832-731-8306 | Z33: 708 | AA33: 711 | AB33: July 8-11 | AC33: 9am-3pm | AJ33: https://ussoftballacademy.com/summer-softball-camp-in-houston/ | AO33: X | AP33: X | AS33: Y
A34: X | B34: Z-OUT-LOW ENROLLMENT | E34: USBDBFS-S | F34: Bonners Ferry HS | H34: 6485 Tamarack Ln | I34: Bonners Ferry | J34: ID | K34: 83805 | L34: cynthia.sumpter@mail.bcsd101.com | M34: Cynthia | N34: Sumpter | O34: 188 Old Highway Two Loop | P34: Moyie Springs | Q34: ID | R34: 83845 | T34: 208-304-7274 | Z34: 624 | AA34: 627 | AB34: June 24-27 | AC34: 9am-3pm | AJ34: https://ussoftballacademy.com/summer-softball-camp-in-bonners-ferry/ | AK34: X | AO34: X | AP34: X | AS34: Y | AU34: =H34&","&" "&I34&","&" "&J34&" "&K34 -> 6485 Tamarack Ln, Bonners Ferry, ID 83805
A35: X | B35: Z-OUT-LOW ENROLLMENT | E35: USBDRECS-S | F35: Kaufer Early College HS | H35: 203 Seahawk Dr | I35: Riviera | J35: TX | K35: 78379 | L35: dtorres@rivieraisd.us | M35: Devon | N35: Torres | O35: 724 Santa Clara Dr | P35: Kingsville | Q35: TX | R35: 78363 | T35: 830-352-1839 | Z35: 722 | AA35: 725 | AB35: July 22-25 | AC35: 9am-3pm | AJ35: https://ussoftballacademy.com/summer-softball-camp-in-riviera/ | AK35: X | AO35: X | AP35: X | AS35: Y | AU35: =H35&","&" "&I35&","&" "&J35&" "&K35 -> 203 Seahawk Dr, Riviera, TX 78379
A36: X | B36: Z-OUT-LOW ENROLLMENT | E36: USBDTRMS2-S | F36: T.R. Miller HS - Week 1 | H36: 1835 Douglas Ave. | I36: Brewton | J36: AL | K36: 36426 | L36: damon@dcbsports.com | M36: Damon & Danielle | N36: Haecker | O36: 107 James St. | P36: Brewton | Q36: AL | R36: 36426 | T36: 407-844-8085 | Z36: 708 | AA36: 711 | AB36: July 8-11 | AC36: 9am-3pm | AJ36: https://ussoftballacademy.com/summer-softball-camp-in-brewton/ | AO36: X | AP36: X | AS36: Y | AU36: =H36&","&" "&I36&","&" "&J36&" "&K36 -> 1835 Douglas Ave., Brewton, AL 36426
A37: X | B37: Z-OUT-LOW ENROLLMENT | E37: USBDZBVS1-S | F37: USSA Belville - Week 1 | G37: BEAST North Carolina | H37: 181 Venture Dr. | I37: Belville | J37: NC | K37: 28451 | L37: crossroadsbaseballseries@gmail.com | M37: Ruben | N37: Echavarria | Z37: 617 | AA37: 620 | AB37: June 17-20 | AC37: 9am-3pm | AE37: 30 | AJ37: https://ussoftballacademy.com/summer-softball-camp-in-belville/ | AK37: X | AO37: X | AP37: X | AS37: Y | AU37: =H37&","&" "&I37&","&" "&J37&" "&K37 -> 181 Venture Dr., Belville, NC 28451
A38: X | B38: Z-OUT-LOW ENROLLMENT | E38: USBDZBVS2-S | F38: USSA Belville - Week 2 | G38: BEAST North Carolina | H38: 181 Venture Dr. | I38: Belville | J38: NC | K38: 28451 | L38: crossroadsbaseballseries@gmail.com | M38: Ruben | N38: Echavarria | Z38: 708 | AA38: 711 | AB38: July 8-11 | AC38: 9am-3pm | AE38: 30 | AJ38: https://ussoftballacademy.com/summer-softball-camp-in-belville/ | AO38: X | AP38: X | AS38: Y
A39: X | B39: Z-OUT-LOW ENROLLMENT | E39: USBDZLOS-S | F39: USSA Live Oak | G39: Live Oak League | H39: 10200 O Street | I39: Live Oak | J39: CA | K39: 95953 | L39: crossroadsbaseballseries@gmail.com | M39: Cheri | N39: Boals | Z39: 715 | AA39: 718 | AB39: July 15-18 | AC39: 9am-3pm | AJ39: https://ussoftballacademy.com/summer-softball-camp-in-live-oak/ | AK39: X | AO39: X | AP39: X | AS39: Y
A40: X | B40: Z-OUT-LOW ENROLLMENT | E40: USBDMILLS-S | F40: USSA Millen | G40: Jenkins County Rec Department | H40: 442 Recreation Dr. | I40: Millen | J40: GA | K40: 30442 | L40: natalie25p@gmail.com | M40: Natalie | N40: Mills | O40: 343 Martin Luther King Jr Ave | P40: Millen | Q40: GA | R40: 30442 | T40: 435-210-8713 | Z40: 617 | AA40: 620 | AB40: June 17-20 | AC40: 9am-3pm | AJ40: https://ussoftballacademy.com/summer-softball-camp-in-millen/ | AK40: X | AO40: X | AP40: X | AS40: Y | AU40: =H40&","&" "&I40&","&" "&J40&" "&K40 -> 442 Recreation Dr., Millen, GA 30442
A41: X | B41: Z-OUT-LOW ENROLLMENT | E41: USBDHDGS-S | F41: USSA Perryville | G41: Perryville, MD Camps at Trego Field | H41: 599 Broad St. | I41: Perryville | J41: MD | K41: 21903 | L41: allaboutsoftball7@gmail.com | M41: Tim | N41: Wampler | O41: 555 Hyetts Corner Rd | P41: Middletown | Q41: DE | R41: 19709 | T41: 302-218-3336 | Z41: 729 | AA41: 801 | AB41: July 29-August 1 | AC41: 9am-3pm | AJ41: https://ussoftballacademy.com/summer-softball-camp-in-perryville/ | AO41: X | AP41: X | AS41: Y
A42: X | B42: Z-OUT-LOW ENROLLMENT | E42: USBDRSVS1-S | F42: USSA Roseville - Week 1 | G42: Roseville Jr Sports Complex | H42: 29700 Pinehurst St. | I42: Roseville | J42: MI | K42: 48066 | L42: cliffhowe23@gmail.com | M42: Cliff | N42: Howe | O42: 19138 Colorado St | P42: Roseville | Q42: MI | R42: 48066 | T42: 248-240-4756 | Z42: 708 | AA42: 711 | AB42: July 8-11 | AC42: 9am-3pm | AJ42: https://ussoftballacademy.com/summer-softball-camp-in-roseville/ | AK42: X | AO42: X | AP42: X | AS42: Y | AU42: =H42&","&" "&I42&","&" "&J42&" "&K42 -> 29700 Pinehurst St., Roseville, MI 48066
A43: X | B43: Z-OUT-LOW ENROLLMENT | E43: USBDSBRS-S | F43: USSA Salisbury | G43: Billy Gene Jackson Youth Center | H43: 428 Lake St. | I43: Salisbury | J43: MD | K43: 21801 | L43: allaboutsoftball7@gmail.com | M43: Tim | N43: Wampler | O43: 303 Bank St | P43: Chesapeake City | Q43: MD | R43: 21915 | T43: 302-218-3336 | Z43: 805 | AA43: 808 | AB43: August 5-8 | AC43: 9am-3pm | AJ43: https://ussoftballacademy.com/summer-softball-camp-in-salisbury/ | AO43: X | AP43: X | AS43: Y
A44: X | B44: Z-OUT-LOW ENROLLMENT | E44: USBDTPAS | F44: USSA Tampa | G44: North Lakes Park | H44: 2640 N. Lakeview Dr. | I44: Tampa | J44: FL | K44: 33618 | L44: dejaioliver90@gmail.com | M44: Dejai | N44: Oliver | O44: 7410 Machett Rd | P44: Orlando | Q44: FL | R44: 32809 | T44: 407-947-1881 | Z44: 722 | AA44: 725 | AB44: July 22-25 | AC44: 9am-3pm | AJ44: https://ussoftballacademy.com/summer-softball-camp-in-tampa/ | AO44: X | AP44: X | AS44: Y
A45: X | B45: Z-OUT-LOW ENROLLMENT | E45: USBDWHES-S | F45: Wheaton HS | H45: 12401 Dalewood Dr. | I45: Silver Spring | J45: MD | K45: 20906 | L45: lisa_c_lafond@mcpsmd.org | M45: Lisa | N45: LaFond | O45: 7713 Stanmore Dr | P45: Beltsville | Q45: MD | R45: 20705 | T45: 301-252-0283 | Z45: 624 | AA45: 627 | AB45: June 24-27 | AC45: 9am-3pm | AJ45: https://ussoftballacademy.com/summer-softball-camp-in-silver-spring/ | AK45: X | AO45: X | AP45: X | AS45: Y | AU45: =H45&","&" "&I45&","&" "&J45&" "&K45 -> 12401 Dalewood Dr., Silver Spring, MD 20906
B47: A-NEW | E47: USBDALTS | F47: Altamont HS | H47: 200 W Main St. | I47: Altamont | J47: UT | K47: 84001 | L47: cwoodhouse@dcsd.org | M47: Charles | N47: Woodhouse | O47: HC 65 Box 102 | P47: Mountain Home | Q47: UT | R47: 84051 | T47: 435-322-0273 | Z47: 617 | AA47: 620 | AB47: June 17-20 | AJ47: https://ussoftballacademy.com/summer-softball-camp-in-altamont/ | AO47: X | AP47: X | AS47: Y
B48: Z-OUT-LOW ENROLLMENT | E48: USBDJCS-S | F48: Johnson Creek HS | H48: 455 Atzalan St. | I48: Johnson Creek | J48: WI | K48: 53038 | L48: loganpeot@johnsoncreekschools.org | M48: Logan | N48: Peot | O48: 215 Air Park Dr Apt 7 | P48: Watertown | Q48: WI | R48: 53094 | T48: 920-660-1761 | Z48: 603 | AA48: 606 | AB48: June 3-6 | AC48: 9am-3pm | AJ48: https://ussoftballacademy.com/summer-softball-camp-in-johnson-creek/ | AO48: X | AP48: X | AS48: Y | AU48: =H48&","&" "&I48&","&" "&J48&" "&K48 -> 455 Atzalan St., Johnson Creek, WI 53038 | BG48: | | BI48: | | BK48: |
B49: A-NEW | E49: USBDSDCS | F49: San Diego City College | G49: Morley Field | H49: 2221 Morley Field Dr | I49: San Diego | J49: CA | K49: 92104 | L49: cbrown@sdccd.edu | M49: Chris | N49: Brown | O49: 14809 Presilla Dr | P49: Jamul | Q49: CA | R49: 91935 | T49: 619-212-0928 | Z49: 715 | AA49: 718 | AB49: July 15-18 | AJ49: https://ussoftballacademy.com/summer-softball-camp-in-san-diego/ | AO49: X | AP49: X | AS49: Y | AU49: =H49&","&" "&I49&","&" "&J49&" "&K49 -> 2221 Morley Field Dr, San Diego, CA 92104
